Workbook
Name a: 【選択肢】!$H$3:$H$6
Name A.■か□: 【選択肢】!$A$3:$A$4
Name A.■か□: [1]【選択肢】!$A$3:$A$4
Name A.■か□: [1]【選択肢】!$A$3:$A$4
Name A.■か□: 【選択肢】!$A$3:$A$4
Name A.■か□: [1]【選択肢】!$A$3:$A$4
Name A.■か□: [1]【選択肢】!$A$3:$A$4
Name A.■か□: 【選択肢】!$A$3:$A$4
Name A.■か□: [1]【選択肢】!$A$3:$A$4
Name A.■か□: 【選択肢】!$A$3:$A$4
Name B.○か空白: 【選択肢】!$B$3:$B$4
Name B.○か空白: 【選択肢】!$B$3:$B$4
Name B.○か空白: [1]【選択肢】!$B$3:$B$4
Name B.○か空白: [1]【選択肢】!$B$3:$B$4
Name B.○か空白: 【選択肢】!$B$3:$B$4
Name B.○か空白: [1]【選択肢】!$B$3:$B$4
Name B.○か空白: [1]【選択肢】!$B$3:$B$4
Name B.○か空白: 【選択肢】!$B$3:$B$4
Name B.○か空白: [1]【選択肢】!$B$3:$B$4
Name B.○か空白: 【選択肢】!$B$3:$B$4
Name B.○か空白: 【選択肢】!$B$3:$B$4
Name Ｃ1.計画欄: 【選択肢】!$C$3:$C$4
Name Ｃ1.計画欄: [1]【選択肢】!$C$3:$C$4
Name Ｃ1.計画欄: [1]【選択肢】!$C$3:$C$4
Name Ｃ1.計画欄: 【選択肢】!$C$3:$C$4
Name Ｃ1.計画欄: [1]【選択肢】!$C$3:$C$4
Name Ｃ1.計画欄: [1]【選択肢】!$C$3:$C$4
Name Ｃ1.計画欄: 【選択肢】!$C$3:$C$4
Name Ｃ1.計画欄: [1]【選択肢】!$C$3:$C$4
Name Ｃ1.計画欄: 【選択肢】!$C$3:$C$4
Name Ｃ2.実施欄: 【選択肢】!$C$3:$C$5
Name Ｃ2.実施欄: [1]【選択肢】!$C$3:$C$5
Name Ｃ2.実施欄: [1]【選択肢】!$C$3:$C$5
Name Ｃ2.実施欄: 【選択肢】!$C$3:$C$5
Name Ｃ2.実施欄: [1]【選択肢】!$C$3:$C$5
Name Ｃ2.実施欄: [1]【選択肢】!$C$3:$C$5
Name Ｃ2.実施欄: 【選択肢】!$C$3:$C$5
Name Ｃ2.実施欄: [1]【選択肢】!$C$3:$C$5
Name Ｃ2.実施欄: 【選択肢】!$C$3:$C$5
Name D.農村環境保全活動のテーマ: 【選択肢】!$D$3:$D$7
Name D.農村環境保全活動のテーマ: [1]【選択肢】!$D$3:$D$7
Name D.農村環境保全活動のテーマ: [1]【選択肢】!$D$3:$D$7
Name D.農村環境保全活動のテーマ: 【選択肢】!$D$3:$D$7
Name D.農村環境保全活動のテーマ: [1]【選択肢】!$D$3:$D$7
Name D.農村環境保全活動のテーマ: [1]【選択肢】!$D$3:$D$7
Name D.農村環境保全活動のテーマ: 【選択肢】!$D$3:$D$7
Name D.農村環境保全活動のテーマ: [1]【選択肢】!$D$3:$D$7
Name D.農村環境保全活動のテーマ: 【選択肢】!$D$3:$D$7
Name E.高度な保全活動: 【選択肢】!$E$3:$E$11
Name E.高度な保全活動: [1]【選択肢】!$E$3:$E$11
Name E.高度な保全活動: [1]【選択肢】!$E$3:$E$11
Name E.高度な保全活動: 【選択肢】!$E$3:$E$11
Name E.高度な保全活動: [1]【選択肢】!$E$3:$E$11
Name E.高度な保全活動: [1]【選択肢】!$E$3:$E$11
Name E.高度な保全活動: 【選択肢】!$E$3:$E$11
Name E.高度な保全活動: [1]【選択肢】!$E$3:$E$11
Name E.高度な保全活動: 【選択肢】!$E$3:$E$11
Name F.施設: 【選択肢】!$F$3:$F$5
Name F.施設: [1]【選択肢】!$F$3:$F$5
Name F.施設: [1]【選択肢】!$F$3:$F$5

Sheet はじめに（PC）
A1: ★基本情報入力欄 はじめに太枠内の情報を入力してください。
B2: 都道府県名 | D2: ○○県 | E2: ← 「都道府県」まで記入してください。
B3: 市町村名 | D3: △△市 | E3: ← 「市町村」まで記入してください。
B4: 対象組織名 | D4: あいうえお活動組織
B5: 代表者名 | D5: 多面 太郎
B6: 代表者住所 | D6: ○○県△△市○町○-○-○
A8: ★記入の手順と注意事項（Excelで様式を作成する場合）
B9: ・様式1-1号シートから順番に入力してください。
B10: ・画面下の様式名を選択すると、入力する様式を切り替えることができます。左下の◀▶をクリックすることで、隠れている様式を表示させることができます。
B11: ・活動組織の方が入力するセルには、この色が塗ってあります。
B12: ・この色が塗ってあるセルは自動で入力されますが、自由に入力することもできます。自動入力されたものが間違っている場合は、正しく修正してください。
B13: ・行を追加する際は、一番左にある行番号をクリックして行全体をコピーし、表の最下部の太線より上の位置で行番号を右クリックし「コピーしたセルの挿入」を選択してください。
B14: ・計算式が入っているセルは変更しないでください。自動入力や自動計算ができなくなります。
A16: ★提出書類と各シートの説明
A17: １．事業計画の申請時に提出するもの
B18: シート名 | D18: 提出の必要性 | E18: 書類名
B19: 様式１－１号 | D19: 必須 | E19: 様式第1-1号 多面的機能発揮促進事業に関する計画の認定の申請について
B20: 様式１－２号 | D20: 必須 | E20: 様式第1-2号 多面的機能発揮促進事業に関する計画
B21: 様式１－３号 | D21: 必須 | E21: 様式第1-3号 農業の有する多面的機能の発揮の促進に関する活動計画書
C22: 活動計画書 | D22: 必須 | E22: 様式第1-3号別紙１ 多面的機能支払交付金に係る活動計画書（１号事業様式）
C23: 加算措置 | D23: 必要に応じて | E23: ※加算措置に取り組む場合のみ提出
C24: 位置図 | D24: 必須 | E24: 様式第1-3号別紙１別添１ 実施区域位置図
C25: 田んぼダム位置図 | D25: 必要に応じて | E25: 様式第1-3号別紙１別添３ 田んぼダム実施区域位置図
C26: 構成員一覧 | D26: 必須（どちらかを提出） | E26: 活動組織の規約別紙（構成員一覧）
B27: 別ファイル | E27: 様式第1-3号別紙１別添２ 構成員一覧
B28: 長寿命化整備計画 | D28: 必要に応じて | E28: 様式第1-4号 長寿命化整備計画書
B29: 工事確認書 | D29: 必要に応じて | E29: 様式第1-5号 工事に関する確認書
B30: 別ファイル | D30: 必須 | E30: 別記6-1 活動組織規約 又は別記5-2 広域協定運営委員会規則
A32: ２．実施状況の報告時に提出するもの
B33: シート名 | D33: 提出の必要性 | E33: 書類名
B34: 活動記録 | D34: 必須 | E34: 様式第1-6号 活動記録
B35: 金銭出納簿 | D35: 必須 | E35: 様式第1-7号 金銭出納簿
B36: 報告書 | D36: 必須 | E36: 様式第1-8号 実施状況報告書
C37: 持越金の使用予定表 | D37: 必要に応じて | E37: ※持越金の額が規定以上になる場合のみ提出
A39: ３．取組番号表
B40: シート名 | D40: 提出の必要性 | E40: 内容
B41: 取組番号早見表 | E41: 活動記録に記載する取組の番号早見表
B42: 取組番号表 | E42: 活動記録に記載する取組の番号表（詳細版）
A43: ４．その他のシート（活動組織の方は入力不要です）
B44: シート名 | D44: 提出の必要性 | E44: 内容
B45: 選択肢 | E45: 選択肢のリスト 活動組織の方は、選択肢を変更しないでください。
B46: 市町村用 | E46: 市町村が都道府県に報告する様式
B47: 別記3-1(1) | E47: 市町村の確認用様式
B48: 別記3-1(2) | E48: 市町村の確認用様式
B49: 別記3-1(3) | E49: 市町村の確認用様式
B50: 市町村コード | E50: 集計用の市町村コード一覧表

Sheet はじめに (手書き)
A1: ★注意事項（手書きで様式を作成する場合）
B2: ・画面下の様式名を選択すると、入力する様式を切り替えることができます。 左下の◀▶をクリックすることで、隠れている様式を表示させることができます。
B3: ・色が塗られているマスがありますが、これはパソコンで作成する方向けの目印です。 色にかかわらず、必要な項目を記入してください。
A4: ★提出書類と各シートの説明
A5: １．事業計画の申請時に提出するもの
B6: シート名 | D6: 提出の必要性 | E6: 書類名
B7: 様式１－１号 | D7: 必須 | E7: 様式第1-1号 多面的機能発揮促進事業に関する計画の認定の申請について
B8: 様式１－２号 | D8: 必須 | E8: 様式第1-2号 多面的機能発揮促進事業に関する計画
B9: 様式１－３号 | D9: 必須 | E9: 様式第1-3号 農業の有する多面的機能の発揮の促進に関する活動計画書
C10: 活動計画書 | D10: 必須 | E10: 様式第1-3号別紙１ 多面的機能支払交付金に係る活動計画書（１号事業様式）
C11: 加算措置 | D11: 必要に応じて | E11: ※加算措置に取り組む場合のみ提出
C12: 位置図 | D12: 必須 | E12: 様式第1-3号別紙１別添１ 実施区域位置図
C13: 田んぼダム位置図 | D13: 必要に応じて | E13: 様式第1-3号別紙１別添３ 田んぼダム実施区域位置図
C14: 構成員一覧 | D14: 必須（どちらかを提出） | E14: 活動組織の規約別紙（構成員一覧）
B15: 別ファイル | E15: 様式第1-3号別紙１別添２ 構成員一覧
B16: 長寿命化整備計画 | D16: 必要に応じて | E16: 様式第1-4号 長寿命化整備計画書
B17: 工事確認書 | D17: 必要に応じて | E17: 様式第1-5号 工事に関する確認書
B18: 別ファイル | D18: 必須 | E18: 別記6-1 活動組織規約 又は別記5-2 広域協定運営委員会規則
A20: ２．実施状況の報告時に提出するもの
B21: シート名 | D21: 提出の必要性 | E21: 書類名
B22: 活動記録 | D22: 必須に応じて | E22: 様式第1-6号 活動記録 ※農地維持支払のみに取り組む場合、提出不要
B23: 金銭出納簿 | D23: 必須 | E23: 様式第1-7号 金銭出納簿
B24: 報告書 | D24: 必須 | E24: 様式第1-8号 実施状況報告書
C25: 持越金の使用予定表 | D25: 必要に応じて | E25: ※持越金の額が規定以上になる場合のみ提出
A27: ３．取組番号表
B28: シート名 | D28: 提出の必要性 | E28: 内容
B29: 取組番号早見表 | E29: 活動記録に記載する取組の番号早見表
B30: 取組番号表 | E30: 活動記録に記載する取組の番号表（詳細版）

Sheet 様式第1-1号
A1: （様式第１－１号） | AD1: 〇
A2: 【活動組織から市町村に提出するもの】 | E2: 農林水産省様式
E3: ○年○月○日
A4: ='はじめに（PC）'!D3 -> △△市 | D4: 長 殿
E6: ='はじめに（PC）'!D4&"" -> あいうえお活動組織
E7: ='はじめに（PC）'!D5&"" -> 多面 太郎
B10: 多面的機能発揮促進事業に関する計画の認定の申請について
A12: このことについて、農業の有する多面的機能の発揮の促進に関する法律（平成26年法律第78号）第７条第１項の規定に基づき、下記関係書類を添えて認定を申請する。
A14: 記
B15: １ 事業計画
B17: ２ 農業の有する多面的機能の発揮の促進に関する活動計画書
C18: □ | D18: １号事業（多面的機能支払交付金）
C19: □ | D19: ２号事業（中山間地域等直接支払交付金）
C20: □ | D20: ３号事業（環境保全型農業直接支払交付金）
B22: ３ その他
C23: □ | D23: 都道府県の同意書の写し（都道府県営土地改良施設の管理）

Sheet 【記入例】様式第1-1号
A1: （様式第１－１号） | AD1: 〇
A2: 【活動組織から市町村に提出するもの】 | E2: 農林水産省様式
E3: ○年○月○日
A4: ='はじめに（PC）'!D3 -> △△市 | D4: 長 殿
E6: ='はじめに（PC）'!D4&"" -> あいうえお活動組織
E7: ='はじめに（PC）'!D5&"" -> 多面 太郎
B10: 多面的機能発揮促進事業に関する計画の認定の申請について
A12: このことについて、農業の有する多面的機能の発揮の促進に関する法律（平成26年法律第78号）第７条第１項の規定に基づき、下記関係書類を添えて認定を申請する。
A14: 記
B15: １ 事業計画
B17: ２ 農業の有する多面的機能の発揮の促進に関する活動計画書
C18: ■ | D18: １号事業（多面的機能支払交付金）
C19: □ | D19: ２号事業（中山間地域等直接支払交付金）
C20: □ | D20: ３号事業（環境保全型農業直接支払交付金）
B22: ３ その他
C23: □ | D23: 都道府県の同意書の写し（都道府県営土地改良施設の管理）

Sheet データ取込シート_様式第1-1号
A1: 都道府県の同意書の写し（都道府県営土地改良施設の管理）
A2: =IF('様式第1-1号'!C23="■","true","false") -> false

Sheet 様式第1-2号
A1: （様式第１－２号）
A2: 【活動組織から市町村に提出するもの】
G3: 農林水産省様式
A4: 多面的機能発揮促進事業に関する計画
F6: ='様式第1-1号'!E3 -> ○年○月○日
F7: ='はじめに（PC）'!D4&"" -> あいうえお活動組織
A9: １ 多面的機能発揮促進事業の目標
A10: １．現況
A12: ２．目標
A14: ２ 多面的機能発揮促進事業の内容
A15: （１）多面的機能発揮促進事業の種類及び実施区域
A16: ① 種類（実施するものに○を付すこと。）
C17: １号事業（多面的機能支払交付金）
E18: 農業の有する多面的機能の発揮の促進に関する法律（平成26年法律第78号。以下「法」という。）第３条第３項第１号イに掲げる施設の維持その他の主として当該施設の機能の保持を図る活動（以下「イの活動」という。） （農地維持支払交付金）
E20: 法第３条第３項第１号ロに掲げる施設の改良その他の主として当該施設の機能の増進を図る活動（以下「ロの活動」という。） （資源向上支払交付金）
D22: ２号事業（中山間地域等直接支払交付金）
D23: ３号事業（環境保全型農業直接支払交付金）
D24: ４号事業（その他農業の有する多面的機能の発揮の促進に資する事業）
A26: ② 実施区域
A29: （２）活動の内容等
A30: ① １号事業
A31: １）事業に係る施設の所在及び施設の種類、活動の別
A34: ２）活動の内容
A39: ３ 多面的機能発揮促進事業の実施期間
A42: ４ 農業者団体等の構成員に係る事項
A46: ＜施行注意＞
B47: 記入内容が様式第１－３号と重複する場合は、「２（１）②実施区域」、「２（２）活動の内容等」、「３ 多面的機能発揮促進事業の実施期間」及び「４ 農業者団体等の構成員に係る事項」の記入を省略することも可能とする。

Sheet 【記入例】様式第1-2号
A1: （様式第１－２号）
A2: 【活動組織から市町村に提出するもの】
G3: 農林水産省様式
A4: 多面的機能発揮促進事業に関する計画
F6: ='様式第1-1号'!E3 -> ○年○月○日
F7: ='はじめに（PC）'!D4&"" -> あいうえお活動組織
A9: １ 多面的機能発揮促進事業の目標
A10: １．現況
B11: テスト１
A12: ２．目標
B13: テスト２
A14: ２ 多面的機能発揮促進事業の内容
A15: （１）多面的機能発揮促進事業の種類及び実施区域
A16: ① 種類（実施するものに○を付すこと。）
C17: １号事業（多面的機能支払交付金）
D18: ○ | E18: 農業の有する多面的機能の発揮の促進に関する法律（平成26年法律第78号。以下「法」という。）第３条第３項第１号イに掲げる施設の維持その他の主として当該施設の機能の保持を図る活動（以下「イの活動」という。） （農地維持支払交付金）
D20: ○ | E20: 法第３条第３項第１号ロに掲げる施設の改良その他の主として当該施設の機能の増進を図る活動（以下「ロの活動」という。） （資源向上支払交付金）
D22: ２号事業（中山間地域等直接支払交付金）
D23: ３号事業（環境保全型農業直接支払交付金）
D24: ４号事業（その他農業の有する多面的機能の発揮の促進に資する事業）
A26: ② 実施区域
C27: （例）農業の有する多面的機能の発揮の促進に関する活動計画書（以下「活動計画書」という。）「（別添１）実施区域位置図」のとおり。
A29: （２）活動の内容等
A30: ① １号事業
A31: １）事業に係る施設の所在及び施設の種類、活動の別
C32: （例） 活動計画書「Ⅰ．地区の概要」の「１．活動期間」及び「２．実施区域内の農用地、施設」並びに「（別添１）実施区域位置図」のとおり。
A34: ２）活動の内容
C35: （例） イ イの活動 活動計画書「３．活動の計画」の「（１）農地維持支払」に記載のとおり。 ロ ロの活動 活動計画書「３．活動の計画」の「（２）資源向上支払（共同）」及び「（３）資源向上支払（長寿命化）」に記載のとおり。
A39: ３ 多面的機能発揮促進事業の実施期間
C40: （例）活動計画書「Ⅰ．地区の概要」の「１．活動期間」のとおり。
A42: ４ 農業者団体等の構成員に係る事項
C43: （例）「（別添２）構成員一覧」に記載のとおり。多面的機能支払交付金実施要領「別記６－１活動組織規約」の「（別紙）構成員一覧」に代えることもできる。
A46: ＜施行注意＞
B47: 記入内容が様式第１－３号と重複する場合は、「２（１）②実施区域」、「２（２）活動の内容等」、「３ 多面的機能発揮促進事業の実施期間」及び「４ 農業者団体等の構成員に係る事項」の記入を省略することも可能とする。

Sheet データ取込シート_様式第1-2号
A1: １．現状 | B1: ２．目標 | C1: １号事業 １ | D1: １号事業 ２ | E1: ２号事業 | F1: ３号事業 | G1: ４号事業 | H1: ②実施区域 | I1: １）事業に係る施設～ | J1: ２）活動の内容 | K1: ３ 多面的機能発揮促進事業の実施期間 | L1: ４ 農業者団体等の構成員に係る事項
A2: =IF('様式第1-2号'!B11<>"",'様式第1-2号'!B11,"") | B2: =IF('様式第1-2号'!B13<>"",'様式第1-2号'!B13,"") | C2: =IF('様式第1-2号'!D18="○","true","false") -> false | D2: =IF('様式第1-2号'!D20="○","true","false") -> false | E2: =IF('様式第1-2号'!C22="○","true","false") -> false | F2: =IF('様式第1-2号'!C23="○","true","false") -> false | G2: =IF('様式第1-2号'!C24="○","true","false") -> false | H2: =IF('様式第1-2号'!C27<>"",'様式第1-2号'!C27,"") | I2: =IF('様式第1-2号'!C32<>"",'様式第1-2号'!C32,"") | J2: =IF('様式第1-2号'!C35<>"",'様式第1-2号'!C35,"") | K2: =IF('様式第1-2号'!C40<>"",'様式第1-2号'!C40,"") | L2: =IF('様式第1-2号'!C43<>"",'様式第1-2号'!C43,"")

Sheet 様式第1-3号
A1: （様式第１－３号）
A2: 【活動組織から市町村に提出するもの】 | N2: 農林水産省様式
M3: ='様式第1-1号'!E3 -> ○年○月○日
B4: 農業の有する多面的機能の発揮の促進に関する活動計画書 （多面的機能支払に係る活動計画書、中山間地域等直接支払に係る集落協定、 環境保全型農業直接支払に係る営農活動計画書）
D6: （ふりがな） | F6: （あいうえおかつどうそしき）
D7: 組織名 | F7: ='はじめに（PC）'!D4&"" -> あいうえお活動組織
D9: （ふりがな） | F9: （ためん たろう）
D10: 代表者氏名 | F10: ='はじめに（PC）'!D5&"" -> 多面 太郎
D12: （ふりがな） | F12: （まるけんさんかくしまるちょう）
D13: 所在地 | F13: ='はじめに（PC）'!D6&"" -> ○○県△△市○町○-○-○
D16: Ⅰ． | E16: 地区の概要（共通）
D18: ＜活動の計画＞
D19: □ | E19: Ⅱ． １号事業（多面的機能支払） | M19: 別紙１
D20: □ | E20: Ⅲ． ２号事業（中山間地域等直接支払） | M20: 別紙
D21: □ | E21: Ⅳ． ３号事業（環境保全型農業直接支払） | M21: 別紙
D22: □ | E22: Ⅴ． その他多面的機能の発揮の促進に資する事業に係る計画書 | M22: 別紙
D23: （注）該当する活動にチェックし、取り組む活動の別紙のみ添付すること
C25: ＜施行注意＞
C26: 提出の際に（ ）内は、多面的機能支払に係る活動計画書、中山間地域等直接支払に係る集落協定、環境保全型農業直接支払に係る営農活動計画書のうち該当する活動の計画書若しくは協定を記載すること。
A27: Ⅰ．地区の概要
B28: ※ 以下、（多面的機能支払、中山間地域等直接支払、環境保全型農業直接支払）をそれぞれ（多面支払、中山間直払、環境直払）と一部で表示
B29: １．活動期間
D30: 活動開始年度 | F30: 活動終了年度 | H30: 交付金の 交付年数 | J30: 計画変更年度 | L30: 計画変更年度
B31: 農地維持支払
B33: 資源向上支払（共同）
B35: 資源向上支払（長寿命化）
B37: 中山間地域等 直接支払
B39: 環境保全型農業直接支払
B41: ２．実施区域内の農用地、施設
B42: 協定農用地面積 又は認定農用地面積※１ | L42: 計 | M42: うち遊休 農地面積 | N42: 年当たり 交付金額 上限
D43: 田 | F43: 畑 | H43: 草地 | J43: 採草放牧地
C44: 多面 支払 | L44: =SUM(D44,F44,H44) -> 0
D45: 0 | F45: 0 | H45: 0 | L45: =SUM(D45:I45) -> 0 | M45: 0 | N45: =SUM(活動計画書!I16,活動計画書!I28,加算措置!I13,加算措置!I39,加算措置!I71,加算措置!O101)+IF(活動計画書!V38="○",MIN(活動計画書!S40,活動計画書!I40),活動計画書!I40)+IFERROR(VLOOKUP("○",加算措置!I76:P78,5,FALSE),0) -> 0
C46: 中山間 直払 | L46: =SUM(D46:K46) -> 0
D47: 0 | F47: 0 | H47: 0 | J47: 0 | L47: =SUM(D47:J47) -> 0 | M47: 0 | N47: 0
D48: 傾斜 | F48: 傾斜 | H48: 傾斜 | J48: 傾斜
B50: 取組面積 | C50: 環境 直払※２ | D50: 0
D51: 0 | N51: 0
B52: ※１ 多面支払の認定農用地面積は、集落が管理する農用地面積を記載する。 ※２ 環境直払に取り組む場合は、Ⅳの４の交付金額の取組面積の合計及び年当たり交付金額上限の合計 を記載するものとする。
B53: 農業用施設 （多面支払） | F53: 水路 | H53: 農道 | J53: ため池
F55: 0 | H55: 0 | J55: 0
C56: うち、資源向上支払 （長寿命化）の対象施設
F57: 0 | H57: 0 | J57: 0
B58: ※ 延長は、小数点以下第１位まで記入する。
B59: ３．実施区域位置図
B60: 別添１「実施区域位置図」のとおり
B61: ４．組織構成員一覧
B62: 別添２「構成員一覧」のとおり ※ 多面支払のみに取り組む場合は、活動組織規約の別紙「構成員一覧」に代えることができる。
B63: ５．多面的機能支払と中山間地域等直接支払との重複面積
B64: 重複面積 （多面支払・中山間直払）
B65: =L44+L46-D65 -> 0
B66: 0
B67: ※ 多面支払の活動計画書及び中山間直払の集落協定に位置づけられている施設等については、多面支払の 活動組織により活動を実施し、また、多面支払の交付金を充てることとする。
B68: ＜施行注意＞
B69: 計画書の変更の際には、容易に比較対照できるよう変更部分を二段書きとし、変更前を（ ）書で上段に 記載するものとする。

Sheet 【記入例】様式第1-3号
A1: （様式第１－３号）
A2: 【活動組織から市町村に提出するもの】 | N2: 農林水産省様式
M3: ='様式第1-1号'!E3 -> ○年○月○日
B4: 農業の有する多面的機能の発揮の促進に関する活動計画書 （多面的機能支払に係る活動計画書、中山間地域等直接支払に係る集落協定、 環境保全型農業直接支払に係る営農活動計画書）
D6: （ふりがな） | F6: （あいうえおかつどうそしき）
D7: 組織名 | F7: ='はじめに（PC）'!D4&"" -> あいうえお活動組織
D9: （ふりがな） | F9: （ためん たろう）
D10: 代表者氏名 | F10: ='はじめに（PC）'!D5&"" -> 多面 太郎
D12: （ふりがな） | F12: （まるけんさんかくしまるちょう）
D13: 所在地 | F13: ='はじめに（PC）'!D6&"" -> ○○県△△市○町○-○-○
D16: Ⅰ． | E16: 地区の概要（共通）
D18: ＜活動の計画＞
D19: ■ | E19: Ⅱ． １号事業（多面的機能支払） | M19: 別紙１
D20: □ | E20: Ⅲ． ２号事業（中山間地域等直接支払） | M20: 別紙
D21: □ | E21: Ⅳ． ３号事業（環境保全型農業直接支払） | M21: 別紙
D22: □ | E22: Ⅴ． その他多面的機能の発揮の促進に資する事業に係る計画書 | M22: 別紙
D23: （注）該当する活動にチェックし、取り組む活動の別紙のみ添付すること
C25: ＜施行注意＞
C26: 提出の際に（ ）内は、多面的機能支払に係る活動計画書、中山間地域等直接支払に係る集落協定、環境保全型農業直接支払に係る営農活動計画書のうち該当する活動の計画書若しくは協定を記載すること。
A27: Ⅰ．地区の概要
B28: ※ 以下、（多面的機能支払、中山間地域等直接支払、環境保全型農業直接支払）をそれぞれ（多面支払、中山間直払、環境直払）と一部で表示
B29: １．活動期間
D30: 活動開始年度 | F30: 活動終了年度 | H30: 交付金の 交付年数 | J30: 計画変更年度 | L30: 計画変更年度
B31: 農地維持支払
D32: 2022 | F32: 2026 | H32: 5 | J32: 2023 | L32: 2024
B33: 資源向上支払（共同）
D34: 2022 | F34: 2026 | H34: 5 | J34: 2023 | L34: 2024
B35: 資源向上支払（長寿命化）
D36: 2022 | F36: 2026 | H36: 5 | J36: 2023 | L36: 2024
B37: 中山間地域等 直接支払
D38: 2022 | F38: 2026 | H38: 5 | J38: 2023 | L38: 2024
B39: 環境保全型農業直接支払
D40: 2022 | F40: 2026 | H40: 5 | J40: 2023 | L40: 2024
B41: ２．実施区域内の農用地、施設
B42: 協定農用地面積 又は認定農用地面積※１ | L42: 計 | M42: うち遊休 農地面積 | N42: 年当たり 交付金額 上限
D43: 田 | F43: 畑 | H43: 草地 | J43: 採草放牧地
C44: 多面 支払 | L44: =SUM(D44,F44,H44) -> 0
D45: 10000 | F45: 1000 | H45: 100 | L45: =SUM(D45:I45) -> 11100 | M45: 10 | N45: =SUM(活動計画書!I16,活動計画書!I28,加算措置!I13,加算措置!I39,加算措置!I71,加算措置!O101)+IF(活動計画書!V38="○",MIN(活動計画書!S40,活動計画書!I40),活動計画書!I40)+IFERROR(VLOOKUP("○",加算措置!I76:P78,5,FALSE),0) -> 0
C46: 中山間 直払 | L46: =SUM(D46:K46) -> 0
D47: 0 | F47: 0 | H47: 0 | J47: 0 | L47: =SUM(D47:J47) -> 0 | M47: 0 | N47: 0
D48: 傾斜 | F48: 傾斜 | H48: 傾斜 | J48: 傾斜
B50: 取組面積 | C50: 環境 直払※２ | D50: 0
D51: 0 | N51: 0
B52: ※１ 多面支払の認定農用地面積は、集落が管理する農用地面積を記載する。 ※２ 環境直払に取り組む場合は、Ⅳの４の交付金額の取組面積の合計及び年当たり交付金額上限の合計 を記載するものとする。
B53: 農業用施設 （多面支払） | F53: 水路 | H53: 農道 | J53: ため池
F55: 8.2 | H55: 7.5 | J55: 5
C56: うち、資源向上支払 （長寿命化）の対象施設
F57: 0.3 | H57: 1.5 | J57: 3
B58: ※ 延長は、小数点以下第１位まで記入する。
B59: ３．実施区域位置図
B60: 別添１「実施区域位置図」のとおり
B61: ４．組織構成員一覧
B62: 別添２「構成員一覧」のとおり ※ 多面支払のみに取り組む場合は、活動組織規約の別紙「構成員一覧」に代えることができる。
B63: ５．多面的機能支払と中山間地域等直接支払との重複面積
B64: 重複面積 （多面支払・中山間直払）
B65: =L44+L46-D65 -> 0
B66: 100
B67: ※ 多面支払の活動計画書及び中山間直払の集落協定に位置づけられている施設等については、多面支払の 活動組織により活動を実施し、また、多面支払の交付金を充てることとする。
B68: ＜施行注意＞
B69: 計画書の変更の際には、容易に比較対照できるよう変更部分を二段書きとし、変更前を（ ）書で上段に 記載するものとする。

Sheet データ取込シート_様式第1-3号
A1: 多面的事業の種類 | B1: 活動開始年度 | C1: 活動終了年度 | D1: 交付金の交付年数 | E1: 計画変更年度 | F1: 計画変更年度 | G1: 田 | H1: 畑 | I1: 草地 | J1: うち遊休農地面積 | K1: 田 | L1: 田傾斜 | M1: 畑 | N1: 畑傾斜 | O1: 草地 | P1: 草地傾斜 | Q1: 採草放牧地 | R1: 採草放牧地傾斜 | S1: うち遊休農地面積 | T1: 年当たり交付金額上限 | U1: 取組面積 | V1: 年当たり交付金額上限 | W1: 水路 | X1: 水路：うち資源向上支払（長寿命化）対象施設 | Y1: 農道 | Z1: 農道：うち資源向上支払（長寿命化）対象施設 | AA1: ため池 | AB1: ため池：うち資源向上支払（長寿命化）対象施設 | AC1: 重複面積
A2: 農地維持支払 | B2: =IF('様式第1-3号'!D32<>"",'様式第1-3号'!D32,"") | C2: =IF('様式第1-3号'!F32<>"",'様式第1-3号'!F32,"") | D2: =IF('様式第1-3号'!H32<>"",'様式第1-3号'!H32,"") | E2: =IF('様式第1-3号'!J32<>"",'様式第1-3号'!J32,"") | F2: =IF('様式第1-3号'!L32<>"",'様式第1-3号'!L32,"") | G2: =IF('様式第1-3号'!D45<>"",'様式第1-3号'!D45,"") -> 0 | H2: =IF('様式第1-3号'!F45<>"",'様式第1-3号'!F45,"") -> 0 | I2: =IF('様式第1-3号'!H45<>"",'様式第1-3号'!H45,"") -> 0 | J2: =IF('様式第1-3号'!M45<>"",'様式第1-3号'!M45,"") -> 0 | K2: =IF('様式第1-3号'!D47<>"",'様式第1-3号'!D47,"") -> 0 | L2: =IF('様式第1-3号'!E49<>"",'様式第1-3号'!E49,"") | M2: =IF('様式第1-3号'!F47<>"",'様式第1-3号'!F47,"") -> 0 | N2: =IF('様式第1-3号'!G49<>"",'様式第1-3号'!G49,"") | O2: =IF('様式第1-3号'!H47<>"",'様式第1-3号'!H47,"") -> 0 | P2: =IF('様式第1-3号'!I49<>"",'様式第1-3号'!I49,"") | Q2: =IF('様式第1-3号'!J47<>"",'様式第1-3号'!J47,"") -> 0 | R2: =IF('様式第1-3号'!K49<>"",'様式第1-3号'!K49,"") | S2: =IF('様式第1-3号'!M47<>"",'様式第1-3号'!M47,"") -> 0 | T2: =IF('様式第1-3号'!N47<>"",'様式第1-3号'!N47,"") -> 0 | U2: =IF('様式第1-3号'!D51<>"",'様式第1-3号'!D51,"") -> 0 | V2: =IF('様式第1-3号'!N51<>"",'様式第1-3号'!N51,"") -> 0 | W2: =IF('様式第1-3号'!F55<>"",'様式第1-3号'!F55,"") -> 0 | X2: =IF('様式第1-3号'!F57<>"",'様式第1-3号'!F57,"") -> 0 | Y2: =IF('様式第1-3号'!H57<>"",'様式第1-3号'!H57,"") -> 0 | Z2: =IF('様式第1-3号'!H57<>"",'様式第1-3号'!H57,"") -> 0 | AA2: =IF('様式第1-3号'!J55<>"",'様式第1-3号'!J55,"") -> 0 | AB2: =IF('様式第1-3号'!J57<>"",'様式第1-3号'!J57,"") -> 0 | AC2: =IF('様式第1-3号'!B66<>"",'様式第1-3号'!B66,"") -> 0
A3: 資源向上支払（共同） | B3: =IF('様式第1-3号'!D34<>"",'様式第1-3号'!D34,"") | C3: =IF('様式第1-3号'!F34<>"",'様式第1-3号'!F34,"") | D3: =IF('様式第1-3号'!H34<>"",'様式第1-3号'!H34,"") | E3: =IF('様式第1-3号'!J34<>"",'様式第1-3号'!J34,"") | F3: =IF('様式第1-3号'!L34<>"",'様式第1-3号'!L34,"")
A4: 資源向上支払（長寿命化） | B4: =IF('様式第1-3号'!D36<>"",'様式第1-3号'!D36,"") | C4: =IF('様式第1-3号'!F36<>"",'様式第1-3号'!F36,"") | D4: =IF('様式第1-3号'!H36<>"",'様式第1-3号'!H36,"") | E4: =IF('様式第1-3号'!J36<>"",'様式第1-3号'!J36,"") | F4: =IF('様式第1-3号'!L36<>"",'様式第1-3号'!L36,"")
A5: 中山間地域等直接支払 | B5: =IF('様式第1-3号'!D38<>"",'様式第1-3号'!D38,"") | C5: =IF('様式第1-3号'!F38<>"",'様式第1-3号'!F38,"") | D5: =IF('様式第1-3号'!H38<>"",'様式第1-3号'!H38,"") | E5: =IF('様式第1-3号'!J38<>"",'様式第1-3号'!J38,"") | F5: =IF('様式第1-3号'!L38<>"",'様式第1-3号'!L38,"")
A6: 環境保全型農業直接支払 | B6: =IF('様式第1-3号'!D40<>"",'様式第1-3号'!D40,"") | C6: =IF('様式第1-3号'!F40<>"",'様式第1-3号'!F40,"") | D6: =IF('様式第1-3号'!H40<>"",'様式第1-3号'!H40,"") | E6: =IF('様式第1-3号'!J40<>"",'様式第1-3号'!J40,"") | F6: =IF('様式第1-3号'!L40<>"",'様式第1-3号'!L40,"")

Sheet 活動計画書
V1: （別紙1）
B2: 多面的機能支払に係る活動計画書（1号事業様式）
A3: Ⅱ． １号事業（多面的機能支払）
B4: 対象組織が広域活動組織の場合は○ | J4: ⇒
A5: １．交付金額 | F5: ※複数の交付単価がある場合には、行を追加してください。
A6: （１）農地維持支払
B7: 地目 | C7: 対象農用地面積 | F7: 交付単価 | I7: 年当たり交付金額 | N7: ※対象農用地面積とは、交付金の算定の対象となる農用地の面積のことです。小数点以下を切り捨て、整数で記入してください。
B8: 田 | I8: =ROUNDDOWN((INT(C8)*F8/10),0) -> 0
C9: 0 | F9: 0 | H9: 円/10a | I9: =ROUNDDOWN((INT(C9)*F9/10),0) -> 0
B10: 畑 | I10: =ROUNDDOWN((INT(C10)*F10/10),0) -> 0 | N10: ★活動期間中に、田から畑への地目の変更が生じた場合は下記に記入し、市町村に提出してください。農地維持支払の単価が活動終了年度まで田の単価となります。
C11: 0 | F11: 0 | H11: 円/10a | I11: =ROUNDDOWN((INT(C11)*F11/10),0) -> 0
B12: 草地 | I12: =ROUNDDOWN((INT(C12)*F12/10),0) -> 0
C13: 0 | F13: 0 | H13: 円/10a | I13: =ROUNDDOWN((INT(C13)*F13/10),0) -> 0
B14: この線より上に行を挿入してください。 | N14: 地目を田から畑に変更する面積 | U14: 0
B15: 合計 | C15: =INT(SUM(C8,C10,C12)) -> 0 | I15: =SUM(I8,I10,I12) -> 0
C16: =INT(SUM(C9,C11,C13)) -> 0 | I16: =SUM(I9,I11,I13) -> 0
A18: （２）資源向上支払（共同）
B19: 地目 | C19: 対象農用地面積 | F19: 交付単価 | I19: 年当たり交付金額 | N19: ※交付単価は以下①、②への取組状況によって単価が異なりますので、乗じた額を記入してください。
B20: 田 | I20: =ROUNDDOWN((INT(C20)*F20/10),0) -> 0
C21: 0 | F21: 0 | H21: 円/10a | I21: =ROUNDDOWN((INT(C21)*F21/10),0) -> 0 | N21: ①多面的機能の増進活動に取り組む ②資源向上支払（共同）を５年以上実施、又は資源向上支払（長寿命化）に取り組む
B22: 畑 | I22: =ROUNDDOWN((INT(C22)*F22/10),0) -> 0
C23: 0 | F23: 0 | H23: 円/10a | I23: =ROUNDDOWN((INT(C23)*F23/10),0) -> 0
B24: 草地 | I24: =ROUNDDOWN((INT(C24)*F24/10),0) -> 0
C25: 0 | F25: 0 | H25: 円/10a | I25: =ROUNDDOWN((INT(C25)*F25/10),0) -> 0 | N25: ①②に該当 ⇒単価に0.75を乗ずる ①のみ該当 ⇒単価の修正なし ②のみ該当 ⇒単価に0.625を乗ずる ①②に該当しない⇒単価に5/6を乗ずる
B26: この線より上に行を挿入してください。
B27: 合計 | C27: =INT(SUM(C20+C22+C24)) -> 0 | I27: =SUM(I20,I22,I24) -> 0
C28: =INT(SUM(C21,C23,C25)) -> 0 | I28: =SUM(I21,I23,I25) -> 0
A30: （３）資源向上支払（長寿命化）
B31: 地目 | C31: 対象農用地面積 | F31: 交付単価 | I31: 年当たり交付上限額 | N31: ※広域活動組織となるための規模要件を満たさない場合、かつ直営施工を実施しない場合は、単価に5/6を乗じた額を記入してください。
B32: 田 | I32: =ROUNDDOWN((INT(C32)*F32/10),0) -> 0
C33: 0 | F33: 0 | H33: 円/10a | I33: =ROUNDDOWN((INT(C33)*F33/10),0) -> 0
B34: 畑 | I34: =ROUNDDOWN((INT(C34)*F34/10),0) -> 0
C35: 0 | F35: 0 | H35: 円/10a | I35: =ROUNDDOWN((INT(C35)*F35/10),0) -> 0 | N35: ※広域活動組織となるための規模要件を満たさない場合は、左記合計と集落数×200万円のいずれか小さい方が上限となります。
B36: 草地 | I36: =ROUNDDOWN((INT(C36)*F36/10),0) -> 0
C37: 0 | F37: 0 | H37: 円/10a | I37: =ROUNDDOWN((INT(C37)*F37/10),0) -> 0
B38: この線より上に行を挿入してください。 | N38: 広域活動組織となるための規模要件を満たさない場合は○ | U38: ⇒
B39: 合計 | C39: =INT(SUM(C32,C34,C36)) -> 0 | I39: =SUM(I32,I34,I36) -> 0
C40: =INT(SUM(C33,C35,C37)) -> 0 | I40: =SUM(I33,I35,I37) -> 0 | N40: 集落数×200万円 | S40: =IF(V38="○",E47*2000000,0) -> 0
A42: ２．組織の広域化・体制強化の計画 （計画がない場合、この項目への記入は不要です）
E43: 広域活動組織の設立 | J43: 特定非営利活動法人化 | O43: ※「特定非営利活動法人」とは、営農法人とは別に多面的活動に関与する法人のことです。
B44: 実施予定年度 | H44: 年度 | M44: 年度
B46: 以下は市町村担当者と相談の上、記入してください。
B47: 集落数
B49: 農業地域類型 | F49: 都市的地域 | J49: 平地農業地域 | N49: 中間農業地域 | R49: 山間農業地域
B51: 地域振興立法の適用 | H51: 特定農山村 | K51: 振興山村 | N51: 過疎 | Q51: 半島
H53: 離島 | K53: 沖縄 | N53: 奄美群島 | Q53: 小笠原諸島
B55: 指定棚田地域の該当状況
B57: 交付金算定の対象としている農振農用地区域外の対象農用地面積
B58: 農地維持支払 | E58: 0 | H58: 資源向上支払 （共同） | K58: 0 | P58: 資源向上支払 （長寿命化） | S58: 0
A61: ３．活動の計画
A62: （１）農地維持支払 | K62: ★実施する月に○を記入してください。
B63: 活動区分 | D63: 活動項目 | K63: 毎年度の実施時期
K64: 4月 | L64: 5月 | M64: 6月 | N64: 7月 | O64: 8月 | P64: 9月 | Q64: 10月 | R64: 11月 | S64: 12月 | T64: 1月 | U64: 2月 | V64: 3月
B65: 点検・ 計画策定 | D65: １ 点検
D66: ２ 年度活動計画の策定
B67: 研修 | D67: ３ 事務・組織運営等に関する研修、 機械の安全使用に関する研修
B68: 実践活動 | C68: 農用地 | D68: ４ 遊休農地発生防止のための保全管理
D69: ５ 畦畔・法面・防風林の草刈り
D70: ６ 鳥獣害防護柵等の保守管理
C71: 水路 | D71: ７ 水路の草刈り
D72: ８ 水路の泥上げ
D73: ９ 水路附帯施設の保守管理
C74: 農道 | D74: 10 農道の草刈り
D75: 11 農道側溝の泥上げ
D76: 12 路面の維持
C77: ため池 | D77: 13 ため池の草刈り
D78: 14 ため池の泥上げ
D79: 15 ため池附帯施設の保守管理
C80: 共通 | D80: 16 異常気象時の対応
B81: 地域資源の適切な保全管理のための推進活動
B82: 地域資源の適切な保全管理のための推進活動について、１）～４）を記入してください。
B83: １）保全管理の目標を①～⑥から選んでください。（複数選択可）
C84: ①中心経営体との役割分担による保全管理 | N84: ④集落間連携や広域的活動による保全管理
C85: ②集落営農組織を基礎とした地域ぐるみの保全管理 | N85: ⑤多様な地域資源管理の担い手による保全管理
C86: ③地域外の経営体との協力・役割分担による保全管理 | N86: ⑥その他
B87: ２）今後、地域で取り組んでいくべき保全管理の内容を①～⑤から1項目以上選んでください。
C88: ①農地の利用集積に伴う管理作業 | N88: ④共同利用施設の保全管理
C89: ②高齢農家の農用地に係る管理作業 | N89: ⑤その他
C90: ③不在村地主等の遊休農地に係る管理作業
B91: ３）２）で選んだ内容に取り組むため、今後進めていく活動の方向性を①～⑦から1項目以上選んでください。
C92: ①担い手の人材・機材の有効活用、連携強化 | N92: ⑤不在村地主との連絡・調整体制の構築
C93: ②入り作等の近隣の担い手との協力 | N93: ⑥集落間の連携や広域的な活動
C94: ③地域住民、土地持ち非農家等を含めた体制づくり | N94: ⑦その他
C95: ④新たな保全管理の担い手の確保
B96: ４） ２）で選んだ内容に取り組むため、毎年実践する活動を17～23から1項目以上選んでください。
C97: 17．入り作農家や土地持ち非農家を含む 農業者の検討会の開催 | N97: 21．地域住民等に対する意向調査、地 域住民等との集落内調査
C98: 18．農業者に対する意向調査、農業者による現地調査 | N98: 22．有識者等による研修会、検討会の開催
C99: 19．不在村地主との連絡体制の整備、調整等 | N99: 23．その他
C100: 20．集落外の住民・組織や地域住民との意見交 換・ワークショップ・交流会の開催
A102: （２）資源向上支払（共同）
A103: １）施設の軽微な補修、農村環境保全活動 | K103: ★実施する月に○を記入してください。
B104: 活動区分 | E104: 活動項目 | K104: 毎年度の実施時期
K105: 4月 | L105: 5月 | M105: 6月 | N105: 7月 | O105: 8月 | P105: 9月 | Q105: 10月 | R105: 11月 | S105: 12月 | T105: 1月 | U105: 2月 | V105: 3月
B106: 施設の軽微な補修 | C106: 機能診断・ 計画策定 | E106: 24 農用地の機能診断
E107: 25 水路の機能診断
E108: 26 農道の機能診断
E109: 27 ため池の機能診断
E110: 28 年度活動計画の策定
C111: 研修 | E111: 29 機能診断・補修技術等に関する研修
C112: 実践活動 | E112: 30 農用地の軽微な補修等
...

Sheet 【記入例】活動計画書
V1: （別紙1）
B2: 多面的機能支払に係る活動計画書（1号事業様式）
A3: Ⅱ． １号事業（多面的機能支払）
B4: 対象組織が広域活動組織の場合は○ | J4: ⇒ | K4: ○
A5: １．交付金額 | F5: ※複数の交付単価がある場合には、行を追加してください。
A6: （１）農地維持支払
B7: 地目 | C7: 対象農用地面積 | F7: 交付単価 | I7: 年当たり交付金額 | N7: ※対象農用地面積とは、交付金の算定の対象となる農用地の面積のことです。小数点以下を切り捨て、整数で記入してください。
B8: 田 | I8: =ROUNDDOWN((INT(C8)*F8/10),0) -> 0
C9: 10100 | F9: 3000 | H9: 円/10a | I9: =ROUNDDOWN((INT(C9)*F9/10),0) -> 3030000
B10: 畑 | I10: =ROUNDDOWN((INT(C10)*F10/10),0) -> 0 | N10: ★活動期間中に、田から畑への地目の変更が生じた場合は下記に記入し、市町村に提出してください。農地維持支払の単価が活動終了年度まで田の単価となります。
C11: 900 | F11: 2000 | H11: 円/10a | I11: =ROUNDDOWN((INT(C11)*F11/10),0) -> 180000
B12: 草地 | I12: =ROUNDDOWN((INT(C12)*F12/10),0) -> 0
C13: 100 | F13: 250 | H13: 円/10a | I13: =ROUNDDOWN((INT(C13)*F13/10),0) -> 2500
B14: この線より上に行を挿入してください。 | N14: 地目を田から畑に変更する面積 | U14: 100
B15: 合計 | C15: =INT(SUM(C8,C10,C12)) -> 0 | I15: =SUM(I8,I10,I12) -> 0
C16: =INT(SUM(C9,C11,C13)) -> 11100 | I16: =SUM(I9,I11,I13) -> 3212500
A18: （２）資源向上支払（共同）
B19: 地目 | C19: 対象農用地面積 | F19: 交付単価 | I19: 年当たり交付金額 | N19: ※交付単価は以下①、②への取組状況によって単価が異なりますので、乗じた額を記入してください。
B20: 田 | I20: =ROUNDDOWN((INT(C20)*F20/10),0) -> 0
C21: 10000 | F21: 1800 | H21: 円/10a | I21: =ROUNDDOWN((INT(C21)*F21/10),0) -> 1800000 | N21: ①多面的機能の増進活動に取り組む ②資源向上支払（共同）を５年以上実施、又は資源向上支払（長寿命化）に取り組む
B22: 畑 | I22: =ROUNDDOWN((INT(C22)*F22/10),0) -> 0
C23: 1000 | F23: 1080 | H23: 円/10a | I23: =ROUNDDOWN((INT(C23)*F23/10),0) -> 108000
B24: 草地 | I24: =ROUNDDOWN((INT(C24)*F24/10),0) -> 0
C25: 100 | F25: 180 | H25: 円/10a | I25: =ROUNDDOWN((INT(C25)*F25/10),0) -> 1800 | N25: ①②に該当 ⇒単価に0.75を乗ずる ①のみ該当 ⇒単価の修正なし ②のみ該当 ⇒単価に0.625を乗ずる ①②に該当しない⇒単価に5/6を乗ずる
B26: この線より上に行を挿入してください。
B27: 合計 | C27: =INT(SUM(C20+C22+C24)) -> 0 | I27: =SUM(I20,I22,I24) -> 0
C28: =INT(SUM(C21,C23,C25)) -> 11100 | I28: =SUM(I21,I23,I25) -> 1909800
A30: （３）資源向上支払（長寿命化）
B31: 地目 | C31: 対象農用地面積 | F31: 交付単価 | I31: 年当たり交付上限額 | N31: ※広域活動組織となるための規模要件を満たさない場合、かつ直営施工を実施しない場合は、単価に5/6を乗じた額を記入してください。
B32: 田 | I32: =ROUNDDOWN((INT(C32)*F32/10),0) -> 0
C33: 10000 | F33: 4400 | H33: 円/10a | I33: =ROUNDDOWN((INT(C33)*F33/10),0) -> 4400000
B34: 畑 | I34: =ROUNDDOWN((INT(C34)*F34/10),0) -> 0
C35: 1000 | F35: 2000 | H35: 円/10a | I35: =ROUNDDOWN((INT(C35)*F35/10),0) -> 200000 | N35: ※広域活動組織となるための規模要件を満たさない場合は、左記合計と集落数×200万円のいずれか小さい方が上限となります。
B36: 草地 | I36: =ROUNDDOWN((INT(C36)*F36/10),0) -> 0
C37: 100 | F37: 400 | H37: 円/10a | I37: =ROUNDDOWN((INT(C37)*F37/10),0) -> 4000
B38: この線より上に行を挿入してください。 | N38: 広域活動組織となるための規模要件を満たさない場合は○ | U38: ⇒ | V38: ○
B39: 合計 | C39: =INT(SUM(C32,C34,C36)) -> 0 | I39: =SUM(I32,I34,I36) -> 0
C40: =INT(SUM(C33,C35,C37)) -> 11100 | I40: =SUM(I33,I35,I37) -> 4604000 | N40: 集落数×200万円 | S40: =IF(V38="○",E47*2000000,0) -> 6000000
A42: ２．組織の広域化・体制強化の計画 （計画がない場合、この項目への記入は不要です）
E43: 広域活動組織の設立 | J43: 特定非営利活動法人化 | O43: ※「特定非営利活動法人」とは、営農法人とは別に多面的活動に関与する法人のことです。
B44: 実施予定年度 | F44: 2022 | H44: 年度 | K44: 2027 | M44: 年度
B46: 以下は市町村担当者と相談の上、記入してください。
B47: 集落数 | E47: 3
B49: 農業地域類型 | E49: ○ | F49: 都市的地域 | I49: ○ | J49: 平地農業地域 | M49: ○ | N49: 中間農業地域 | Q49: ○ | R49: 山間農業地域
B51: 地域振興立法の適用 | G51: ○ | H51: 特定農山村 | J51: ○ | K51: 振興山村 | M51: ○ | N51: 過疎 | P51: ○ | Q51: 半島
G53: ○ | H53: 離島 | J53: ○ | K53: 沖縄 | M53: ○ | N53: 奄美群島 | P53: ○ | Q53: 小笠原諸島
B55: 指定棚田地域の該当状況 | G55: ○
B57: 交付金算定の対象としている農振農用地区域外の対象農用地面積
B58: 農地維持支払 | E58: 100 | H58: 資源向上支払 （共同） | K58: 100 | P58: 資源向上支払 （長寿命化） | S58: 100
A61: ３．活動の計画
A62: （１）農地維持支払 | K62: ★実施する月に○を記入してください。
B63: 活動区分 | D63: 活動項目 | K63: 毎年度の実施時期
K64: 4月 | L64: 5月 | M64: 6月 | N64: 7月 | O64: 8月 | P64: 9月 | Q64: 10月 | R64: 11月 | S64: 12月 | T64: 1月 | U64: 2月 | V64: 3月
B65: 点検・ 計画策定 | D65: １ 点検 | K65: ○
D66: ２ 年度活動計画の策定 | K66: ○
B67: 研修 | D67: ３ 事務・組織運営等に関する研修、 機械の安全使用に関する研修 | K67: ○年度（及び○年度）に受講予定（活動期間内に各１回以上受講）
B68: 実践活動 | C68: 農用地 | D68: ４ 遊休農地発生防止のための保全管理 | O68: ○ | R68: ○
D69: ５ 畦畔・法面・防風林の草刈り | M69: ○ | N69: ○ | O69: ○
D70: ６ 鳥獣害防護柵等の保守管理 | K70: 点検結果に応じて実施時期を決定
C71: 水路 | D71: ７ 水路の草刈り | M71: ○ | N71: ○ | O71: ○
D72: ８ 水路の泥上げ | K72: ○
D73: ９ 水路附帯施設の保守管理 | K73: 点検結果に応じて実施時期を決定
C74: 農道 | D74: 10 農道の草刈り | O74: ○ | R74: ○
D75: 11 農道側溝の泥上げ | K75: 点検結果に応じて実施時期を決定
D76: 12 路面の維持 | K76: 点検結果に応じて実施時期を決定
C77: ため池 | D77: 13 ため池の草刈り | O77: ○ | R77: ○
D78: 14 ため池の泥上げ | K78: 点検結果に応じて実施時期を決定
D79: 15 ため池附帯施設の保守管理 | K79: 点検結果に応じて実施時期を決定
C80: 共通 | D80: 16 異常気象時の対応 | K80: 洪水、台風、地震等の発生後
B81: 地域資源の適切な保全管理のための推進活動 | R81: ○
B82: 地域資源の適切な保全管理のための推進活動について、１）～４）を記入してください。
B83: １）保全管理の目標を①～⑥から選んでください。（複数選択可）
C84: ①中心経営体との役割分担による保全管理 | N84: ④集落間連携や広域的活動による保全管理
B85: ○ | C85: ②集落営農組織を基礎とした地域ぐるみの保全管理 | N85: ⑤多様な地域資源管理の担い手による保全管理
C86: ③地域外の経営体との協力・役割分担による保全管理 | N86: ⑥その他
B87: ２）今後、地域で取り組んでいくべき保全管理の内容を①～⑤から1項目以上選んでください。
B88: ○ | C88: ①農地の利用集積に伴う管理作業 | N88: ④共同利用施設の保全管理
C89: ②高齢農家の農用地に係る管理作業 | N89: ⑤その他
C90: ③不在村地主等の遊休農地に係る管理作業
B91: ３）２）で選んだ内容に取り組むため、今後進めていく活動の方向性を①～⑦から1項目以上選んでください。
C92: ①担い手の人材・機材の有効活用、連携強化 | N92: ⑤不在村地主との連絡・調整体制の構築
C93: ②入り作等の近隣の担い手との協力 | N93: ⑥集落間の連携や広域的な活動
B94: ○ | C94: ③地域住民、土地持ち非農家等を含めた体制づくり | N94: ⑦その他
C95: ④新たな保全管理の担い手の確保
B96: ４） ２）で選んだ内容に取り組むため、毎年実践する活動を17～23から1項目以上選んでください。
B97: ○ | C97: 17．入り作農家や土地持ち非農家を含む 農業者の検討会の開催 | N97: 21．地域住民等に対する意向調査、地 域住民等との集落内調査
C98: 18．農業者に対する意向調査、農業者による現地調査 | N98: 22．有識者等による研修会、検討会の開催
C99: 19．不在村地主との連絡体制の整備、調整等 | N99: 23．その他
C100: 20．集落外の住民・組織や地域住民との意見交 換・ワークショップ・交流会の開催
A102: （２）資源向上支払（共同）
A103: １）施設の軽微な補修、農村環境保全活動 | K103: ★実施する月に○を記入してください。
B104: 活動区分 | E104: 活動項目 | K104: 毎年度の実施時期
K105: 4月 | L105: 5月 | M105: 6月 | N105: 7月 | O105: 8月 | P105: 9月 | Q105: 10月 | R105: 11月 | S105: 12月 | T105: 1月 | U105: 2月 | V105: 3月
B106: 施設の軽微な補修 | C106: 機能診断・ 計画策定 | E106: 24 農用地の機能診断 | K106: ○
E107: 25 水路の機能診断 | K107: ○
E108: 26 農道の機能診断 | K108: ○
E109: 27 ため池の機能診断 | K109: ○
E110: 28 年度活動計画の策定 | K110: ○
C111: 研修 | E111: 29 機能診断・補修技術等に関する研修 | K111: 令和○年度に受講予定（活動期間内に１回以上受講）
C112: 実践活動 | E112: 30 農用地の軽微な補修等 | K112: 機能診断結果に応じて実施時期を決定
...

Sheet データ取込シート_活動計画書_整理用
B1: 地目01 | C1: 対象農用地面積01 | D1: 交付単価01 | F1: 地目02 | G1: 対象農用地面積02 | H1: 交付単価02 | J1: 地目03 | K1: 対象農用地面積03 | L1: 交付単価03 | N1: 活動項目03-1 | O1: 活動項目03-2 | P1: 4月02 | Q1: 5月02 | R1: 6月02 | S1: 7月02 | T1: 8月02 | U1: 9月02 | V1: 10月02 | W1: 11月02 | X1: 12月02 | Y1: 1月02 | Z1: 2月02 | AA1: 3月02 | AC1: 施設区分06 | AD1: 活動項目06-1 | AE1: 活動項目06-2 | AF1: 内容06 | AG1: 延べ数量06 | AH1: 単位06 | AI1: 年度計画1年目 | AJ1: 年度計画2年目 | AK1: 年度計画3年目 | AL1: 年度計画4年目 | AM1: 年度計画5年目
A2: 1 | B2: =IF(OFFSET(活動計画書!$B$7,$A2,)="","",OFFSET(活動計画書!$B$7,$A2,)) -> 田 | C2: =IF(OFFSET(活動計画書!$C$7,$A2+1,)="","",OFFSET(活動計画書!$C$7,$A2+1,)) -> 0 | D2: =IF(OFFSET(活動計画書!$F$7,$A2+1,)="","",OFFSET(活動計画書!$F$7,$A2+1,)) -> 0 | E2: 1 | F2: =IF(OFFSET(活動計画書!$B$19,$E2,)="","",OFFSET(活動計画書!$B$19,$E2,)) -> 田 | G2: =IF(OFFSET(活動計画書!$C$19,$E2+1,)="","",OFFSET(活動計画書!$C$19,$E2+1,)) -> 0 | H2: =IF(OFFSET(活動計画書!$F$19,$E2+1,)="","",OFFSET(活動計画書!$F$19,$E2+1,)) -> 0 | I2: 1 | J2: =IF(OFFSET(活動計画書!$B$31,$I2,)="","",OFFSET(活動計画書!$B$31,$I2,)) -> 田 | K2: =IF(OFFSET(活動計画書!$C$31,$I2+1,)="","",OFFSET(活動計画書!$C$31,$I2+1,)) -> 0 | L2: =IF(OFFSET(活動計画書!$F$31,$I2+1,)="","",OFFSET(活動計画書!$F$31,$I2+1,)) -> 0 | M2: 1 | N2: =IF(OFFSET(活動計画書!$E$122,$M2,)="","",OFFSET(活動計画書!$E$122,$M2,)) | O2: =IF(OFFSET(活動計画書!$E$122,$M2+1,)="","",OFFSET(活動計画書!$E$122,$M2+1,)) | P2: =IF(OFFSET(活動計画書!$K$122,$M2,)="","",OFFSET(活動計画書!$K$122,$M2,)) | Q2: =IF(OFFSET(活動計画書!$L$122,$M2,)="","",OFFSET(活動計画書!$L$122,$M2,)) | R2: =IF(OFFSET(活動計画書!$M$122,$M2,)="","",OFFSET(活動計画書!$M$122,$M2,)) | S2: =IF(OFFSET(活動計画書!$N$122,$M2,)="","",OFFSET(活動計画書!$N$122,$M2,)) | T2: =IF(OFFSET(活動計画書!$O$122,$M2,)="","",OFFSET(活動計画書!$O$122,$M2,)) | U2: =IF(OFFSET(活動計画書!$P$122,$M2,)="","",OFFSET(活動計画書!$P$122,$M2,)) | V2: =IF(OFFSET(活動計画書!$Q$122,$M2,)="","",OFFSET(活動計画書!$Q$122,$M2,)) | W2: =IF(OFFSET(活動計画書!$R$122,$M2,)="","",OFFSET(活動計画書!$R$122,$M2,)) | X2: =IF(OFFSET(活動計画書!$S$122,$M2,)="","",OFFSET(活動計画書!$S$122,$M2,)) | Y2: =IF(OFFSET(活動計画書!$T$122,$M2,)="","",OFFSET(活動計画書!$T$122,$M2,)) | Z2: =IF(OFFSET(活動計画書!$U$122,$M2,)="","",OFFSET(活動計画書!$U$122,$M2,)) | AA2: =IF(OFFSET(活動計画書!$V$122,$M2,)="","",OFFSET(活動計画書!$V$122,$M2,)) | AB2: 1 | AC2: =IF(OFFSET(活動計画書!$B$157,$AB2,)="","",OFFSET(活動計画書!$B$157,$AB2,)) | AD2: =IF(OFFSET(活動計画書!$D$157,$AB2,)="","",OFFSET(活動計画書!$D$157,$AB2,)) | AE2: =IF(OFFSET(活動計画書!$D$157,$AB2+1,)="","",OFFSET(活動計画書!$D$157,$AB2+1,)) | AF2: =IF(OFFSET(活動計画書!$H$157,$AB2,)="","",OFFSET(活動計画書!$H$157,$AB2,)) | AG2: =IF(OFFSET(活動計画書!$N$157,$AB2,)="","",OFFSET(活動計画書!$N$157,$AB2,)) | AH2: =IF(OFFSET(活動計画書!$P$157,$AB2,)="","",OFFSET(活動計画書!$P$157,$AB2,)) | AI2: =IF(OFFSET(活動計画書!$Q$157,$AB2,)="","",OFFSET(活動計画書!$Q$157,$AB2,)) | AJ2: =IF(OFFSET(活動計画書!$R$157,$AB2,)="","",OFFSET(活動計画書!$R$157,$AB2,)) | AK2: =IF(OFFSET(活動計画書!$S$157,$AB2,)="","",OFFSET(活動計画書!$S$157,$AB2,)) | AL2: =IF(OFFSET(活動計画書!$T$157,$AB2,)="","",OFFSET(活動計画書!$T$157,$AB2,)) | AM2: =IF(OFFSET(活動計画書!$U$157,$AB2,)="","",OFFSET(活動計画書!$U$157,$AB2,))
A3: 3 | B3: =IF(OFFSET(活動計画書!$B$7,$A3,)="","",OFFSET(活動計画書!$B$7,$A3,)) -> 畑 | C3: =IF(OFFSET(活動計画書!$C$7,$A3+1,)="","",OFFSET(活動計画書!$C$7,$A3+1,)) -> 0 | D3: =IF(OFFSET(活動計画書!$F$7,$A3+1,)="","",OFFSET(活動計画書!$F$7,$A3+1,)) -> 0 | E3: 3 | F3: =IF(OFFSET(活動計画書!$B$19,$E3,)="","",OFFSET(活動計画書!$B$19,$E3,)) -> 畑 | G3: =IF(OFFSET(活動計画書!$C$19,$E3+1,)="","",OFFSET(活動計画書!$C$19,$E3+1,)) -> 0 | H3: =IF(OFFSET(活動計画書!$F$19,$E3+1,)="","",OFFSET(活動計画書!$F$19,$E3+1,)) -> 0 | I3: 3 | J3: =IF(OFFSET(活動計画書!$B$31,$I3,)="","",OFFSET(活動計画書!$B$31,$I3,)) -> 畑 | K3: =IF(OFFSET(活動計画書!$C$31,$I3+1,)="","",OFFSET(活動計画書!$C$31,$I3+1,)) -> 0 | L3: =IF(OFFSET(活動計画書!$F$31,$I3+1,)="","",OFFSET(活動計画書!$F$31,$I3+1,)) -> 0 | M3: 3 | N3: =IF(OFFSET(活動計画書!$E$122,$M3,)="","",OFFSET(活動計画書!$E$122,$M3,)) | O3: =IF(OFFSET(活動計画書!$E$122,$M3+1,)="","",OFFSET(活動計画書!$E$122,$M3+1,)) | P3: =IF(OFFSET(活動計画書!$K$122,$M3,)="","",OFFSET(活動計画書!$K$122,$M3,)) | Q3: =IF(OFFSET(活動計画書!$L$122,$M3,)="","",OFFSET(活動計画書!$L$122,$M3,)) | R3: =IF(OFFSET(活動計画書!$M$122,$M3,)="","",OFFSET(活動計画書!$M$122,$M3,)) | S3: =IF(OFFSET(活動計画書!$N$122,$M3,)="","",OFFSET(活動計画書!$N$122,$M3,)) | T3: =IF(OFFSET(活動計画書!$O$122,$M3,)="","",OFFSET(活動計画書!$O$122,$M3,)) | U3: =IF(OFFSET(活動計画書!$P$122,$M3,)="","",OFFSET(活動計画書!$P$122,$M3,)) | V3: =IF(OFFSET(活動計画書!$Q$122,$M3,)="","",OFFSET(活動計画書!$Q$122,$M3,)) | W3: =IF(OFFSET(活動計画書!$R$122,$M3,)="","",OFFSET(活動計画書!$R$122,$M3,)) | X3: =IF(OFFSET(活動計画書!$S$122,$M3,)="","",OFFSET(活動計画書!$S$122,$M3,)) | Y3: =IF(OFFSET(活動計画書!$T$122,$M3,)="","",OFFSET(活動計画書!$T$122,$M3,)) | Z3: =IF(OFFSET(活動計画書!$U$122,$M3,)="","",OFFSET(活動計画書!$U$122,$M3,)) | AA3: =IF(OFFSET(活動計画書!$V$122,$M3,)="","",OFFSET(活動計画書!$V$122,$M3,)) | AB3: 3 | AC3: =IF(OFFSET(活動計画書!$B$157,$AB3,)="","",OFFSET(活動計画書!$B$157,$AB3,)) | AD3: =IF(OFFSET(活動計画書!$D$157,$AB3,)="","",OFFSET(活動計画書!$D$157,$AB3,)) | AE3: =IF(OFFSET(活動計画書!$D$157,$AB3+1,)="","",OFFSET(活動計画書!$D$157,$AB3+1,)) | AF3: =IF(OFFSET(活動計画書!$H$157,$AB3,)="","",OFFSET(活動計画書!$H$157,$AB3,)) | AG3: =IF(OFFSET(活動計画書!$N$157,$AB3,)="","",OFFSET(活動計画書!$N$157,$AB3,)) | AH3: =IF(OFFSET(活動計画書!$P$157,$AB3,)="","",OFFSET(活動計画書!$P$157,$AB3,)) | AI3: =IF(OFFSET(活動計画書!$Q$157,$AB3,)="","",OFFSET(活動計画書!$Q$157,$AB3,)) | AJ3: =IF(OFFSET(活動計画書!$R$157,$AB3,)="","",OFFSET(活動計画書!$R$157,$AB3,)) | AK3: =IF(OFFSET(活動計画書!$S$157,$AB3,)="","",OFFSET(活動計画書!$S$157,$AB3,)) | AL3: =IF(OFFSET(活動計画書!$T$157,$AB3,)="","",OFFSET(活動計画書!$T$157,$AB3,)) | AM3: =IF(OFFSET(活動計画書!$U$157,$AB3,)="","",OFFSET(活動計画書!$U$157,$AB3,))
A4: 5 | B4: =IF(OFFSET(活動計画書!$B$7,$A4,)="","",OFFSET(活動計画書!$B$7,$A4,)) -> 草地 | C4: =IF(OFFSET(活動計画書!$C$7,$A4+1,)="","",OFFSET(活動計画書!$C$7,$A4+1,)) -> 0 | D4: =IF(OFFSET(活動計画書!$F$7,$A4+1,)="","",OFFSET(活動計画書!$F$7,$A4+1,)) -> 0 | E4: 5 | F4: =IF(OFFSET(活動計画書!$B$19,$E4,)="","",OFFSET(活動計画書!$B$19,$E4,)) -> 草地 | G4: =IF(OFFSET(活動計画書!$C$19,$E4+1,)="","",OFFSET(活動計画書!$C$19,$E4+1,)) -> 0 | H4: =IF(OFFSET(活動計画書!$F$19,$E4+1,)="","",OFFSET(活動計画書!$F$19,$E4+1,)) -> 0 | I4: 5 | J4: =IF(OFFSET(活動計画書!$B$31,$I4,)="","",OFFSET(活動計画書!$B$31,$I4,)) -> 草地 | K4: =IF(OFFSET(活動計画書!$C$31,$I4+1,)="","",OFFSET(活動計画書!$C$31,$I4+1,)) -> 0 | L4: =IF(OFFSET(活動計画書!$F$31,$I4+1,)="","",OFFSET(活動計画書!$F$31,$I4+1,)) -> 0 | M4: 5 | N4: =IF(OFFSET(活動計画書!$E$122,$M4,)="","",OFFSET(活動計画書!$E$122,$M4,)) | O4: =IF(OFFSET(活動計画書!$E$122,$M4+1,)="","",OFFSET(活動計画書!$E$122,$M4+1,)) | P4: =IF(OFFSET(活動計画書!$K$122,$M4,)="","",OFFSET(活動計画書!$K$122,$M4,)) | Q4: =IF(OFFSET(活動計画書!$L$122,$M4,)="","",OFFSET(活動計画書!$L$122,$M4,)) | R4: =IF(OFFSET(活動計画書!$M$122,$M4,)="","",OFFSET(活動計画書!$M$122,$M4,)) | S4: =IF(OFFSET(活動計画書!$N$122,$M4,)="","",OFFSET(活動計画書!$N$122,$M4,)) | T4: =IF(OFFSET(活動計画書!$O$122,$M4,)="","",OFFSET(活動計画書!$O$122,$M4,)) | U4: =IF(OFFSET(活動計画書!$P$122,$M4,)="","",OFFSET(活動計画書!$P$122,$M4,)) | V4: =IF(OFFSET(活動計画書!$Q$122,$M4,)="","",OFFSET(活動計画書!$Q$122,$M4,)) | W4: =IF(OFFSET(活動計画書!$R$122,$M4,)="","",OFFSET(活動計画書!$R$122,$M4,)) | X4: =IF(OFFSET(活動計画書!$S$122,$M4,)="","",OFFSET(活動計画書!$S$122,$M4,)) | Y4: =IF(OFFSET(活動計画書!$T$122,$M4,)="","",OFFSET(活動計画書!$T$122,$M4,)) | Z4: =IF(OFFSET(活動計画書!$U$122,$M4,)="","",OFFSET(活動計画書!$U$122,$M4,)) | AA4: =IF(OFFSET(活動計画書!$V$122,$M4,)="","",OFFSET(活動計画書!$V$122,$M4,)) | AB4: 5 | AC4: =IF(OFFSET(活動計画書!$B$157,$AB4,)="","",OFFSET(活動計画書!$B$157,$AB4,)) | AD4: =IF(OFFSET(活動計画書!$D$157,$AB4,)="","",OFFSET(活動計画書!$D$157,$AB4,)) | AE4: =IF(OFFSET(活動計画書!$D$157,$AB4+1,)="","",OFFSET(活動計画書!$D$157,$AB4+1,)) | AF4: =IF(OFFSET(活動計画書!$H$157,$AB4,)="","",OFFSET(活動計画書!$H$157,$AB4,)) | AG4: =IF(OFFSET(活動計画書!$N$157,$AB4,)="","",OFFSET(活動計画書!$N$157,$AB4,)) | AH4: =IF(OFFSET(活動計画書!$P$157,$AB4,)="","",OFFSET(活動計画書!$P$157,$AB4,)) | AI4: =IF(OFFSET(活動計画書!$Q$157,$AB4,)="","",OFFSET(活動計画書!$Q$157,$AB4,)) | AJ4: =IF(OFFSET(活動計画書!$R$157,$AB4,)="","",OFFSET(活動計画書!$R$157,$AB4,)) | AK4: =IF(OFFSET(活動計画書!$S$157,$AB4,)="","",OFFSET(活動計画書!$S$157,$AB4,)) | AL4: =IF(OFFSET(活動計画書!$T$157,$AB4,)="","",OFFSET(活動計画書!$T$157,$AB4,)) | AM4: =IF(OFFSET(活動計画書!$U$157,$AB4,)="","",OFFSET(活動計画書!$U$157,$AB4,))
A5: 7 | B5: =IF(OFFSET(活動計画書!$B$7,$A5,)="","",OFFSET(活動計画書!$B$7,$A5,)) -> この線より上に行を挿入してください。 | C5: =IF(OFFSET(活動計画書!$C$7,$A5+1,)="","",OFFSET(活動計画書!$C$7,$A5+1,)) -> 0 | D5: =IF(OFFSET(活動計画書!$F$7,$A5+1,)="","",OFFSET(活動計画書!$F$7,$A5+1,)) | E5: 7 | F5: =IF(OFFSET(活動計画書!$B$19,$E5,)="","",OFFSET(活動計画書!$B$19,$E5,)) -> この線より上に行を挿入してください。 | G5: =IF(OFFSET(活動計画書!$C$19,$E5+1,)="","",OFFSET(活動計画書!$C$19,$E5+1,)) -> 0 | H5: =IF(OFFSET(活動計画書!$F$19,$E5+1,)="","",OFFSET(活動計画書!$F$19,$E5+1,)) | I5: 7 | J5: =IF(OFFSET(活動計画書!$B$31,$I5,)="","",OFFSET(活動計画書!$B$31,$I5,)) -> この線より上に行を挿入してください。 | K5: =IF(OFFSET(活動計画書!$C$31,$I5+1,)="","",OFFSET(活動計画書!$C$31,$I5+1,)) -> 0 | L5: =IF(OFFSET(活動計画書!$F$31,$I5+1,)="","",OFFSET(活動計画書!$F$31,$I5+1,)) | M5: 7 | N5: =IF(OFFSET(活動計画書!$E$122,$M5,)="","",OFFSET(活動計画書!$E$122,$M5,)) | O5: =IF(OFFSET(活動計画書!$E$122,$M5+1,)="","",OFFSET(活動計画書!$E$122,$M5+1,)) | P5: =IF(OFFSET(活動計画書!$K$122,$M5,)="","",OFFSET(活動計画書!$K$122,$M5,)) | Q5: =IF(OFFSET(活動計画書!$L$122,$M5,)="","",OFFSET(活動計画書!$L$122,$M5,)) | R5: =IF(OFFSET(活動計画書!$M$122,$M5,)="","",OFFSET(活動計画書!$M$122,$M5,)) | S5: =IF(OFFSET(活動計画書!$N$122,$M5,)="","",OFFSET(活動計画書!$N$122,$M5,)) | T5: =IF(OFFSET(活動計画書!$O$122,$M5,)="","",OFFSET(活動計画書!$O$122,$M5,)) | U5: =IF(OFFSET(活動計画書!$P$122,$M5,)="","",OFFSET(活動計画書!$P$122,$M5,)) | V5: =IF(OFFSET(活動計画書!$Q$122,$M5,)="","",OFFSET(活動計画書!$Q$122,$M5,)) | W5: =IF(OFFSET(活動計画書!$R$122,$M5,)="","",OFFSET(活動計画書!$R$122,$M5,)) | X5: =IF(OFFSET(活動計画書!$S$122,$M5,)="","",OFFSET(活動計画書!$S$122,$M5,)) | Y5: =IF(OFFSET(活動計画書!$T$122,$M5,)="","",OFFSET(活動計画書!$T$122,$M5,)) | Z5: =IF(OFFSET(活動計画書!$U$122,$M5,)="","",OFFSET(活動計画書!$U$122,$M5,)) | AA5: =IF(OFFSET(活動計画書!$V$122,$M5,)="","",OFFSET(活動計画書!$V$122,$M5,)) | AB5: 7 | AC5: =IF(OFFSET(活動計画書!$B$157,$AB5,)="","",OFFSET(活動計画書!$B$157,$AB5,)) | AD5: =IF(OFFSET(活動計画書!$D$157,$AB5,)="","",OFFSET(活動計画書!$D$157,$AB5,)) -> この線より上に行を挿入してください。 | AE5: =IF(OFFSET(活動計画書!$D$157,$AB5+1,)="","",OFFSET(活動計画書!$D$157,$AB5+1,)) | AF5: =IF(OFFSET(活動計画書!$H$157,$AB5,)="","",OFFSET(活動計画書!$H$157,$AB5,)) | AG5: =IF(OFFSET(活動計画書!$N$157,$AB5,)="","",OFFSET(活動計画書!$N$157,$AB5,)) | AH5: =IF(OFFSET(活動計画書!$P$157,$AB5,)="","",OFFSET(活動計画書!$P$157,$AB5,)) | AI5: =IF(OFFSET(活動計画書!$Q$157,$AB5,)="","",OFFSET(活動計画書!$Q$157,$AB5,)) | AJ5: =IF(OFFSET(活動計画書!$R$157,$AB5,)="","",OFFSET(活動計画書!$R$157,$AB5,)) | AK5: =IF(OFFSET(活動計画書!$S$157,$AB5,)="","",OFFSET(活動計画書!$S$157,$AB5,)) | AL5: =IF(OFFSET(活動計画書!$T$157,$AB5,)="","",OFFSET(活動計画書!$T$157,$AB5,)) | AM5: =IF(OFFSET(活動計画書!$U$157,$AB5,)="","",OFFSET(活動計画書!$U$157,$AB5,))
A6: 9 | B6: =IF(OFFSET(活動計画書!$B$7,$A6,)="","",OFFSET(活動計画書!$B$7,$A6,)) | C6: =IF(OFFSET(活動計画書!$C$7,$A6+1,)="","",OFFSET(活動計画書!$C$7,$A6+1,)) | D6: =IF(OFFSET(活動計画書!$F$7,$A6+1,)="","",OFFSET(活動計画書!$F$7,$A6+1,)) | E6: 9 | F6: =IF(OFFSET(活動計画書!$B$19,$E6,)="","",OFFSET(活動計画書!$B$19,$E6,)) | G6: =IF(OFFSET(活動計画書!$C$19,$E6+1,)="","",OFFSET(活動計画書!$C$19,$E6+1,)) | H6: =IF(OFFSET(活動計画書!$F$19,$E6+1,)="","",OFFSET(活動計画書!$F$19,$E6+1,)) | I6: 9 | J6: =IF(OFFSET(活動計画書!$B$31,$I6,)="","",OFFSET(活動計画書!$B$31,$I6,)) | K6: =IF(OFFSET(活動計画書!$C$31,$I6+1,)="","",OFFSET(活動計画書!$C$31,$I6+1,)) | L6: =IF(OFFSET(活動計画書!$F$31,$I6+1,)="","",OFFSET(活動計画書!$F$31,$I6+1,)) | M6: 9 | N6: =IF(OFFSET(活動計画書!$E$122,$M6,)="","",OFFSET(活動計画書!$E$122,$M6,)) -> この線より上に行を挿入してください。 | O6: =IF(OFFSET(活動計画書!$E$122,$M6+1,)="","",OFFSET(活動計画書!$E$122,$M6+1,)) -> 51 啓発・普及活動 | P6: =IF(OFFSET(活動計画書!$K$122,$M6,)="","",OFFSET(活動計画書!$K$122,$M6,)) | Q6: =IF(OFFSET(活動計画書!$L$122,$M6,)="","",OFFSET(活動計画書!$L$122,$M6,)) | R6: =IF(OFFSET(活動計画書!$M$122,$M6,)="","",OFFSET(活動計画書!$M$122,$M6,)) | S6: =IF(OFFSET(活動計画書!$N$122,$M6,)="","",OFFSET(活動計画書!$N$122,$M6,)) | T6: =IF(OFFSET(活動計画書!$O$122,$M6,)="","",OFFSET(活動計画書!$O$122,$M6,)) | U6: =IF(OFFSET(活動計画書!$P$122,$M6,)="","",OFFSET(活動計画書!$P$122,$M6,)) | V6: =IF(OFFSET(活動計画書!$Q$122,$M6,)="","",OFFSET(活動計画書!$Q$122,$M6,)) | W6: =IF(OFFSET(活動計画書!$R$122,$M6,)="","",OFFSET(活動計画書!$R$122,$M6,)) | X6: =IF(OFFSET(活動計画書!$S$122,$M6,)="","",OFFSET(活動計画書!$S$122,$M6,)) | Y6: =IF(OFFSET(活動計画書!$T$122,$M6,)="","",OFFSET(活動計画書!$T$122,$M6,)) | Z6: =IF(OFFSET(活動計画書!$U$122,$M6,)="","",OFFSET(活動計画書!$U$122,$M6,)) | AA6: =IF(OFFSET(活動計画書!$V$122,$M6,)="","",OFFSET(活動計画書!$V$122,$M6,)) | AB6: 9 | AC6: =IF(OFFSET(活動計画書!$B$157,$AB6,)="","",OFFSET(活動計画書!$B$157,$AB6,)) -> ☆直営施工の実施方針について | AD6: =IF(OFFSET(活動計画書!$D$157,$AB6,)="","",OFFSET(活動計画書!$D$157,$AB6,)) | AE6: =IF(OFFSET(活動計画書!$D$157,$AB6+1,)="","",OFFSET(活動計画書!$D$157,$AB6+1,)) | AF6: =IF(OFFSET(活動計画書!$H$157,$AB6,)="","",OFFSET(活動計画書!$H$157,$AB6,)) | AG6: =IF(OFFSET(活動計画書!$N$157,$AB6,)="","",OFFSET(活動計画書!$N$157,$AB6,)) | AH6: =IF(OFFSET(活動計画書!$P$157,$AB6,)="","",OFFSET(活動計画書!$P$157,$AB6,)) | AI6: =IF(OFFSET(活動計画書!$Q$157,$AB6,)="","",OFFSET(活動計画書!$Q$157,$AB6,)) | AJ6: =IF(OFFSET(活動計画書!$R$157,$AB6,)="","",OFFSET(活動計画書!$R$157,$AB6,)) | AK6: =IF(OFFSET(活動計画書!$S$157,$AB6,)="","",OFFSET(活動計画書!$S$157,$AB6,)) -> 直営施工は実施しない | AL6: =IF(OFFSET(活動計画書!$T$157,$AB6,)="","",OFFSET(活動計画書!$T$157,$AB6,)) | AM6: =IF(OFFSET(活動計画書!$U$157,$AB6,)="","",OFFSET(活動計画書!$U$157,$AB6,))
A7: 11 | B7: =IF(OFFSET(活動計画書!$B$7,$A7,)="","",OFFSET(活動計画書!$B$7,$A7,)) | C7: =IF(OFFSET(活動計画書!$C$7,$A7+1,)="","",OFFSET(活動計画書!$C$7,$A7+1,)) -> 対象農用地面積 | D7: =IF(OFFSET(活動計画書!$F$7,$A7+1,)="","",OFFSET(活動計画書!$F$7,$A7+1,)) -> 交付単価 | E7: 11 | F7: =IF(OFFSET(活動計画書!$B$19,$E7,)="","",OFFSET(活動計画書!$B$19,$E7,)) | G7: =IF(OFFSET(活動計画書!$C$19,$E7+1,)="","",OFFSET(活動計画書!$C$19,$E7+1,)) -> 対象農用地面積 | H7: =IF(OFFSET(活動計画書!$F$19,$E7+1,)="","",OFFSET(活動計画書!$F$19,$E7+1,)) -> 交付単価 | I7: 11 | J7: =IF(OFFSET(活動計画書!$B$31,$I7,)="","",OFFSET(活動計画書!$B$31,$I7,)) | K7: =IF(OFFSET(活動計画書!$C$31,$I7+1,)="","",OFFSET(活動計画書!$C$31,$I7+1,)) | L7: =IF(OFFSET(活動計画書!$F$31,$I7+1,)="","",OFFSET(活動計画書!$F$31,$I7+1,)) | M7: 11 | N7: =IF(OFFSET(活動計画書!$E$122,$M7,)="","",OFFSET(活動計画書!$E$122,$M7,)) | O7: =IF(OFFSET(活動計画書!$E$122,$M7+1,)="","",OFFSET(活動計画書!$E$122,$M7+1,)) | P7: =IF(OFFSET(活動計画書!$K$122,$M7,)="","",OFFSET(活動計画書!$K$122,$M7,)) | Q7: =IF(OFFSET(活動計画書!$L$122,$M7,)="","",OFFSET(活動計画書!$L$122,$M7,)) | R7: =IF(OFFSET(活動計画書!$M$122,$M7,)="","",OFFSET(活動計画書!$M$122,$M7,)) | S7: =IF(OFFSET(活動計画書!$N$122,$M7,)="","",OFFSET(活動計画書!$N$122,$M7,)) | T7: =IF(OFFSET(活動計画書!$O$122,$M7,)="","",OFFSET(活動計画書!$O$122,$M7,)) | U7: =IF(OFFSET(活動計画書!$P$122,$M7,)="","",OFFSET(活動計画書!$P$122,$M7,)) | V7: =IF(OFFSET(活動計画書!$Q$122,$M7,)="","",OFFSET(活動計画書!$Q$122,$M7,)) | W7: =IF(OFFSET(活動計画書!$R$122,$M7,)="","",OFFSET(活動計画書!$R$122,$M7,)) | X7: =IF(OFFSET(活動計画書!$S$122,$M7,)="","",OFFSET(活動計画書!$S$122,$M7,)) | Y7: =IF(OFFSET(活動計画書!$T$122,$M7,)="","",OFFSET(活動計画書!$T$122,$M7,)) | Z7: =IF(OFFSET(活動計画書!$U$122,$M7,)="","",OFFSET(活動計画書!$U$122,$M7,)) | AA7: =IF(OFFSET(活動計画書!$V$122,$M7,)="","",OFFSET(活動計画書!$V$122,$M7,)) | AB7: 11 | AC7: =IF(OFFSET(活動計画書!$B$157,$AB7,)="","",OFFSET(活動計画書!$B$157,$AB7,)) | AD7: =IF(OFFSET(活動計画書!$D$157,$AB7,)="","",OFFSET(活動計画書!$D$157,$AB7,)) | AE7: =IF(OFFSET(活動計画書!$D$157,$AB7+1,)="","",OFFSET(活動計画書!$D$157,$AB7+1,)) | AF7: =IF(OFFSET(活動計画書!$H$157,$AB7,)="","",OFFSET(活動計画書!$H$157,$AB7,)) | AG7: =IF(OFFSET(活動計画書!$N$157,$AB7,)="","",OFFSET(活動計画書!$N$157,$AB7,)) | AH7: =IF(OFFSET(活動計画書!$P$157,$AB7,)="","",OFFSET(活動計画書!$P$157,$AB7,)) | AI7: =IF(OFFSET(活動計画書!$Q$157,$AB7,)="","",OFFSET(活動計画書!$Q$157,$AB7,)) | AJ7: =IF(OFFSET(活動計画書!$R$157,$AB7,)="","",OFFSET(活動計画書!$R$157,$AB7,)) | AK7: =IF(OFFSET(活動計画書!$S$157,$AB7,)="","",OFFSET(活動計画書!$S$157,$AB7,)) | AL7: =IF(OFFSET(活動計画書!$T$157,$AB7,)="","",OFFSET(活動計画書!$T$157,$AB7,)) | AM7: =IF(OFFSET(活動計画書!$U$157,$AB7,)="","",OFFSET(活動計画書!$U$157,$AB7,))
A8: 13 | B8: =IF(OFFSET(活動計画書!$B$7,$A8,)="","",OFFSET(活動計画書!$B$7,$A8,)) -> 田 | C8: =IF(OFFSET(活動計画書!$C$7,$A8+1,)="","",OFFSET(活動計画書!$C$7,$A8+1,)) -> 0 | D8: =IF(OFFSET(活動計画書!$F$7,$A8+1,)="","",OFFSET(活動計画書!$F$7,$A8+1,)) -> 0 | E8: 13 | F8: =IF(OFFSET(活動計画書!$B$19,$E8,)="","",OFFSET(活動計画書!$B$19,$E8,)) -> 田 | G8: =IF(OFFSET(活動計画書!$C$19,$E8+1,)="","",OFFSET(活動計画書!$C$19,$E8+1,)) -> 0 | H8: =IF(OFFSET(活動計画書!$F$19,$E8+1,)="","",OFFSET(活動計画書!$F$19,$E8+1,)) -> 0 | I8: 13 | J8: =IF(OFFSET(活動計画書!$B$31,$I8,)="","",OFFSET(活動計画書!$B$31,$I8,)) -> 実施予定年度 | K8: =IF(OFFSET(活動計画書!$C$31,$I8+1,)="","",OFFSET(活動計画書!$C$31,$I8+1,)) | L8: =IF(OFFSET(活動計画書!$F$31,$I8+1,)="","",OFFSET(活動計画書!$F$31,$I8+1,)) | M8: 13 | N8: =IF(OFFSET(活動計画書!$E$122,$M8,)="","",OFFSET(活動計画書!$E$122,$M8,)) | O8: =IF(OFFSET(活動計画書!$E$122,$M8+1,)="","",OFFSET(活動計画書!$E$122,$M8+1,)) | P8: =IF(OFFSET(活動計画書!$K$122,$M8,)="","",OFFSET(活動計画書!$K$122,$M8,)) | Q8: =IF(OFFSET(活動計画書!$L$122,$M8,)="","",OFFSET(活動計画書!$L$122,$M8,)) | R8: =IF(OFFSET(活動計画書!$M$122,$M8,)="","",OFFSET(活動計画書!$M$122,$M8,)) | S8: =IF(OFFSET(活動計画書!$N$122,$M8,)="","",OFFSET(活動計画書!$N$122,$M8,)) | T8: =IF(OFFSET(活動計画書!$O$122,$M8,)="","",OFFSET(活動計画書!$O$122,$M8,)) | U8: =IF(OFFSET(活動計画書!$P$122,$M8,)="","",OFFSET(活動計画書!$P$122,$M8,)) | V8: =IF(OFFSET(活動計画書!$Q$122,$M8,)="","",OFFSET(活動計画書!$Q$122,$M8,)) | W8: =IF(OFFSET(活動計画書!$R$122,$M8,)="","",OFFSET(活動計画書!$R$122,$M8,)) | X8: =IF(OFFSET(活動計画書!$S$122,$M8,)="","",OFFSET(活動計画書!$S$122,$M8,)) | Y8: =IF(OFFSET(活動計画書!$T$122,$M8,)="","",OFFSET(活動計画書!$T$122,$M8,)) | Z8: =IF(OFFSET(活動計画書!$U$122,$M8,)="","",OFFSET(活動計画書!$U$122,$M8,)) | AA8: =IF(OFFSET(活動計画書!$V$122,$M8,)="","",OFFSET(活動計画書!$V$122,$M8,)) -> 備考 | AB8: 13 | AC8: =IF(OFFSET(活動計画書!$B$157,$AB8,)="","",OFFSET(活動計画書!$B$157,$AB8,)) | AD8: =IF(OFFSET(活動計画書!$D$157,$AB8,)="","",OFFSET(活動計画書!$D$157,$AB8,)) | AE8: =IF(OFFSET(活動計画書!$D$157,$AB8+1,)="","",OFFSET(活動計画書!$D$157,$AB8+1,)) | AF8: =IF(OFFSET(活動計画書!$H$157,$AB8,)="","",OFFSET(活動計画書!$H$157,$AB8,)) | AG8: =IF(OFFSET(活動計画書!$N$157,$AB8,)="","",OFFSET(活動計画書!$N$157,$AB8,)) | AH8: =IF(OFFSET(活動計画書!$P$157,$AB8,)="","",OFFSET(活動計画書!$P$157,$AB8,)) | AI8: =IF(OFFSET(活動計画書!$Q$157,$AB8,)="","",OFFSET(活動計画書!$Q$157,$AB8,)) | AJ8: =IF(OFFSET(活動計画書!$R$157,$AB8,)="","",OFFSET(活動計画書!$R$157,$AB8,)) | AK8: =IF(OFFSET(活動計画書!$S$157,$AB8,)="","",OFFSET(活動計画書!$S$157,$AB8,)) | AL8: =IF(OFFSET(活動計画書!$T$157,$AB8,)="","",OFFSET(活動計画書!$T$157,$AB8,)) | AM8: =IF(OFFSET(活動計画書!$U$157,$AB8,)="","",OFFSET(活動計画書!$U$157,$AB8,))
A9: 15 | B9: =IF(OFFSET(活動計画書!$B$7,$A9,)="","",OFFSET(活動計画書!$B$7,$A9,)) -> 畑 | C9: =IF(OFFSET(活動計画書!$C$7,$A9+1,)="","",OFFSET(活動計画書!$C$7,$A9+1,)) -> 0 | D9: =IF(OFFSET(活動計画書!$F$7,$A9+1,)="","",OFFSET(活動計画書!$F$7,$A9+1,)) -> 0 | E9: 15 | F9: =IF(OFFSET(活動計画書!$B$19,$E9,)="","",OFFSET(活動計画書!$B$19,$E9,)) -> 畑 | G9: =IF(OFFSET(活動計画書!$C$19,$E9+1,)="","",OFFSET(活動計画書!$C$19,$E9+1,)) -> 0 | H9: =IF(OFFSET(活動計画書!$F$19,$E9+1,)="","",OFFSET(活動計画書!$F$19,$E9+1,)) -> 0 | I9: 15 | J9: =IF(OFFSET(活動計画書!$B$31,$I9,)="","",OFFSET(活動計画書!$B$31,$I9,)) -> 以下は市町村担当者と相談の上、記入してください。 | K9: =IF(OFFSET(活動計画書!$C$31,$I9+1,)="","",OFFSET(活動計画書!$C$31,$I9+1,)) | L9: =IF(OFFSET(活動計画書!$F$31,$I9+1,)="","",OFFSET(活動計画書!$F$31,$I9+1,)) | M9: 15 | N9: =IF(OFFSET(活動計画書!$E$122,$M9,)="","",OFFSET(活動計画書!$E$122,$M9,)) | O9: =IF(OFFSET(活動計画書!$E$122,$M9+1,)="","",OFFSET(活動計画書!$E$122,$M9+1,)) | P9: =IF(OFFSET(活動計画書!$K$122,$M9,)="","",OFFSET(活動計画書!$K$122,$M9,)) | Q9: =IF(OFFSET(活動計画書!$L$122,$M9,)="","",OFFSET(活動計画書!$L$122,$M9,)) | R9: =IF(OFFSET(活動計画書!$M$122,$M9,)="","",OFFSET(活動計画書!$M$122,$M9,)) | S9: =IF(OFFSET(活動計画書!$N$122,$M9,)="","",OFFSET(活動計画書!$N$122,$M9,)) | T9: =IF(OFFSET(活動計画書!$O$122,$M9,)="","",OFFSET(活動計画書!$O$122,$M9,)) | U9: =IF(OFFSET(活動計画書!$P$122,$M9,)="","",OFFSET(活動計画書!$P$122,$M9,)) | V9: =IF(OFFSET(活動計画書!$Q$122,$M9,)="","",OFFSET(活動計画書!$Q$122,$M9,)) | W9: =IF(OFFSET(活動計画書!$R$122,$M9,)="","",OFFSET(活動計画書!$R$122,$M9,)) | X9: =IF(OFFSET(活動計画書!$S$122,$M9,)="","",OFFSET(活動計画書!$S$122,$M9,)) | Y9: =IF(OFFSET(活動計画書!$T$122,$M9,)="","",OFFSET(活動計画書!$T$122,$M9,)) | Z9: =IF(OFFSET(活動計画書!$U$122,$M9,)="","",OFFSET(活動計画書!$U$122,$M9,)) | AA9: =IF(OFFSET(活動計画書!$V$122,$M9,)="","",OFFSET(活動計画書!$V$122,$M9,)) | AB9: 15 | AC9: =IF(OFFSET(活動計画書!$B$157,$AB9,)="","",OFFSET(活動計画書!$B$157,$AB9,)) | AD9: =IF(OFFSET(活動計画書!$D$157,$AB9,)="","",OFFSET(活動計画書!$D$157,$AB9,)) | AE9: =IF(OFFSET(活動計画書!$D$157,$AB9+1,)="","",OFFSET(活動計画書!$D$157,$AB9+1,)) | AF9: =IF(OFFSET(活動計画書!$H$157,$AB9,)="","",OFFSET(活動計画書!$H$157,$AB9,)) | AG9: =IF(OFFSET(活動計画書!$N$157,$AB9,)="","",OFFSET(活動計画書!$N$157,$AB9,)) | AH9: =IF(OFFSET(活動計画書!$P$157,$AB9,)="","",OFFSET(活動計画書!$P$157,$AB9,)) | AI9: =IF(OFFSET(活動計画書!$Q$157,$AB9,)="","",OFFSET(活動計画書!$Q$157,$AB9,)) | AJ9: =IF(OFFSET(活動計画書!$R$157,$AB9,)="","",OFFSET(活動計画書!$R$157,$AB9,)) | AK9: =IF(OFFSET(活動計画書!$S$157,$AB9,)="","",OFFSET(活動計画書!$S$157,$AB9,)) | AL9: =IF(OFFSET(活動計画書!$T$157,$AB9,)="","",OFFSET(活動計画書!$T$157,$AB9,)) | AM9: =IF(OFFSET(活動計画書!$U$157,$AB9,)="","",OFFSET(活動計画書!$U$157,$AB9,))
A10: 17 | B10: =IF(OFFSET(活動計画書!$B$7,$A10,)="","",OFFSET(活動計画書!$B$7,$A10,)) -> 草地 | C10: =IF(OFFSET(活動計画書!$C$7,$A10+1,)="","",OFFSET(活動計画書!$C$7,$A10+1,)) -> 0 | D10: =IF(OFFSET(活動計画書!$F$7,$A10+1,)="","",OFFSET(活動計画書!$F$7,$A10+1,)) -> 0 | E10: 17 | F10: =IF(OFFSET(活動計画書!$B$19,$E10,)="","",OFFSET(活動計画書!$B$19,$E10,)) -> 草地 | G10: =IF(OFFSET(活動計画書!$C$19,$E10+1,)="","",OFFSET(活動計画書!$C$19,$E10+1,)) -> 0 | H10: =IF(OFFSET(活動計画書!$F$19,$E10+1,)="","",OFFSET(活動計画書!$F$19,$E10+1,)) -> 0 | I10: 17 | J10: =IF(OFFSET(活動計画書!$B$31,$I10,)="","",OFFSET(活動計画書!$B$31,$I10,)) | K10: =IF(OFFSET(活動計画書!$C$31,$I10+1,)="","",OFFSET(活動計画書!$C$31,$I10+1,)) | L10: =IF(OFFSET(活動計画書!$F$31,$I10+1,)="","",OFFSET(活動計画書!$F$31,$I10+1,)) -> 都市的地域 | M10: 17 | N10: =IF(OFFSET(活動計画書!$E$122,$M10,)="","",OFFSET(活動計画書!$E$122,$M10,)) | O10: =IF(OFFSET(活動計画書!$E$122,$M10+1,)="","",OFFSET(活動計画書!$E$122,$M10+1,)) | P10: =IF(OFFSET(活動計画書!$K$122,$M10,)="","",OFFSET(活動計画書!$K$122,$M10,)) | Q10: =IF(OFFSET(活動計画書!$L$122,$M10,)="","",OFFSET(活動計画書!$L$122,$M10,)) | R10: =IF(OFFSET(活動計画書!$M$122,$M10,)="","",OFFSET(活動計画書!$M$122,$M10,)) | S10: =IF(OFFSET(活動計画書!$N$122,$M10,)="","",OFFSET(活動計画書!$N$122,$M10,)) | T10: =IF(OFFSET(活動計画書!$O$122,$M10,)="","",OFFSET(活動計画書!$O$122,$M10,)) | U10: =IF(OFFSET(活動計画書!$P$122,$M10,)="","",OFFSET(活動計画書!$P$122,$M10,)) | V10: =IF(OFFSET(活動計画書!$Q$122,$M10,)="","",OFFSET(活動計画書!$Q$122,$M10,)) | W10: =IF(OFFSET(活動計画書!$R$122,$M10,)="","",OFFSET(活動計画書!$R$122,$M10,)) | X10: =IF(OFFSET(活動計画書!$S$122,$M10,)="","",OFFSET(活動計画書!$S$122,$M10,)) | Y10: =IF(OFFSET(活動計画書!$T$122,$M10,)="","",OFFSET(活動計画書!$T$122,$M10,)) | Z10: =IF(OFFSET(活動計画書!$U$122,$M10,)="","",OFFSET(活動計画書!$U$122,$M10,)) | AA10: =IF(OFFSET(活動計画書!$V$122,$M10,)="","",OFFSET(活動計画書!$V$122,$M10,)) | AB10: 17 | AC10: =IF(OFFSET(活動計画書!$B$157,$AB10,)="","",OFFSET(活動計画書!$B$157,$AB10,)) | AD10: =IF(OFFSET(活動計画書!$D$157,$AB10,)="","",OFFSET(活動計画書!$D$157,$AB10,)) | AE10: =IF(OFFSET(活動計画書!$D$157,$AB10+1,)="","",OFFSET(活動計画書!$D$157,$AB10+1,)) | AF10: =IF(OFFSET(活動計画書!$H$157,$AB10,)="","",OFFSET(活動計画書!$H$157,$AB10,)) | AG10: =IF(OFFSET(活動計画書!$N$157,$AB10,)="","",OFFSET(活動計画書!$N$157,$AB10,)) | AH10: =IF(OFFSET(活動計画書!$P$157,$AB10,)="","",OFFSET(活動計画書!$P$157,$AB10,)) | AI10: =IF(OFFSET(活動計画書!$Q$157,$AB10,)="","",OFFSET(活動計画書!$Q$157,$AB10,)) | AJ10: =IF(OFFSET(活動計画書!$R$157,$AB10,)="","",OFFSET(活動計画書!$R$157,$AB10,)) | AK10: =IF(OFFSET(活動計画書!$S$157,$AB10,)="","",OFFSET(活動計画書!$S$157,$AB10,)) | AL10: =IF(OFFSET(活動計画書!$T$157,$AB10,)="","",OFFSET(活動計画書!$T$157,$AB10,)) | AM10: =IF(OFFSET(活動計画書!$U$157,$AB10,)="","",OFFSET(活動計画書!$U$157,$AB10,))
A11: 19 | B11: =IF(OFFSET(活動計画書!$B$7,$A11,)="","",OFFSET(活動計画書!$B$7,$A11,)) -> この線より上に行を挿入してください。 | C11: =IF(OFFSET(活動計画書!$C$7,$A11+1,)="","",OFFSET(活動計画書!$C$7,$A11+1,)) -> 0 | D11: =IF(OFFSET(活動計画書!$F$7,$A11+1,)="","",OFFSET(活動計画書!$F$7,$A11+1,)) | E11: 19 | F11: =IF(OFFSET(活動計画書!$B$19,$E11,)="","",OFFSET(活動計画書!$B$19,$E11,)) -> この線より上に行を挿入してください。 | G11: =IF(OFFSET(活動計画書!$C$19,$E11+1,)="","",OFFSET(活動計画書!$C$19,$E11+1,)) -> 0 | H11: =IF(OFFSET(活動計画書!$F$19,$E11+1,)="","",OFFSET(活動計画書!$F$19,$E11+1,)) | I11: 19 | J11: =IF(OFFSET(活動計画書!$B$31,$I11,)="","",OFFSET(活動計画書!$B$31,$I11,)) | K11: =IF(OFFSET(活動計画書!$C$31,$I11+1,)="","",OFFSET(活動計画書!$C$31,$I11+1,)) | L11: =IF(OFFSET(活動計画書!$F$31,$I11+1,)="","",OFFSET(活動計画書!$F$31,$I11+1,)) | M11: 19 | N11: =IF(OFFSET(活動計画書!$E$122,$M11,)="","",OFFSET(活動計画書!$E$122,$M11,)) | O11: =IF(OFFSET(活動計画書!$E$122,$M11+1,)="","",OFFSET(活動計画書!$E$122,$M11+1,)) | P11: =IF(OFFSET(活動計画書!$K$122,$M11,)="","",OFFSET(活動計画書!$K$122,$M11,)) | Q11: =IF(OFFSET(活動計画書!$L$122,$M11,)="","",OFFSET(活動計画書!$L$122,$M11,)) | R11: =IF(OFFSET(活動計画書!$M$122,$M11,)="","",OFFSET(活動計画書!$M$122,$M11,)) | S11: =IF(OFFSET(活動計画書!$N$122,$M11,)="","",OFFSET(活動計画書!$N$122,$M11,)) | T11: =IF(OFFSET(活動計画書!$O$122,$M11,)="","",OFFSET(活動計画書!$O$122,$M11,)) | U11: =IF(OFFSET(活動計画書!$P$122,$M11,)="","",OFFSET(活動計画書!$P$122,$M11,)) | V11: =IF(OFFSET(活動計画書!$Q$122,$M11,)="","",OFFSET(活動計画書!$Q$122,$M11,)) | W11: =IF(OFFSET(活動計画書!$R$122,$M11,)="","",OFFSET(活動計画書!$R$122,$M11,)) | X11: =IF(OFFSET(活動計画書!$S$122,$M11,)="","",OFFSET(活動計画書!$S$122,$M11,)) | Y11: =IF(OFFSET(活動計画書!$T$122,$M11,)="","",OFFSET(活動計画書!$T$122,$M11,)) | Z11: =IF(OFFSET(活動計画書!$U$122,$M11,)="","",OFFSET(活動計画書!$U$122,$M11,)) | AA11: =IF(OFFSET(活動計画書!$V$122,$M11,)="","",OFFSET(活動計画書!$V$122,$M11,)) | AB11: 19 | AC11: =IF(OFFSET(活動計画書!$B$157,$AB11,)="","",OFFSET(活動計画書!$B$157,$AB11,)) | AD11: =IF(OFFSET(活動計画書!$D$157,$AB11,)="","",OFFSET(活動計画書!$D$157,$AB11,)) | AE11: =IF(OFFSET(活動計画書!$D$157,$AB11+1,)="","",OFFSET(活動計画書!$D$157,$AB11+1,)) | AF11: =IF(OFFSET(活動計画書!$H$157,$AB11,)="","",OFFSET(活動計画書!$H$157,$AB11,)) | AG11: =IF(OFFSET(活動計画書!$N$157,$AB11,)="","",OFFSET(活動計画書!$N$157,$AB11,)) | AH11: =IF(OFFSET(活動計画書!$P$157,$AB11,)="","",OFFSET(活動計画書!$P$157,$AB11,)) | AI11: =IF(OFFSET(活動計画書!$Q$157,$AB11,)="","",OFFSET(活動計画書!$Q$157,$AB11,)) | AJ11: =IF(OFFSET(活動計画書!$R$157,$AB11,)="","",OFFSET(活動計画書!$R$157,$AB11,)) | AK11: =IF(OFFSET(活動計画書!$S$157,$AB11,)="","",OFFSET(活動計画書!$S$157,$AB11,)) | AL11: =IF(OFFSET(活動計画書!$T$157,$AB11,)="","",OFFSET(活動計画書!$T$157,$AB11,)) | AM11: =IF(OFFSET(活動計画書!$U$157,$AB11,)="","",OFFSET(活動計画書!$U$157,$AB11,))
A12: 21 | B12: =IF(OFFSET(活動計画書!$B$7,$A12,)="","",OFFSET(活動計画書!$B$7,$A12,)) | C12: =IF(OFFSET(活動計画書!$C$7,$A12+1,)="","",OFFSET(活動計画書!$C$7,$A12+1,)) | D12: =IF(OFFSET(活動計画書!$F$7,$A12+1,)="","",OFFSET(活動計画書!$F$7,$A12+1,)) | E12: 21 | F12: =IF(OFFSET(活動計画書!$B$19,$E12,)="","",OFFSET(活動計画書!$B$19,$E12,)) | G12: =IF(OFFSET(活動計画書!$C$19,$E12+1,)="","",OFFSET(活動計画書!$C$19,$E12+1,)) | H12: =IF(OFFSET(活動計画書!$F$19,$E12+1,)="","",OFFSET(活動計画書!$F$19,$E12+1,)) | I12: 21 | J12: =IF(OFFSET(活動計画書!$B$31,$I12,)="","",OFFSET(活動計画書!$B$31,$I12,)) | K12: =IF(OFFSET(活動計画書!$C$31,$I12+1,)="","",OFFSET(活動計画書!$C$31,$I12+1,)) | L12: =IF(OFFSET(活動計画書!$F$31,$I12+1,)="","",OFFSET(活動計画書!$F$31,$I12+1,)) | M12: 21 | N12: =IF(OFFSET(活動計画書!$E$122,$M12,)="","",OFFSET(活動計画書!$E$122,$M12,)) | O12: =IF(OFFSET(活動計画書!$E$122,$M12+1,)="","",OFFSET(活動計画書!$E$122,$M12+1,)) | P12: =IF(OFFSET(活動計画書!$K$122,$M12,)="","",OFFSET(活動計画書!$K$122,$M12,)) | Q12: =IF(OFFSET(活動計画書!$L$122,$M12,)="","",OFFSET(活動計画書!$L$122,$M12,)) | R12: =IF(OFFSET(活動計画書!$M$122,$M12,)="","",OFFSET(活動計画書!$M$122,$M12,)) | S12: =IF(OFFSET(活動計画書!$N$122,$M12,)="","",OFFSET(活動計画書!$N$122,$M12,)) | T12: =IF(OFFSET(活動計画書!$O$122,$M12,)="","",OFFSET(活動計画書!$O$122,$M12,)) | U12: =IF(OFFSET(活動計画書!$P$122,$M12,)="","",OFFSET(活動計画書!$P$122,$M12,)) | V12: =IF(OFFSET(活動計画書!$Q$122,$M12,)="","",OFFSET(活動計画書!$Q$122,$M12,)) | W12: =IF(OFFSET(活動計画書!$R$122,$M12,)="","",OFFSET(活動計画書!$R$122,$M12,)) | X12: =IF(OFFSET(活動計画書!$S$122,$M12,)="","",OFFSET(活動計画書!$S$122,$M12,)) | Y12: =IF(OFFSET(活動計画書!$T$122,$M12,)="","",OFFSET(活動計画書!$T$122,$M12,)) | Z12: =IF(OFFSET(活動計画書!$U$122,$M12,)="","",OFFSET(活動計画書!$U$122,$M12,)) | AA12: =IF(OFFSET(活動計画書!$V$122,$M12,)="","",OFFSET(活動計画書!$V$122,$M12,)) | AB12: 21 | AC12: =IF(OFFSET(活動計画書!$B$157,$AB12,)="","",OFFSET(活動計画書!$B$157,$AB12,)) | AD12: =IF(OFFSET(活動計画書!$D$157,$AB12,)="","",OFFSET(活動計画書!$D$157,$AB12,)) | AE12: =IF(OFFSET(活動計画書!$D$157,$AB12+1,)="","",OFFSET(活動計画書!$D$157,$AB12+1,)) | AF12: =IF(OFFSET(活動計画書!$H$157,$AB12,)="","",OFFSET(活動計画書!$H$157,$AB12,)) | AG12: =IF(OFFSET(活動計画書!$N$157,$AB12,)="","",OFFSET(活動計画書!$N$157,$AB12,)) | AH12: =IF(OFFSET(活動計画書!$P$157,$AB12,)="","",OFFSET(活動計画書!$P$157,$AB12,)) | AI12: =IF(OFFSET(活動計画書!$Q$157,$AB12,)="","",OFFSET(活動計画書!$Q$157,$AB12,)) | AJ12: =IF(OFFSET(活動計画書!$R$157,$AB12,)="","",OFFSET(活動計画書!$R$157,$AB12,)) | AK12: =IF(OFFSET(活動計画書!$S$157,$AB12,)="","",OFFSET(活動計画書!$S$157,$AB12,)) | AL12: =IF(OFFSET(活動計画書!$T$157,$AB12,)="","",OFFSET(活動計画書!$T$157,$AB12,)) | AM12: =IF(OFFSET(活動計画書!$U$157,$AB12,)="","",OFFSET(活動計画書!$U$157,$AB12,))
A13: 23 | B13: =IF(OFFSET(活動計画書!$B$7,$A13,)="","",OFFSET(活動計画書!$B$7,$A13,)) | C13: =IF(OFFSET(活動計画書!$C$7,$A13+1,)="","",OFFSET(活動計画書!$C$7,$A13+1,)) -> 対象農用地面積 | D13: =IF(OFFSET(活動計画書!$F$7,$A13+1,)="","",OFFSET(活動計画書!$F$7,$A13+1,)) -> 交付単価 | E13: 23 | F13: =IF(OFFSET(活動計画書!$B$19,$E13,)="","",OFFSET(活動計画書!$B$19,$E13,)) | G13: =IF(OFFSET(活動計画書!$C$19,$E13+1,)="","",OFFSET(活動計画書!$C$19,$E13+1,)) | H13: =IF(OFFSET(活動計画書!$F$19,$E13+1,)="","",OFFSET(活動計画書!$F$19,$E13+1,)) | I13: 23 | J13: =IF(OFFSET(活動計画書!$B$31,$I13,)="","",OFFSET(活動計画書!$B$31,$I13,)) | K13: =IF(OFFSET(活動計画書!$C$31,$I13+1,)="","",OFFSET(活動計画書!$C$31,$I13+1,)) | L13: =IF(OFFSET(活動計画書!$F$31,$I13+1,)="","",OFFSET(活動計画書!$F$31,$I13+1,)) | M13: 23 | N13: =IF(OFFSET(活動計画書!$E$122,$M13,)="","",OFFSET(活動計画書!$E$122,$M13,)) | O13: =IF(OFFSET(活動計画書!$E$122,$M13+1,)="","",OFFSET(活動計画書!$E$122,$M13+1,)) | P13: =IF(OFFSET(活動計画書!$K$122,$M13,)="","",OFFSET(活動計画書!$K$122,$M13,)) | Q13: =IF(OFFSET(活動計画書!$L$122,$M13,)="","",OFFSET(活動計画書!$L$122,$M13,)) | R13: =IF(OFFSET(活動計画書!$M$122,$M13,)="","",OFFSET(活動計画書!$M$122,$M13,)) | S13: =IF(OFFSET(活動計画書!$N$122,$M13,)="","",OFFSET(活動計画書!$N$122,$M13,)) | T13: =IF(OFFSET(活動計画書!$O$122,$M13,)="","",OFFSET(活動計画書!$O$122,$M13,)) | U13: =IF(OFFSET(活動計画書!$P$122,$M13,)="","",OFFSET(活動計画書!$P$122,$M13,)) | V13: =IF(OFFSET(活動計画書!$Q$122,$M13,)="","",OFFSET(活動計画書!$Q$122,$M13,)) | W13: =IF(OFFSET(活動計画書!$R$122,$M13,)="","",OFFSET(活動計画書!$R$122,$M13,)) | X13: =IF(OFFSET(活動計画書!$S$122,$M13,)="","",OFFSET(活動計画書!$S$122,$M13,)) | Y13: =IF(OFFSET(活動計画書!$T$122,$M13,)="","",OFFSET(活動計画書!$T$122,$M13,)) | Z13: =IF(OFFSET(活動計画書!$U$122,$M13,)="","",OFFSET(活動計画書!$U$122,$M13,)) | AA13: =IF(OFFSET(活動計画書!$V$122,$M13,)="","",OFFSET(活動計画書!$V$122,$M13,)) | AB13: 23 | AC13: =IF(OFFSET(活動計画書!$B$157,$AB13,)="","",OFFSET(活動計画書!$B$157,$AB13,)) | AD13: =IF(OFFSET(活動計画書!$D$157,$AB13,)="","",OFFSET(活動計画書!$D$157,$AB13,)) | AE13: =IF(OFFSET(活動計画書!$D$157,$AB13+1,)="","",OFFSET(活動計画書!$D$157,$AB13+1,)) | AF13: =IF(OFFSET(活動計画書!$H$157,$AB13,)="","",OFFSET(活動計画書!$H$157,$AB13,)) | AG13: =IF(OFFSET(活動計画書!$N$157,$AB13,)="","",OFFSET(活動計画書!$N$157,$AB13,)) | AH13: =IF(OFFSET(活動計画書!$P$157,$AB13,)="","",OFFSET(活動計画書!$P$157,$AB13,)) | AI13: =IF(OFFSET(活動計画書!$Q$157,$AB13,)="","",OFFSET(活動計画書!$Q$157,$AB13,)) | AJ13: =IF(OFFSET(活動計画書!$R$157,$AB13,)="","",OFFSET(活動計画書!$R$157,$AB13,)) | AK13: =IF(OFFSET(活動計画書!$S$157,$AB13,)="","",OFFSET(活動計画書!$S$157,$AB13,)) | AL13: =IF(OFFSET(活動計画書!$T$157,$AB13,)="","",OFFSET(活動計画書!$T$157,$AB13,)) | AM13: =IF(OFFSET(活動計画書!$U$157,$AB13,)="","",OFFSET(活動計画書!$U$157,$AB13,))
... A300: 597 | B300: =IF(OFFSET(活動計画書!$B$7,$A300,)="","",OFFSET(活動計画書!$B$7,$A300,)) | C300: =IF(OFFSET(活動計画書!$C$7,$A300+1,)="","",OFFSET(活動計画書!$C$7,$A300+1,)) | D300: =IF(OFFSET(活動計画書!$F$7,$A300+1,)="","",OFFSET(活動計画書!$F$7,$A300+1,)) | E300: 597 | F300: =IF(OFFSET(活動計画書!$B$19,$E300,)="","",OFFSET(活動計画書!$B$19,$E300,)) | G300: =IF(OFFSET(活動計画書!$C$19,$E300+1,)="","",OFFSET(活動計画書!$C$19,$E300+1,)) | H300: =IF(OFFSET(活動計画書!$F$19,$E300+1,)="","",OFFSET(活動計画書!$F$19,$E300+1,)) | I300: 597 | J300: =IF(OFFSET(活動計画書!$B$31,$I300,)="","",OFFSET(活動計画書!$B$31,$I300,)) | K300: =IF(OFFSET(活動計画書!$C$31,$I300+1,)="","",OFFSET(活動計画書!$C$31,$I300+1,)) | L300: =IF(OFFSET(活動計画書!$F$31,$I300+1,)="","",OFFSET(活動計画書!$F$31,$I300+1,)) | M300: 597 | N300: =IF(OFFSET(活動計画書!$E$122,$M300,)="","",OFFSET(活動計画書!$E$122,$M300,)) | O300: =IF(OFFSET(活動計画書!$E$122,$M300+1,)="","",OFFSET(活動計画書!$E$122,$M300+1,)) | P300: =IF(OFFSET(活動計画書!$K$122,$M300,)="","",OFFSET(活動計画書!$K$122,$M300,)) | Q300: =IF(OFFSET(活動計画書!$L$122,$M300,)="","",OFFSET(活動計画書!$L$122,$M300,)) | R300: =IF(OFFSET(活動計画書!$M$122,$M300,)="","",OFFSET(活動計画書!$M$122,$M300,)) | S300: =IF(OFFSET(活動計画書!$N$122,$M300,)="","",OFFSET(活動計画書!$N$122,$M300,)) | T300: =IF(OFFSET(活動計画書!$O$122,$M300,)="","",OFFSET(活動計画書!$O$122,$M300,)) | U300: =IF(OFFSET(活動計画書!$P$122,$M300,)="","",OFFSET(活動計画書!$P$122,$M300,)) | V300: =IF(OFFSET(活動計画書!$Q$122,$M300,)="","",OFFSET(活動計画書!$Q$122,$M300,)) | W300: =IF(OFFSET(活動計画書!$R$122,$M300,)="","",OFFSET(活動計画書!$R$122,$M300,)) | X300: =IF(OFFSET(活動計画書!$S$122,$M300,)="","",OFFSET(活動計画書!$S$122,$M300,)) | Y300: =IF(OFFSET(活動計画書!$T$122,$M300,)="","",OFFSET(活動計画書!$T$122,$M300,)) | Z300: =IF(OFFSET(活動計画書!$U$122,$M300,)="","",OFFSET(活動計画書!$U$122,$M300,)) | AA300: =IF(OFFSET(活動計画書!$V$122,$M300,)="","",OFFSET(活動計画書!$V$122,$M300,)) | AB300: 597 | AC300: =IF(OFFSET(活動計画書!$B$157,$AB300,)="","",OFFSET(活動計画書!$B$157,$AB300,)) | AD300: =IF(OFFSET(活動計画書!$D$157,$AB300,)="","",OFFSET(活動計画書!$D$157,$AB300,)) | AE300: =IF(OFFSET(活動計画書!$D$157,$AB300+1,)="","",OFFSET(活動計画書!$D$157,$AB300+1,)) | AF300: =IF(OFFSET(活動計画書!$H$157,$AB300,)="","",OFFSET(活動計画書!$H$157,$AB300,)) | AG300: =IF(OFFSET(活動計画書!$N$157,$AB300,)="","",OFFSET(活動計画書!$N$157,$AB300,)) | AH300: =IF(OFFSET(活動計画書!$P$157,$AB300,)="","",OFFSET(活動計画書!$P$157,$AB300,)) | AI300: =IF(OFFSET(活動計画書!$Q$157,$AB300,)="","",OFFSET(活動計画書!$Q$157,$AB300,)) | AJ300: =IF(OFFSET(活動計画書!$R$157,$AB300,)="","",OFFSET(活動計画書!$R$157,$AB300,)) | AK300: =IF(OFFSET(活動計画書!$S$157,$AB300,)="","",OFFSET(活動計画書!$S$157,$AB300,)) | AL300: =IF(OFFSET(活動計画書!$T$157,$AB300,)="","",OFFSET(活動計画書!$T$157,$AB300,)) | AM300: =IF(OFFSET(活動計画書!$U$157,$AB300,)="","",OFFSET(活動計画書!$U$157,$AB300,))

Sheet データ取込シート_活動計画書
A1: 広域活動組織 | B1: 地目01 | C1: 対象農用地面積01 | D1: 交付単価01 | E1: 地目を田から畑に変更する面積 | F1: 地目02 | G1: 対象農用地面積02 | H1: 交付単価02 | I1: 地目03 | J1: 対象農用地面積03 | K1: 交付単価03 | L1: 広域活動組織となるための規模要件を満たさない場合はチェック | N1: 広域活動組織の設立：実施予定年度 | O1: 特定非営利活動法人化：実施予定年度 | P1: 集落数 | Q1: 都市的地域 | R1: 平地農業地域 | S1: 中間農業地域 | T1: 山間農業地域 | U1: 特定農山村 | V1: 振興山村 | W1: 過疎 | X1: 半島 | Y1: 離島 | Z1: 沖縄 | AA1: 奄美群島 | AB1: 小笠原諸島 | AC1: ＜指定棚田地域の該当状況＞ | AD1: 農地維持支払11 | AE1: 資源向上支払（共同）11 | AF1: 資源向上支払（長寿命化）11 | AG1: 活動項目01 | AH1: 4月01 | AI1: 5月01 | AJ1: 6月01 | AK1: 7月01 | AL1: 8月01 | AM1: 9月01 | AN1: 10月01 | AO1: 11月01 | AP1: 12月01 | AQ1: 1月01 | AR1: 2月01 | AS1: 3月01 | AT1: 備考01 | AU1: 毎年度の実施時期01 | AV1: ①中心経営体との役割分担による保全管理 | AW1: ②集落営農組織を基礎とした地域ぐるみの保全管理 | AX1: ③地域外の経営体との協力・役割分担による保全管理 | AY1: ④集落間連携や広域的活動による保全管理 | AZ1: ⑤多様な地域資源管理の担い手による保全管理 | BA1: ⑥その他01 | BB1: ※「⑥その他」を選択した場合は内容を記入してください。 | BC1: ①農地の利用集積に伴う管理作業 | BD1: ②高齢農家の農用地に係る管理作業 | BE1: ③不在村地主等の遊休農地に係る管理作業 | BF1: ④共同利用施設の保全管理 | BG1: ⑤その他02 | BH1: ※「⑤その他」を選択した場合は内容を記入してください。 | BI1: ①担い手の人材・機材の有効活用、連携強化 | BJ1: ②入り作等の近隣の担い手との協力 | BK1: ③地域住民、土地持ち非農家等を含めた体制づくり | BL1: ④新たな保全管理の担い手の確保 | BM1: ⑤不在村地主との連絡・調整体制の構築 | BN1: ⑥集落間の連携や広域的な活動 | BO1: ⑦その他03 | BP1: ※「⑦その他」を選択した場合は内容を記入してください。 | BQ1: 17．入り作農家や土地持ち非農家を含む農業者の検討会の開催 | BR1: 18．農業者に対する意向調査、農業者による現地調査 | BS1: 19．不在村地主との連絡体制の整備、調整等 | BT1: 20．集落外の住民・組織や地域住民との意見交換・ワークショップ・交流会の開催 | BU1: 21．地域住民等に対する意向調査、地域住民等との集落内調査 | BV1: 22．有識者等による研修会、検討会の開催 | BW1: 23．その他04 | BX1: ※「23．その他」を選択した場合は内容を記入してください。 | BY1: 活動項目03 | BZ1: 4月02 | CA1: 5月02 | CB1: 6月02 | CC1: 7月02 | CD1: 8月02 | CE1: 9月02 | CF1: 10月02 | CG1: 11月02 | CH1: 12月02 | CI1: 1月02 | CJ1: 2月02 | CK1: 3月02 | CL1: 備考02 | CM1: 毎年度の実施時期02 | CN1: 活動区分03-1 | CO1: 活動区分03-2 | CP1: 活動項目03-1 | CQ1: 活動項目03-2 | CR1: 4月02 | CS1: 5月02 | CT1: 6月02 | CU1: 7月02 | CV1: 8月02 | CW1: 9月02 | CX1: 10月02 | CY1: 11月02 | CZ1: 12月02 | DA1: 1月02 | DB1: 2月02 | DC1: 3月02 | DD1: 活動項目05 | DE1: 4月05 | DF1: 5月05 | DG1: 6月05 | DH1: 7月05 | DI1: 8月05 | DJ1: 9月05 | DK1: 10月05 | DL1: 11月05 | DM1: 12月05 | DN1: 1月05 | DO1: 2月05 | DP1: 3月05 | DQ1: 備考05 | DR1: 農村環境保全活動を１テーマ追加 | DS1: 農村環境保全活動のテーマ | DT1: 「高度な保全活動の実施」 | DU1: 高度な保全活動の活動項目 | DV1: 59．都道府県、市町村が特に認める活動 を選択した場合、具体的な活動内容を記載してください。 | DW1: 施設区分06 | DX1: 活動項目①06 | DY1: 活動項目②06 | DZ1: 内容06 | EA1: 延べ数量06 | EB1: 単位06 | EC1: 年度計画1年目 | ED1: 年度計画2年目 | EE1: 年度計画3年目 | EF1: 年度計画4年目 | EG1: 年度計画5年目 | EH1: 直営施工の実施方針
A2: =IF(活動計画書!K4="○","true","false") -> false | B2: =IF(COUNTIF(データ取込シート_活動計画書_整理用!$B$2:'データ取込シート_活動計画書_整理用'!$B2,"この線より上に行を挿入してください。")=0,データ取込シート_活動計画書_整理用!$B2,"") -> 田 | C2: =IF(COUNTIF(データ取込シート_活動計画書_整理用!$B$2:'データ取込シート_活動計画書_整理用'!$B2,"この線より上に行を挿入してください。")=0,データ取込シート_活動計画書_整理用!$C2,"") -> 0 | D2: =IF(COUNTIF(データ取込シート_活動計画書_整理用!$B$2:'データ取込シート_活動計画書_整理用'!$B2,"この線より上に行を挿入してください。")=0,データ取込シート_活動計画書_整理用!$D2,"") -> 0 | E2: =IF(活動計画書!U14<>"",活動計画書!U14,"") -> 0 | F2: =IF(COUNTIF(データ取込シート_活動計画書_整理用!$F$2:'データ取込シート_活動計画書_整理用'!$F2,"この線より上に行を挿入してください。")=0,データ取込シート_活動計画書_整理用!$F2,"") -> 田 | G2: =IF(COUNTIF(データ取込シート_活動計画書_整理用!$F$2:'データ取込シート_活動計画書_整理用'!$F2,"この線より上に行を挿入してください。")=0,データ取込シート_活動計画書_整理用!$G2,"") -> 0 | H2: =IF(COUNTIF(データ取込シート_活動計画書_整理用!$F$2:'データ取込シート_活動計画書_整理用'!$F2,"この線より上に行を挿入してください。")=0,データ取込シート_活動計画書_整理用!$H2,"") -> 0 | I2: =IF(COUNTIF(データ取込シート_活動計画書_整理用!$J$2:'データ取込シート_活動計画書_整理用'!$J2,"この線より上に行を挿入してください。")=0,データ取込シート_活動計画書_整理用!$J2,"") -> 田 | J2: =IF(COUNTIF(データ取込シート_活動計画書_整理用!$J$2:'データ取込シート_活動計画書_整理用'!$J2,"この線より上に行を挿入してください。")=0,データ取込シート_活動計画書_整理用!$K2,"") -> 0 | K2: =IF(COUNTIF(データ取込シート_活動計画書_整理用!$J$2:'データ取込シート_活動計画書_整理用'!$J2,"この線より上に行を挿入してください。")=0,データ取込シート_活動計画書_整理用!$L2,"") -> 0 | L2: =IF(活動計画書!V38="○","true","false") -> false | N2: =IF(活動計画書!F44<>"",活動計画書!F44,"") | O2: =IF(活動計画書!K44<>"",活動計画書!K44,"") | P2: =IF(活動計画書!E47<>"",活動計画書!E47,"") | Q2: =IF(活動計画書!E49="○","true","false") -> false | R2: =IF(活動計画書!I49="○","true","false") -> false | S2: =IF(活動計画書!M49="○","true","false") -> false | T2: =IF(活動計画書!Q49="○","true","false") -> false | U2: =IF(活動計画書!G51="○","true","false") -> false | V2: =IF(活動計画書!J51="○","true","false") -> false | W2: =IF(活動計画書!M51="○","true","false") -> false | X2: =IF(活動計画書!P51="○","true","false") -> false | Y2: =IF(活動計画書!G53="○","true","false") -> false | Z2: =IF(活動計画書!J53="○","true","false") -> false | AA2: =IF(活動計画書!M53="○","true","false") -> false | AB2: =IF(活動計画書!P53="○","true","false") -> false | AC2: =IF(活動計画書!G55="○","true","false") -> false | AD2: =IF(活動計画書!E58<>"",活動計画書!E58,"") -> 0 | AE2: =IF(活動計画書!K58<>"",活動計画書!K58,"") -> 0 | AF2: =IF(活動計画書!S58<>"",活動計画書!S58,"") -> 0 | AG2: １ 点検 | AH2: =IF(活動計画書!K65="○","true","false") -> false | AI2: =IF(活動計画書!L65="○","true","false") -> false | AJ2: =IF(活動計画書!M65="○","true","false") -> false | AK2: =IF(活動計画書!N65="○","true","false") -> false | AL2: =IF(活動計画書!O65="○","true","false") -> false | AM2: =IF(活動計画書!P65="○","true","false") -> false | AN2: =IF(活動計画書!Q65="○","true","false") -> false | AO2: =IF(活動計画書!R65="○","true","false") -> false | ... AS2: =IF(活動計画書!V65="○","true","false") -> false | AT2: =IF(活動計画書!K65<>"",活動計画書!K65,"") | AU2: =IF(活動計画書!K65<>"","true","false") -> false | AV2: =IF(活動計画書!B84="○","true","false") -> false | AW2: =IF(活動計画書!B85="○","true","false") -> false | AX2: =IF(活動計画書!B86="○","true","false") -> false | AY2: =IF(活動計画書!M84="○","true","false") -> false | AZ2: =IF(活動計画書!M85="○","true","false") -> false | BA2: =IF(活動計画書!M86="○","true","false") -> false | BB2: =IF(活動計画書!Q86<>"",活動計画書!Q86,"") | BC2: =IF(活動計画書!B88="○","true","false") -> false | BD2: =IF(活動計画書!B89="○","true","false") -> false | BE2: =IF(活動計画書!B90="○","true","false") -> false | BF2: =IF(活動計画書!M88="○","true","false") -> false | BG2: =IF(活動計画書!M89="○","true","false") -> false | BH2: =IF(活動計画書!Q89<>"",活動計画書!Q89,"") | BI2: =IF(活動計画書!B92="○","true","false") -> false | BJ2: =IF(活動計画書!B93="○","true","false") -> false | BK2: =IF(活動計画書!B94="○","true","false") -> false | BL2: =IF(活動計画書!B95="○","true","false") -> false | BM2: =IF(活動計画書!M92="○","true","false") -> false | BN2: =IF(活動計画書!M93="○","true","false") -> false | BO2: =IF(活動計画書!M94="○","true","false") -> false | BP2: =IF(活動計画書!Q94<>"",活動計画書!Q94,"") | BQ2: =IF(活動計画書!B97="○","true","false") -> false | BR2: =IF(活動計画書!B98="○","true","false") -> false | BS2: =IF(活動計画書!B99="○","true","false") -> false | BT2: =IF(活動計画書!B100="○","true","false") -> false | BU2: =IF(活動計画書!M97="○","true","false") -> false | BV2: =IF(活動計画書!M98="○","true","false") -> false | BW2: =IF(活動計画書!M99="○","true","false") -> false | BX2: =IF(活動計画書!Q99<>"",活動計画書!Q99,"") | BY2: =IF(活動計画書!E106<>"",活動計画書!E106,"") -> 24 農用地の機能診断 | BZ2: =IF(活動計画書!K106="○","true","false") -> false | CA2: =IF(活動計画書!L106="○","true","false") -> false | CB2: =IF(活動計画書!M106="○","true","false") -> false | CC2: =IF(活動計画書!N106="○","true","false") -> false | CD2: =IF(活動計画書!O106="○","true","false") -> false | CE2: =IF(活動計画書!P106="○","true","false") -> false | CF2: =IF(活動計画書!Q106="○","true","false") -> false | CG2: =IF(活動計画書!R106="○","true","false") -> false | ... CK2: =IF(活動計画書!V106="○","true","false") -> false | CL2: =IF(活動計画書!K106<>"",活動計画書!K106,"") | CM2: =IF(活動計画書!K106<>"","true","false") -> false | CN2: =IF(NOT(CP2=""),"農村環境保全活動","") | CO2: =IF(NOT(CP2=""),"実践活動","") | CP2: =IF(COUNTIF(データ取込シート_活動計画書_整理用!$N$2:'データ取込シート_活動計画書_整理用'!$N2,"この線より上に行を挿入してください。")=0,データ取込シート_活動計画書_整理用!$N2,"") | CQ2: =IF(COUNTIF(データ取込シート_活動計画書_整理用!$N$2:'データ取込シート_活動計画書_整理用'!$N2,"この線より上に行を挿入してください。")=0,データ取込シート_活動計画書_整理用!$O2,"") | CR2: =IF(COUNTIF(データ取込シート_活動計画書_整理用!$N$2:'データ取込シート_活動計画書_整理用'!$N2,"この線より上に行を挿入してください。")=0,IF(データ取込シート_活動計画書_整理用!$P2="○","true","false"),"") -> false | CS2: =IF(COUNTIF(データ取込シート_活動計画書_整理用!$N$2:'データ取込シート_活動計画書_整理用'!$N2,"この線より上に行を挿入してください。")=0,IF(データ取込シート_活動計画書_整理用!$Q2="○","true","false"),"") -> false | CT2: =IF(COUNTIF(データ取込シート_活動計画書_整理用!$N$2:'データ取込シート_活動計画書_整理用'!$N2,"この線より上に行を挿入してください。")=0,IF(データ取込シート_活動計画書_整理用!$R2="○","true","false"),"") -> false | CU2: =IF(COUNTIF(データ取込シート_活動計画書_整理用!$N$2:'データ取込シート_活動計画書_整理用'!$N2,"この線より上に行を挿入してください。")=0,IF(データ取込シート_活動計画書_整理用!$S2="○","true","false"),"") -> false | CV2: =IF(COUNTIF(データ取込シート_活動計画書_整理用!$N$2:'データ取込シート_活動計画書_整理用'!$N2,"この線より上に行を挿入してください。")=0,IF(データ取込シート_活動計画書_整理用!$T2="○","true","false"),"") -> false | CW2: =IF(COUNTIF(データ取込シート_活動計画書_整理用!$N$2:'データ取込シート_活動計画書_整理用'!$N2,"この線より上に行を挿入してください。")=0,IF(データ取込シート_活動計画書_整理用!$U2="○","true","false"),"") -> false | CX2: =IF(COUNTIF(データ取込シート_活動計画書_整理用!$N$2:'データ取込シート_活動計画書_整理用'!$N2,"この線より上に行を挿入してください。")=0,IF(データ取込シート_活動計画書_整理用!$V2="○","true","false"),"") -> false | CY2: =IF(COUNTIF(データ取込シート_活動計画書_整理用!$N$2:'データ取込シート_活動計画書_整理用'!$N2,"この線より上に行を挿入してください。")=0,IF(データ取込シート_活動計画書_整理用!$W2="○","true","false"),"") -> false | CZ2: =IF(COUNTIF(データ取込シート_活動計画書_整理用!$N$2:'データ取込シート_活動計画書_整理用'!$N2,"この線より上に行を挿入してください。")=0,IF(データ取込シート_活動計画書_整理用!$X2="○","true","false"),"") -> false | DA2: =IF(COUNTIF(データ取込シート_活動計画書_整理用!$N$2:'データ取込シート_活動計画書_整理用'!$N2,"この線より上に行を挿入してください。")=0,IF(データ取込シート_活動計画書_整理用!$Y2="○","true","false"),"") -> false | DB2: =IF(COUNTIF(データ取込シート_活動計画書_整理用!$N$2:'データ取込シート_活動計画書_整理用'!$N2,"この線より上に行を挿入してください。")=0,IF(データ取込シート_活動計画書_整理用!$Z2="○","true","false"),"") -> false | DC2: =IF(COUNTIF(データ取込シート_活動計画書_整理用!$N$2:'データ取込シート_活動計画書_整理用'!$N2,"この線より上に行を挿入してください。")=0,IF(データ取込シート_活動計画書_整理用!$AA2="○","true","false"),"") -> false | DD2: =IF(活動計画書!D137<>"",活動計画書!D137,"") -> 52 遊休農地の有効活用 | DE2: =IF(活動計画書!J137="○","true","false") -> false | DF2: =IF(活動計画書!K137="○","true","false") -> false | DG2: =IF(活動計画書!L137="○","true","false") -> false | DH2: =IF(活動計画書!M137="○","true","false") -> false | DI2: =IF(活動計画書!N137="○","true","false") -> false | DJ2: =IF(活動計画書!O137="○","true","false") -> false | DK2: =IF(活動計画書!P137="○","true","false") -> false | DL2: =IF(活動計画書!Q137="○","true","false") -> false | ... DP2: =IF(活動計画書!U137="○","true","false") -> false | DQ2: =IF(活動計画書!V137<>"",活動計画書!V137,"") | DR2: =IF(活動計画書!G148="○","true","false") -> false | DS2: =IF(活動計画書!G149<>"",活動計画書!G149,"") | DT2: =IF(活動計画書!N148="○","true","false") -> false | DU2: =IF(活動計画書!Q149<>"",活動計画書!Q149,"") | DV2: =IF(活動計画書!B152<>"",活動計画書!B152,"") | DW2: =IF(COUNTIF(データ取込シート_活動計画書_整理用!$AD$2:'データ取込シート_活動計画書_整理用'!$AD2,"この線より上に行を挿入してください。")=0,データ取込シート_活動計画書_整理用!$AC2,"") | DX2: =IF(COUNTIF(データ取込シート_活動計画書_整理用!$AD$2:'データ取込シート_活動計画書_整理用'!$AD2,"この線より上に行を挿入してください。")=0,データ取込シート_活動計画書_整理用!$AD2,"") | DY2: =IF(COUNTIF(データ取込シート_活動計画書_整理用!$AD$2:'データ取込シート_活動計画書_整理用'!$AD2,"この線より上に行を挿入してください。")=0,データ取込シート_活動計画書_整理用!$AE2,"") | DZ2: =IF(COUNTIF(データ取込シート_活動計画書_整理用!$AD$2:'データ取込シート_活動計画書_整理用'!$AD2,"この線より上に行を挿入してください。")=0,データ取込シート_活動計画書_整理用!$AF2,"") | EA2: =IF(COUNTIF(データ取込シート_活動計画書_整理用!$AD$2:'データ取込シート_活動計画書_整理用'!$AD2,"この線より上に行を挿入してください。")=0,データ取込シート_活動計画書_整理用!$AG2,"") | EB2: =IF(COUNTIF(データ取込シート_活動計画書_整理用!$AD$2:'データ取込シート_活動計画書_整理用'!$AD2,"この線より上に行を挿入してください。")=0,データ取込シート_活動計画書_整理用!$AH2,"") | EC2: =IF(COUNTIF(データ取込シート_活動計画書_整理用!$AD$2:'データ取込シート_活動計画書_整理用'!$AD2,"この線より上に行を挿入してください。")=0,IF(データ取込シート_活動計画書_整理用!$AI2="○","true","false"),"") -> false | ED2: =IF(COUNTIF(データ取込シート_活動計画書_整理用!$AD$2:'データ取込シート_活動計画書_整理用'!$AD2,"この線より上に行を挿入してください。")=0,IF(データ取込シート_活動計画書_整理用!$AJ2="○","true","false"),"") -> false | EE2: =IF(COUNTIF(データ取込シート_活動計画書_整理用!$AD$2:'データ取込シート_活動計画書_整理用'!$AD2,"この線より上に行を挿入してください。")=0,IF(データ取込シート_活動計画書_整理用!$AK2="○","true","false"),"") -> false | EF2: =IF(COUNTIF(データ取込シート_活動計画書_整理用!$AD$2:'データ取込シート_活動計画書_整理用'!$AD2,"この線より上に行を挿入してください。")=0,IF(データ取込シート_活動計画書_整理用!$AL2="○","true","false"),"") -> false | EG2: =IF(COUNTIF(データ取込シート_活動計画書_整理用!$AD$2:'データ取込シート_活動計画書_整理用'!$AD2,"この線より上に行を挿入してください。")=0,IF(データ取込シート_活動計画書_整理用!$AM2="○","true","false"),"") -> false | EH2: =IF(活動計画書!I166="○","全て直営施工",IF(活動計画書!M166="○","一部直営施工",IF(活動計画書!R166="○","直営施工は実施しない","")))
B3: =IF(COUNTIF(データ取込シート_活動計画書_整理用!$B$2:'データ取込シート_活動計画書_整理用'!$B3,"この線より上に行を挿入してください。")=0,データ取込シート_活動計画書_整理用!$B3,"") -> 畑 | C3: =IF(COUNTIF(データ取込シート_活動計画書_整理用!$B$2:'データ取込シート_活動計画書_整理用'!$B3,"この線より上に行を挿入してください。")=0,データ取込シート_活動計画書_整理用!$C3,"") -> 0 | D3: =IF(COUNTIF(データ取込シート_活動計画書_整理用!$B$2:'データ取込シート_活動計画書_整理用'!$B3,"この線より上に行を挿入してください。")=0,データ取込シート_活動計画書_整理用!$D3,"") -> 0 | F3: =IF(COUNTIF(データ取込シート_活動計画書_整理用!$F$2:'データ取込シート_活動計画書_整理用'!$F3,"この線より上に行を挿入してください。")=0,データ取込シート_活動計画書_整理用!$F3,"") -> 畑 | G3: =IF(COUNTIF(データ取込シート_活動計画書_整理用!$F$2:'データ取込シート_活動計画書_整理用'!$F3,"この線より上に行を挿入してください。")=0,データ取込シート_活動計画書_整理用!$G3,"") -> 0 | H3: =IF(COUNTIF(データ取込シート_活動計画書_整理用!$F$2:'データ取込シート_活動計画書_整理用'!$F3,"この線より上に行を挿入してください。")=0,データ取込シート_活動計画書_整理用!$H3,"") -> 0 | I3: =IF(COUNTIF(データ取込シート_活動計画書_整理用!$J$2:'データ取込シート_活動計画書_整理用'!$J3,"この線より上に行を挿入してください。")=0,データ取込シート_活動計画書_整理用!$J3,"") -> 畑 | J3: =IF(COUNTIF(データ取込シート_活動計画書_整理用!$J$2:'データ取込シート_活動計画書_整理用'!$J3,"この線より上に行を挿入してください。")=0,データ取込シート_活動計画書_整理用!$K3,"") -> 0 | K3: =IF(COUNTIF(データ取込シート_活動計画書_整理用!$J$2:'データ取込シート_活動計画書_整理用'!$J3,"この線より上に行を挿入してください。")=0,データ取込シート_活動計画書_整理用!$L3,"") -> 0 | AG3: ２ 年度活動計画の策定 | AH3: =IF(活動計画書!K66="○","true","false") -> false | AI3: =IF(活動計画書!L66="○","true","false") -> false | AJ3: =IF(活動計画書!M66="○","true","false") -> false | AK3: =IF(活動計画書!N66="○","true","false") -> false | AL3: =IF(活動計画書!O66="○","true","false") -> false | AM3: =IF(活動計画書!P66="○","true","false") -> false | AN3: =IF(活動計画書!Q66="○","true","false") -> false | AO3: =IF(活動計画書!R66="○","true","false") -> false | ... AS3: =IF(活動計画書!V66="○","true","false") -> false | AT3: =IF(活動計画書!K66<>"",活動計画書!K66,"") | AU3: =IF(活動計画書!K66<>"","true","false") -> false | BY3: =IF(活動計画書!E107<>"",活動計画書!E107,"") -> 25 水路の機能診断 | BZ3: =IF(活動計画書!K107="○","true","false") -> false | CA3: =IF(活動計画書!L107="○","true","false") -> false | CB3: =IF(活動計画書!M107="○","true","false") -> false | CC3: =IF(活動計画書!N107="○","true","false") -> false | CD3: =IF(活動計画書!O107="○","true","false") -> false | CE3: =IF(活動計画書!P107="○","true","false") -> false | CF3: =IF(活動計画書!Q107="○","true","false") -> false | CG3: =IF(活動計画書!R107="○","true","false") -> false | ... CK3: =IF(活動計画書!V107="○","true","false") -> false | CL3: =IF(活動計画書!K107<>"",活動計画書!K107,"") | CM3: =IF(活動計画書!K107<>"","true","false") -> false | CN3: =IF(NOT(CP3=""),"農村環境保全活動","") | CO3: =IF(NOT(CP3=""),"実践活動","") | CP3: =IF(COUNTIF(データ取込シート_活動計画書_整理用!$N$2:'データ取込シート_活動計画書_整理用'!$N3,"この線より上に行を挿入してください。")=0,データ取込シート_活動計画書_整理用!$N3,"") | CQ3: =IF(COUNTIF(データ取込シート_活動計画書_整理用!$N$2:'データ取込シート_活動計画書_整理用'!$N3,"この線より上に行を挿入してください。")=0,データ取込シート_活動計画書_整理用!$O3,"") | CR3: =IF(COUNTIF(データ取込シート_活動計画書_整理用!$N$2:'データ取込シート_活動計画書_整理用'!$N3,"この線より上に行を挿入してください。")=0,IF(データ取込シート_活動計画書_整理用!$P3="○","true","false"),"") -> false | CS3: =IF(COUNTIF(データ取込シート_活動計画書_整理用!$N$2:'データ取込シート_活動計画書_整理用'!$N3,"この線より上に行を挿入してください。")=0,IF(データ取込シート_活動計画書_整理用!$Q3="○","true","false"),"") -> false | CT3: =IF(COUNTIF(データ取込シート_活動計画書_整理用!$N$2:'データ取込シート_活動計画書_整理用'!$N3,"この線より上に行を挿入してください。")=0,IF(データ取込シート_活動計画書_整理用!$R3="○","true","false"),"") -> false | CU3: =IF(COUNTIF(データ取込シート_活動計画書_整理用!$N$2:'データ取込シート_活動計画書_整理用'!$N3,"この線より上に行を挿入してください。")=0,IF(データ取込シート_活動計画書_整理用!$S3="○","true","false"),"") -> false | CV3: =IF(COUNTIF(データ取込シート_活動計画書_整理用!$N$2:'データ取込シート_活動計画書_整理用'!$N3,"この線より上に行を挿入してください。")=0,IF(データ取込シート_活動計画書_整理用!$T3="○","true","false"),"") -> false | CW3: =IF(COUNTIF(データ取込シート_活動計画書_整理用!$N$2:'データ取込シート_活動計画書_整理用'!$N3,"この線より上に行を挿入してください。")=0,IF(データ取込シート_活動計画書_整理用!$U3="○","true","false"),"") -> false | CX3: =IF(COUNTIF(データ取込シート_活動計画書_整理用!$N$2:'データ取込シート_活動計画書_整理用'!$N3,"この線より上に行を挿入してください。")=0,IF(データ取込シート_活動計画書_整理用!$V3="○","true","false"),"") -> false | CY3: =IF(COUNTIF(データ取込シート_活動計画書_整理用!$N$2:'データ取込シート_活動計画書_整理用'!$N3,"この線より上に行を挿入してください。")=0,IF(データ取込シート_活動計画書_整理用!$W3="○","true","false"),"") -> false | CZ3: =IF(COUNTIF(データ取込シート_活動計画書_整理用!$N$2:'データ取込シート_活動計画書_整理用'!$N3,"この線より上に行を挿入してください。")=0,IF(データ取込シート_活動計画書_整理用!$X3="○","true","false"),"") -> false | DA3: =IF(COUNTIF(データ取込シート_活動計画書_整理用!$N$2:'データ取込シート_活動計画書_整理用'!$N3,"この線より上に行を挿入してください。")=0,IF(データ取込シート_活動計画書_整理用!$Y3="○","true","false"),"") -> false | DB3: =IF(COUNTIF(データ取込シート_活動計画書_整理用!$N$2:'データ取込シート_活動計画書_整理用'!$N3,"この線より上に行を挿入してください。")=0,IF(データ取込シート_活動計画書_整理用!$Z3="○","true","false"),"") -> false | DC3: =IF(COUNTIF(データ取込シート_活動計画書_整理用!$N$2:'データ取込シート_活動計画書_整理用'!$N3,"この線より上に行を挿入してください。")=0,IF(データ取込シート_活動計画書_整理用!$AA3="○","true","false"),"") -> false | DD3: =IF(活動計画書!D138<>"",活動計画書!D138,"") -> 53 鳥獣被害防止対策及び環境改善活動の強化 | DE3: =IF(活動計画書!J138="○","true","false") -> false | DF3: =IF(活動計画書!K138="○","true","false") -> false | DG3: =IF(活動計画書!L138="○","true","false") -> false | DH3: =IF(活動計画書!M138="○","true","false") -> false | DI3: =IF(活動計画書!N138="○","true","false") -> false | DJ3: =IF(活動計画書!O138="○","true","false") -> false | DK3: =IF(活動計画書!P138="○","true","false") -> false | DL3: =IF(活動計画書!Q138="○","true","false") -> false | ... DP3: =IF(活動計画書!U138="○","true","false") -> false | DQ3: =IF(活動計画書!V138<>"",活動計画書!V138,"") | DW3: =IF(COUNTIF(データ取込シート_活動計画書_整理用!$AD$2:'データ取込シート_活動計画書_整理用'!$AD3,"この線より上に行を挿入してください。")=0,データ取込シート_活動計画書_整理用!$AC3,"") | DX3: =IF(COUNTIF(データ取込シート_活動計画書_整理用!$AD$2:'データ取込シート_活動計画書_整理用'!$AD3,"この線より上に行を挿入してください。")=0,データ取込シート_活動計画書_整理用!$AD3,"") | DY3: =IF(COUNTIF(データ取込シート_活動計画書_整理用!$AD$2:'データ取込シート_活動計画書_整理用'!$AD3,"この線より上に行を挿入してください。")=0,データ取込シート_活動計画書_整理用!$AE3,"") | DZ3: =IF(COUNTIF(データ取込シート_活動計画書_整理用!$AD$2:'データ取込シート_活動計画書_整理用'!$AD3,"この線より上に行を挿入してください。")=0,データ取込シート_活動計画書_整理用!$AF3,"") | EA3: =IF(COUNTIF(データ取込シート_活動計画書_整理用!$AD$2:'データ取込シート_活動計画書_整理用'!$AD3,"この線より上に行を挿入してください。")=0,データ取込シート_活動計画書_整理用!$AG3,"") | EB3: =IF(COUNTIF(データ取込シート_活動計画書_整理用!$AD$2:'データ取込シート_活動計画書_整理用'!$AD3,"この線より上に行を挿入してください。")=0,データ取込シート_活動計画書_整理用!$AH3,"") | EC3: =IF(COUNTIF(データ取込シート_活動計画書_整理用!$AD$2:'データ取込シート_活動計画書_整理用'!$AD3,"この線より上に行を挿入してください。")=0,IF(データ取込シート_活動計画書_整理用!$AI3="○","true","false"),"") -> false | ED3: =IF(COUNTIF(データ取込シート_活動計画書_整理用!$AD$2:'データ取込シート_活動計画書_整理用'!$AD3,"この線より上に行を挿入してください。")=0,IF(データ取込シート_活動計画書_整理用!$AJ3="○","true","false"),"") -> false | EE3: =IF(COUNTIF(データ取込シート_活動計画書_整理用!$AD$2:'データ取込シート_活動計画書_整理用'!$AD3,"この線より上に行を挿入してください。")=0,IF(データ取込シート_活動計画書_整理用!$AK3="○","true","false"),"") -> false | EF3: =IF(COUNTIF(データ取込シート_活動計画書_整理用!$AD$2:'データ取込シート_活動計画書_整理用'!$AD3,"この線より上に行を挿入してください。")=0,IF(データ取込シート_活動計画書_整理用!$AL3="○","true","false"),"") -> false | EG3: =IF(COUNTIF(データ取込シート_活動計画書_整理用!$AD$2:'データ取込シート_活動計画書_整理用'!$AD3,"この線より上に行を挿入してください。")=0,IF(データ取込シート_活動計画書_整理用!$AM3="○","true","false"),"") -> false
B4: =IF(COUNTIF(データ取込シート_活動計画書_整理用!$B$2:'データ取込シート_活動計画書_整理用'!$B4,"この線より上に行を挿入してください。")=0,データ取込シート_活動計画書_整理用!$B4,"") -> 草地 | C4: =IF(COUNTIF(データ取込シート_活動計画書_整理用!$B$2:'データ取込シート_活動計画書_整理用'!$B4,"この線より上に行を挿入してください。")=0,データ取込シート_活動計画書_整理用!$C4,"") -> 0 | D4: =IF(COUNTIF(データ取込シート_活動計画書_整理用!$B$2:'データ取込シート_活動計画書_整理用'!$B4,"この線より上に行を挿入してください。")=0,データ取込シート_活動計画書_整理用!$D4,"") -> 0 | F4: =IF(COUNTIF(データ取込シート_活動計画書_整理用!$F$2:'データ取込シート_活動計画書_整理用'!$F4,"この線より上に行を挿入してください。")=0,データ取込シート_活動計画書_整理用!$F4,"") -> 草地 | G4: =IF(COUNTIF(データ取込シート_活動計画書_整理用!$F$2:'データ取込シート_活動計画書_整理用'!$F4,"この線より上に行を挿入してください。")=0,データ取込シート_活動計画書_整理用!$G4,"") -> 0 | H4: =IF(COUNTIF(データ取込シート_活動計画書_整理用!$F$2:'データ取込シート_活動計画書_整理用'!$F4,"この線より上に行を挿入してください。")=0,データ取込シート_活動計画書_整理用!$H4,"") -> 0 | I4: =IF(COUNTIF(データ取込シート_活動計画書_整理用!$J$2:'データ取込シート_活動計画書_整理用'!$J4,"この線より上に行を挿入してください。")=0,データ取込シート_活動計画書_整理用!$J4,"") -> 草地 | J4: =IF(COUNTIF(データ取込シート_活動計画書_整理用!$J$2:'データ取込シート_活動計画書_整理用'!$J4,"この線より上に行を挿入してください。")=0,データ取込シート_活動計画書_整理用!$K4,"") -> 0 | K4: =IF(COUNTIF(データ取込シート_活動計画書_整理用!$J$2:'データ取込シート_活動計画書_整理用'!$J4,"この線より上に行を挿入してください。")=0,データ取込シート_活動計画書_整理用!$L4,"") -> 0 | AG4: ３ 事務・組織運営等に関する研修、機械の安全使用に関する研修 | AH4: =IF(活動計画書!K67="○","true","false") -> false | AI4: =IF(活動計画書!L67="○","true","false") -> false | AJ4: =IF(活動計画書!M67="○","true","false") -> false | AK4: =IF(活動計画書!N67="○","true","false") -> false | AL4: =IF(活動計画書!O67="○","true","false") -> false | AM4: =IF(活動計画書!P67="○","true","false") -> false | AN4: =IF(活動計画書!Q67="○","true","false") -> false | AO4: =IF(活動計画書!R67="○","true","false") -> false | ... AS4: =IF(活動計画書!V67="○","true","false") -> false | AT4: =IF(活動計画書!K67<>"",活動計画書!K67,"") | AU4: =IF(活動計画書!K67<>"","true","false") -> false | AV4: =IF(活動計画書!M67<>"",活動計画書!M67,"") | BY4: =IF(活動計画書!E108<>"",活動計画書!E108,"") -> 26 農道の機能診断 | BZ4: =IF(活動計画書!K108="○","true","false") -> false | CA4: =IF(活動計画書!L108="○","true","false") -> false | CB4: =IF(活動計画書!M108="○","true","false") -> false | CC4: =IF(活動計画書!N108="○","true","false") -> false | CD4: =IF(活動計画書!O108="○","true","false") -> false | CE4: =IF(活動計画書!P108="○","true","false") -> false | CF4: =IF(活動計画書!Q108="○","true","false") -> false | CG4: =IF(活動計画書!R108="○","true","false") -> false | ... CK4: =IF(活動計画書!V108="○","true","false") -> false | CL4: =IF(活動計画書!K108<>"",活動計画書!K108,"") | CM4: =IF(活動計画書!K108<>"","true","false") -> false | CN4: =IF(NOT(CP4=""),"農村環境保全活動","") | CO4: =IF(NOT(CP4=""),"実践活動","") | CP4: =IF(COUNTIF(データ取込シート_活動計画書_整理用!$N$2:'データ取込シート_活動計画書_整理用'!$N4,"この線より上に行を挿入してください。")=0,データ取込シート_活動計画書_整理用!$N4,"") | CQ4: =IF(COUNTIF(データ取込シート_活動計画書_整理用!$N$2:'データ取込シート_活動計画書_整理用'!$N4,"この線より上に行を挿入してください。")=0,データ取込シート_活動計画書_整理用!$O4,"") | CR4: =IF(COUNTIF(データ取込シート_活動計画書_整理用!$N$2:'データ取込シート_活動計画書_整理用'!$N4,"この線より上に行を挿入してください。")=0,IF(データ取込シート_活動計画書_整理用!$P4="○","true","false"),"") -> false | CS4: =IF(COUNTIF(データ取込シート_活動計画書_整理用!$N$2:'データ取込シート_活動計画書_整理用'!$N4,"この線より上に行を挿入してください。")=0,IF(データ取込シート_活動計画書_整理用!$Q4="○","true","false"),"") -> false | CT4: =IF(COUNTIF(データ取込シート_活動計画書_整理用!$N$2:'データ取込シート_活動計画書_整理用'!$N4,"この線より上に行を挿入してください。")=0,IF(データ取込シート_活動計画書_整理用!$R4="○","true","false"),"") -> false | CU4: =IF(COUNTIF(データ取込シート_活動計画書_整理用!$N$2:'データ取込シート_活動計画書_整理用'!$N4,"この線より上に行を挿入してください。")=0,IF(データ取込シート_活動計画書_整理用!$S4="○","true","false"),"") -> false | CV4: =IF(COUNTIF(データ取込シート_活動計画書_整理用!$N$2:'データ取込シート_活動計画書_整理用'!$N4,"この線より上に行を挿入してください。")=0,IF(データ取込シート_活動計画書_整理用!$T4="○","true","false"),"") -> false | CW4: =IF(COUNTIF(データ取込シート_活動計画書_整理用!$N$2:'データ取込シート_活動計画書_整理用'!$N4,"この線より上に行を挿入してください。")=0,IF(データ取込シート_活動計画書_整理用!$U4="○","true","false"),"") -> false | CX4: =IF(COUNTIF(データ取込シート_活動計画書_整理用!$N$2:'データ取込シート_活動計画書_整理用'!$N4,"この線より上に行を挿入してください。")=0,IF(データ取込シート_活動計画書_整理用!$V4="○","true","false"),"") -> false | CY4: =IF(COUNTIF(データ取込シート_活動計画書_整理用!$N$2:'データ取込シート_活動計画書_整理用'!$N4,"この線より上に行を挿入してください。")=0,IF(データ取込シート_活動計画書_整理用!$W4="○","true","false"),"") -> false | CZ4: =IF(COUNTIF(データ取込シート_活動計画書_整理用!$N$2:'データ取込シート_活動計画書_整理用'!$N4,"この線より上に行を挿入してください。")=0,IF(データ取込シート_活動計画書_整理用!$X4="○","true","false"),"") -> false | DA4: =IF(COUNTIF(データ取込シート_活動計画書_整理用!$N$2:'データ取込シート_活動計画書_整理用'!$N4,"この線より上に行を挿入してください。")=0,IF(データ取込シート_活動計画書_整理用!$Y4="○","true","false"),"") -> false | DB4: =IF(COUNTIF(データ取込シート_活動計画書_整理用!$N$2:'データ取込シート_活動計画書_整理用'!$N4,"この線より上に行を挿入してください。")=0,IF(データ取込シート_活動計画書_整理用!$Z4="○","true","false"),"") -> false | DC4: =IF(COUNTIF(データ取込シート_活動計画書_整理用!$N$2:'データ取込シート_活動計画書_整理用'!$N4,"この線より上に行を挿入してください。")=0,IF(データ取込シート_活動計画書_整理用!$AA4="○","true","false"),"") -> false | DD4: =IF(活動計画書!D139<>"",活動計画書!D139,"") -> 54 地域住民による直営施工 | DE4: =IF(活動計画書!J139="○","true","false") -> false | DF4: =IF(活動計画書!K139="○","true","false") -> false | DG4: =IF(活動計画書!L139="○","true","false") -> false | DH4: =IF(活動計画書!M139="○","true","false") -> false | DI4: =IF(活動計画書!N139="○","true","false") -> false | DJ4: =IF(活動計画書!O139="○","true","false") -> false | DK4: =IF(活動計画書!P139="○","true","false") -> false | DL4: =IF(活動計画書!Q139="○","true","false") -> false | ... DP4: =IF(活動計画書!U139="○","true","false") -> false | DQ4: =IF(活動計画書!V139<>"",活動計画書!V139,"") | DW4: =IF(COUNTIF(データ取込シート_活動計画書_整理用!$AD$2:'データ取込シート_活動計画書_整理用'!$AD4,"この線より上に行を挿入してください。")=0,データ取込シート_活動計画書_整理用!$AC4,"") | DX4: =IF(COUNTIF(データ取込シート_活動計画書_整理用!$AD$2:'データ取込シート_活動計画書_整理用'!$AD4,"この線より上に行を挿入してください。")=0,データ取込シート_活動計画書_整理用!$AD4,"") | DY4: =IF(COUNTIF(データ取込シート_活動計画書_整理用!$AD$2:'データ取込シート_活動計画書_整理用'!$AD4,"この線より上に行を挿入してください。")=0,データ取込シート_活動計画書_整理用!$AE4,"") | DZ4: =IF(COUNTIF(データ取込シート_活動計画書_整理用!$AD$2:'データ取込シート_活動計画書_整理用'!$AD4,"この線より上に行を挿入してください。")=0,データ取込シート_活動計画書_整理用!$AF4,"") | EA4: =IF(COUNTIF(データ取込シート_活動計画書_整理用!$AD$2:'データ取込シート_活動計画書_整理用'!$AD4,"この線より上に行を挿入してください。")=0,データ取込シート_活動計画書_整理用!$AG4,"") | EB4: =IF(COUNTIF(データ取込シート_活動計画書_整理用!$AD$2:'データ取込シート_活動計画書_整理用'!$AD4,"この線より上に行を挿入してください。")=0,データ取込シート_活動計画書_整理用!$AH4,"") | EC4: =IF(COUNTIF(データ取込シート_活動計画書_整理用!$AD$2:'データ取込シート_活動計画書_整理用'!$AD4,"この線より上に行を挿入してください。")=0,IF(データ取込シート_活動計画書_整理用!$AI4="○","true","false"),"") -> false | ED4: =IF(COUNTIF(データ取込シート_活動計画書_整理用!$AD$2:'データ取込シート_活動計画書_整理用'!$AD4,"この線より上に行を挿入してください。")=0,IF(データ取込シート_活動計画書_整理用!$AJ4="○","true","false"),"") -> false | EE4: =IF(COUNTIF(データ取込シート_活動計画書_整理用!$AD$2:'データ取込シート_活動計画書_整理用'!$AD4,"この線より上に行を挿入してください。")=0,IF(データ取込シート_活動計画書_整理用!$AK4="○","true","false"),"") -> false | EF4: =IF(COUNTIF(データ取込シート_活動計画書_整理用!$AD$2:'データ取込シート_活動計画書_整理用'!$AD4,"この線より上に行を挿入してください。")=0,IF(データ取込シート_活動計画書_整理用!$AL4="○","true","false"),"") -> false | EG4: =IF(COUNTIF(データ取込シート_活動計画書_整理用!$AD$2:'データ取込シート_活動計画書_整理用'!$AD4,"この線より上に行を挿入してください。")=0,IF(データ取込シート_活動計画書_整理用!$AM4="○","true","false"),"") -> false
B5: =IF(COUNTIF(データ取込シート_活動計画書_整理用!$B$2:'データ取込シート_活動計画書_整理用'!$B5,"この線より上に行を挿入してください。")=0,データ取込シート_活動計画書_整理用!$B5,"") | C5: =IF(COUNTIF(データ取込シート_活動計画書_整理用!$B$2:'データ取込シート_活動計画書_整理用'!$B5,"この線より上に行を挿入してください。")=0,データ取込シート_活動計画書_整理用!$C5,"") | D5: =IF(COUNTIF(データ取込シート_活動計画書_整理用!$B$2:'データ取込シート_活動計画書_整理用'!$B5,"この線より上に行を挿入してください。")=0,データ取込シート_活動計画書_整理用!$D5,"") | F5: =IF(COUNTIF(データ取込シート_活動計画書_整理用!$F$2:'データ取込シート_活動計画書_整理用'!$F5,"この線より上に行を挿入してください。")=0,データ取込シート_活動計画書_整理用!$F5,"") | G5: =IF(COUNTIF(データ取込シート_活動計画書_整理用!$F$2:'データ取込シート_活動計画書_整理用'!$F5,"この線より上に行を挿入してください。")=0,データ取込シート_活動計画書_整理用!$G5,"") | H5: =IF(COUNTIF(データ取込シート_活動計画書_整理用!$F$2:'データ取込シート_活動計画書_整理用'!$F5,"この線より上に行を挿入してください。")=0,データ取込シート_活動計画書_整理用!$H5,"") | I5: =IF(COUNTIF(データ取込シート_活動計画書_整理用!$J$2:'データ取込シート_活動計画書_整理用'!$J5,"この線より上に行を挿入してください。")=0,データ取込シート_活動計画書_整理用!$J5,"") | J5: =IF(COUNTIF(データ取込シート_活動計画書_整理用!$J$2:'データ取込シート_活動計画書_整理用'!$J5,"この線より上に行を挿入してください。")=0,データ取込シート_活動計画書_整理用!$K5,"") | K5: =IF(COUNTIF(データ取込シート_活動計画書_整理用!$J$2:'データ取込シート_活動計画書_整理用'!$J5,"この線より上に行を挿入してください。")=0,データ取込シート_活動計画書_整理用!$L5,"") | AG5: ４ 遊休農地発生防止のための保全管理 | AH5: =IF(活動計画書!K68="○","true","false") -> false | AI5: =IF(活動計画書!L68="○","true","false") -> false | AJ5: =IF(活動計画書!M68="○","true","false") -> false | AK5: =IF(活動計画書!N68="○","true","false") -> false | AL5: =IF(活動計画書!O68="○","true","false") -> false | AM5: =IF(活動計画書!P68="○","true","false") -> false | AN5: =IF(活動計画書!Q68="○","true","false") -> false | AO5: =IF(活動計画書!R68="○","true","false") -> false | ... AS5: =IF(活動計画書!V68="○","true","false") -> false | AT5: =IF(活動計画書!K68<>"",活動計画書!K68,"") | AU5: =IF(活動計画書!K68<>"","true","false") -> false | BY5: =IF(活動計画書!E109<>"",活動計画書!E109,"") -> 27 ため池の機能診断 | BZ5: =IF(活動計画書!K109="○","true","false") -> false | CA5: =IF(活動計画書!L109="○","true","false") -> false | CB5: =IF(活動計画書!M109="○","true","false") -> false | CC5: =IF(活動計画書!N109="○","true","false") -> false | CD5: =IF(活動計画書!O109="○","true","false") -> false | CE5: =IF(活動計画書!P109="○","true","false") -> false | CF5: =IF(活動計画書!Q109="○","true","false") -> false | CG5: =IF(活動計画書!R109="○","true","false") -> false | ... CK5: =IF(活動計画書!V109="○","true","false") -> false | CL5: =IF(活動計画書!K109<>"",活動計画書!K109,"") | CM5: =IF(活動計画書!K109<>"","true","false") -> false | CN5: =IF(NOT(CP5=""),"農村環境保全活動","") | CO5: =IF(NOT(CP5=""),"実践活動","") | CP5: =IF(COUNTIF(データ取込シート_活動計画書_整理用!$N$2:'データ取込シート_活動計画書_整理用'!$N5,"この線より上に行を挿入してください。")=0,データ取込シート_活動計画書_整理用!$N5,"") | CQ5: =IF(COUNTIF(データ取込シート_活動計画書_整理用!$N$2:'データ取込シート_活動計画書_整理用'!$N5,"この線より上に行を挿入してください。")=0,データ取込シート_活動計画書_整理用!$O5,"") | CR5: =IF(COUNTIF(データ取込シート_活動計画書_整理用!$N$2:'データ取込シート_活動計画書_整理用'!$N5,"この線より上に行を挿入してください。")=0,IF(データ取込シート_活動計画書_整理用!$P5="○","true","false"),"") -> false | CS5: =IF(COUNTIF(データ取込シート_活動計画書_整理用!$N$2:'データ取込シート_活動計画書_整理用'!$N5,"この線より上に行を挿入してください。")=0,IF(データ取込シート_活動計画書_整理用!$Q5="○","true","false"),"") -> false | CT5: =IF(COUNTIF(データ取込シート_活動計画書_整理用!$N$2:'データ取込シート_活動計画書_整理用'!$N5,"この線より上に行を挿入してください。")=0,IF(データ取込シート_活動計画書_整理用!$R5="○","true","false"),"") -> false | CU5: =IF(COUNTIF(データ取込シート_活動計画書_整理用!$N$2:'データ取込シート_活動計画書_整理用'!$N5,"この線より上に行を挿入してください。")=0,IF(データ取込シート_活動計画書_整理用!$S5="○","true","false"),"") -> false | CV5: =IF(COUNTIF(データ取込シート_活動計画書_整理用!$N$2:'データ取込シート_活動計画書_整理用'!$N5,"この線より上に行を挿入してください。")=0,IF(データ取込シート_活動計画書_整理用!$T5="○","true","false"),"") -> false | CW5: =IF(COUNTIF(データ取込シート_活動計画書_整理用!$N$2:'データ取込シート_活動計画書_整理用'!$N5,"この線より上に行を挿入してください。")=0,IF(データ取込シート_活動計画書_整理用!$U5="○","true","false"),"") -> false | CX5: =IF(COUNTIF(データ取込シート_活動計画書_整理用!$N$2:'データ取込シート_活動計画書_整理用'!$N5,"この線より上に行を挿入してください。")=0,IF(データ取込シート_活動計画書_整理用!$V5="○","true","false"),"") -> false | CY5: =IF(COUNTIF(データ取込シート_活動計画書_整理用!$N$2:'データ取込シート_活動計画書_整理用'!$N5,"この線より上に行を挿入してください。")=0,IF(データ取込シート_活動計画書_整理用!$W5="○","true","false"),"") -> false | CZ5: =IF(COUNTIF(データ取込シート_活動計画書_整理用!$N$2:'データ取込シート_活動計画書_整理用'!$N5,"この線より上に行を挿入してください。")=0,IF(データ取込シート_活動計画書_整理用!$X5="○","true","false"),"") -> false | DA5: =IF(COUNTIF(データ取込シート_活動計画書_整理用!$N$2:'データ取込シート_活動計画書_整理用'!$N5,"この線より上に行を挿入してください。")=0,IF(データ取込シート_活動計画書_整理用!$Y5="○","true","false"),"") -> false | DB5: =IF(COUNTIF(データ取込シート_活動計画書_整理用!$N$2:'データ取込シート_活動計画書_整理用'!$N5,"この線より上に行を挿入してください。")=0,IF(データ取込シート_活動計画書_整理用!$Z5="○","true","false"),"") -> false | DC5: =IF(COUNTIF(データ取込シート_活動計画書_整理用!$N$2:'データ取込シート_活動計画書_整理用'!$N5,"この線より上に行を挿入してください。")=0,IF(データ取込シート_活動計画書_整理用!$AA5="○","true","false"),"") -> false | DD5: =IF(活動計画書!D140<>"",活動計画書!D140,"") -> 55 防災・減災力の強化 | DE5: =IF(活動計画書!J140="○","true","false") -> false | DF5: =IF(活動計画書!K140="○","true","false") -> false | DG5: =IF(活動計画書!L140="○","true","false") -> false | DH5: =IF(活動計画書!M140="○","true","false") -> false | DI5: =IF(活動計画書!N140="○","true","false") -> false | DJ5: =IF(活動計画書!O140="○","true","false") -> false | DK5: =IF(活動計画書!P140="○","true","false") -> false | DL5: =IF(活動計画書!Q140="○","true","false") -> false | ... DP5: =IF(活動計画書!U140="○","true","false") -> false | DQ5: =IF(活動計画書!V140<>"",活動計画書!V140,"") | DW5: =IF(COUNTIF(データ取込シート_活動計画書_整理用!$AD$2:'データ取込シート_活動計画書_整理用'!$AD5,"この線より上に行を挿入してください。")=0,データ取込シート_活動計画書_整理用!$AC5,"") | DX5: =IF(COUNTIF(データ取込シート_活動計画書_整理用!$AD$2:'データ取込シート_活動計画書_整理用'!$AD5,"この線より上に行を挿入してください。")=0,データ取込シート_活動計画書_整理用!$AD5,"") | DY5: =IF(COUNTIF(データ取込シート_活動計画書_整理用!$AD$2:'データ取込シート_活動計画書_整理用'!$AD5,"この線より上に行を挿入してください。")=0,データ取込シート_活動計画書_整理用!$AE5,"") | DZ5: =IF(COUNTIF(データ取込シート_活動計画書_整理用!$AD$2:'データ取込シート_活動計画書_整理用'!$AD5,"この線より上に行を挿入してください。")=0,データ取込シート_活動計画書_整理用!$AF5,"") | EA5: =IF(COUNTIF(データ取込シート_活動計画書_整理用!$AD$2:'データ取込シート_活動計画書_整理用'!$AD5,"この線より上に行を挿入してください。")=0,データ取込シート_活動計画書_整理用!$AG5,"") | EB5: =IF(COUNTIF(データ取込シート_活動計画書_整理用!$AD$2:'データ取込シート_活動計画書_整理用'!$AD5,"この線より上に行を挿入してください。")=0,データ取込シート_活動計画書_整理用!$AH5,"") | EC5: =IF(COUNTIF(データ取込シート_活動計画書_整理用!$AD$2:'データ取込シート_活動計画書_整理用'!$AD5,"この線より上に行を挿入してください。")=0,IF(データ取込シート_活動計画書_整理用!$AI5="○","true","false"),"") | ED5: =IF(COUNTIF(データ取込シート_活動計画書_整理用!$AD$2:'データ取込シート_活動計画書_整理用'!$AD5,"この線より上に行を挿入してください。")=0,IF(データ取込シート_活動計画書_整理用!$AJ5="○","true","false"),"") | EE5: =IF(COUNTIF(データ取込シート_活動計画書_整理用!$AD$2:'データ取込シート_活動計画書_整理用'!$AD5,"この線より上に行を挿入してください。")=0,IF(データ取込シート_活動計画書_整理用!$AK5="○","true","false"),"") | EF5: =IF(COUNTIF(データ取込シート_活動計画書_整理用!$AD$2:'データ取込シート_活動計画書_整理用'!$AD5,"この線より上に行を挿入してください。")=0,IF(データ取込シート_活動計画書_整理用!$AL5="○","true","false"),"") | EG5: =IF(COUNTIF(データ取込シート_活動計画書_整理用!$AD$2:'データ取込シート_活動計画書_整理用'!$AD5,"この線より上に行を挿入してください。")=0,IF(データ取込シート_活動計画書_整理用!$AM5="○","true","false"),"")
B6: =IF(COUNTIF(データ取込シート_活動計画書_整理用!$B$2:'データ取込シート_活動計画書_整理用'!$B6,"この線より上に行を挿入してください。")=0,データ取込シート_活動計画書_整理用!$B6,"") | C6: =IF(COUNTIF(データ取込シート_活動計画書_整理用!$B$2:'データ取込シート_活動計画書_整理用'!$B6,"この線より上に行を挿入してください。")=0,データ取込シート_活動計画書_整理用!$C6,"") | D6: =IF(COUNTIF(データ取込シート_活動計画書_整理用!$B$2:'データ取込シート_活動計画書_整理用'!$B6,"この線より上に行を挿入してください。")=0,データ取込シート_活動計画書_整理用!$D6,"") | F6: =IF(COUNTIF(データ取込シート_活動計画書_整理用!$F$2:'データ取込シート_活動計画書_整理用'!$F6,"この線より上に行を挿入してください。")=0,データ取込シート_活動計画書_整理用!$F6,"") | G6: =IF(COUNTIF(データ取込シート_活動計画書_整理用!$F$2:'データ取込シート_活動計画書_整理用'!$F6,"この線より上に行を挿入してください。")=0,データ取込シート_活動計画書_整理用!$G6,"") | H6: =IF(COUNTIF(データ取込シート_活動計画書_整理用!$F$2:'データ取込シート_活動計画書_整理用'!$F6,"この線より上に行を挿入してください。")=0,データ取込シート_活動計画書_整理用!$H6,"") | I6: =IF(COUNTIF(データ取込シート_活動計画書_整理用!$J$2:'データ取込シート_活動計画書_整理用'!$J6,"この線より上に行を挿入してください。")=0,データ取込シート_活動計画書_整理用!$J6,"") | J6: =IF(COUNTIF(データ取込シート_活動計画書_整理用!$J$2:'データ取込シート_活動計画書_整理用'!$J6,"この線より上に行を挿入してください。")=0,データ取込シート_活動計画書_整理用!$K6,"") | K6: =IF(COUNTIF(データ取込シート_活動計画書_整理用!$J$2:'データ取込シート_活動計画書_整理用'!$J6,"この線より上に行を挿入してください。")=0,データ取込シート_活動計画書_整理用!$L6,"") | AG6: ５ 畦畔・法面・防風林の草刈り | AH6: =IF(活動計画書!K69="○","true","false") -> false | AI6: =IF(活動計画書!L69="○","true","false") -> false | AJ6: =IF(活動計画書!M69="○","true","false") -> false | AK6: =IF(活動計画書!N69="○","true","false") -> false | AL6: =IF(活動計画書!O69="○","true","false") -> false | AM6: =IF(活動計画書!P69="○","true","false") -> false | AN6: =IF(活動計画書!Q69="○","true","false") -> false | AO6: =IF(活動計画書!R69="○","true","false") -> false | ... AS6: =IF(活動計画書!V69="○","true","false") -> false | AT6: =IF(活動計画書!K69<>"",活動計画書!K69,"") | AU6: =IF(活動計画書!K69<>"","true","false") -> false | BY6: =IF(活動計画書!E110<>"",活動計画書!E110,"") -> 28 年度活動計画の策定 | BZ6: =IF(活動計画書!K110="○","true","false") -> false | CA6: =IF(活動計画書!L110="○","true","false") -> false | CB6: =IF(活動計画書!M110="○","true","false") -> false | CC6: =IF(活動計画書!N110="○","true","false") -> false | CD6: =IF(活動計画書!O110="○","true","false") -> false | CE6: =IF(活動計画書!P110="○","true","false") -> false | CF6: =IF(活動計画書!Q110="○","true","false") -> false | CG6: =IF(活動計画書!R110="○","true","false") -> false | ... CK6: =IF(活動計画書!V110="○","true","false") -> false | CL6: =IF(活動計画書!K110<>"",活動計画書!K110,"") | CM6: =IF(活動計画書!K110<>"","true","false") -> false | CN6: =IF(NOT(CP6=""),"農村環境保全活動","") | CO6: =IF(NOT(CP6=""),"実践活動","") | CP6: =IF(COUNTIF(データ取込シート_活動計画書_整理用!$N$2:'データ取込シート_活動計画書_整理用'!$N6,"この線より上に行を挿入してください。")=0,データ取込シート_活動計画書_整理用!$N6,"") | CQ6: =IF(COUNTIF(データ取込シート_活動計画書_整理用!$N$2:'データ取込シート_活動計画書_整理用'!$N6,"この線より上に行を挿入してください。")=0,データ取込シート_活動計画書_整理用!$O6,"") | CR6: =IF(COUNTIF(データ取込シート_活動計画書_整理用!$N$2:'データ取込シート_活動計画書_整理用'!$N6,"この線より上に行を挿入してください。")=0,IF(データ取込シート_活動計画書_整理用!$P6="○","true","false"),"") | CS6: =IF(COUNTIF(データ取込シート_活動計画書_整理用!$N$2:'データ取込シート_活動計画書_整理用'!$N6,"この線より上に行を挿入してください。")=0,IF(データ取込シート_活動計画書_整理用!$Q6="○","true","false"),"") | CT6: =IF(COUNTIF(データ取込シート_活動計画書_整理用!$N$2:'データ取込シート_活動計画書_整理用'!$N6,"この線より上に行を挿入してください。")=0,IF(データ取込シート_活動計画書_整理用!$R6="○","true","false"),"") | CU6: =IF(COUNTIF(データ取込シート_活動計画書_整理用!$N$2:'データ取込シート_活動計画書_整理用'!$N6,"この線より上に行を挿入してください。")=0,IF(データ取込シート_活動計画書_整理用!$S6="○","true","false"),"") | CV6: =IF(COUNTIF(データ取込シート_活動計画書_整理用!$N$2:'データ取込シート_活動計画書_整理用'!$N6,"この線より上に行を挿入してください。")=0,IF(データ取込シート_活動計画書_整理用!$T6="○","true","false"),"") | CW6: =IF(COUNTIF(データ取込シート_活動計画書_整理用!$N$2:'データ取込シート_活動計画書_整理用'!$N6,"この線より上に行を挿入してください。")=0,IF(データ取込シート_活動計画書_整理用!$U6="○","true","false"),"") | CX6: =IF(COUNTIF(データ取込シート_活動計画書_整理用!$N$2:'データ取込シート_活動計画書_整理用'!$N6,"この線より上に行を挿入してください。")=0,IF(データ取込シート_活動計画書_整理用!$V6="○","true","false"),"") | CY6: =IF(COUNTIF(データ取込シート_活動計画書_整理用!$N$2:'データ取込シート_活動計画書_整理用'!$N6,"この線より上に行を挿入してください。")=0,IF(データ取込シート_活動計画書_整理用!$W6="○","true","false"),"") | CZ6: =IF(COUNTIF(データ取込シート_活動計画書_整理用!$N$2:'データ取込シート_活動計画書_整理用'!$N6,"この線より上に行を挿入してください。")=0,IF(データ取込シート_活動計画書_整理用!$X6="○","true","false"),"") | DA6: =IF(COUNTIF(データ取込シート_活動計画書_整理用!$N$2:'データ取込シート_活動計画書_整理用'!$N6,"この線より上に行を挿入してください。")=0,IF(データ取込シート_活動計画書_整理用!$Y6="○","true","false"),"") | DB6: =IF(COUNTIF(データ取込シート_活動計画書_整理用!$N$2:'データ取込シート_活動計画書_整理用'!$N6,"この線より上に行を挿入してください。")=0,IF(データ取込シート_活動計画書_整理用!$Z6="○","true","false"),"") | DC6: =IF(COUNTIF(データ取込シート_活動計画書_整理用!$N$2:'データ取込シート_活動計画書_整理用'!$N6,"この線より上に行を挿入してください。")=0,IF(データ取込シート_活動計画書_整理用!$AA6="○","true","false"),"") | DD6: =IF(活動計画書!D141<>"",活動計画書!D141,"") -> 56 農村環境保全活動の幅広い展開 | DE6: =IF(活動計画書!J141="○","true","false") -> false | DF6: =IF(活動計画書!K141="○","true","false") -> false | DG6: =IF(活動計画書!L141="○","true","false") -> false | DH6: =IF(活動計画書!M141="○","true","false") -> false | DI6: =IF(活動計画書!N141="○","true","false") -> false | DJ6: =IF(活動計画書!O141="○","true","false") -> false | DK6: =IF(活動計画書!P141="○","true","false") -> false | DL6: =IF(活動計画書!Q141="○","true","false") -> false | ... DP6: =IF(活動計画書!U141="○","true","false") -> false | DQ6: =IF(活動計画書!V141<>"",活動計画書!V141,"") | DW6: =IF(COUNTIF(データ取込シート_活動計画書_整理用!$AD$2:'データ取込シート_活動計画書_整理用'!$AD6,"この線より上に行を挿入してください。")=0,データ取込シート_活動計画書_整理用!$AC6,"") | DX6: =IF(COUNTIF(データ取込シート_活動計画書_整理用!$AD$2:'データ取込シート_活動計画書_整理用'!$AD6,"この線より上に行を挿入してください。")=0,データ取込シート_活動計画書_整理用!$AD6,"") | DY6: =IF(COUNTIF(データ取込シート_活動計画書_整理用!$AD$2:'データ取込シート_活動計画書_整理用'!$AD6,"この線より上に行を挿入してください。")=0,データ取込シート_活動計画書_整理用!$AE6,"") | DZ6: =IF(COUNTIF(データ取込シート_活動計画書_整理用!$AD$2:'データ取込シート_活動計画書_整理用'!$AD6,"この線より上に行を挿入してください。")=0,データ取込シート_活動計画書_整理用!$AF6,"") | EA6: =IF(COUNTIF(データ取込シート_活動計画書_整理用!$AD$2:'データ取込シート_活動計画書_整理用'!$AD6,"この線より上に行を挿入してください。")=0,データ取込シート_活動計画書_整理用!$AG6,"") | EB6: =IF(COUNTIF(データ取込シート_活動計画書_整理用!$AD$2:'データ取込シート_活動計画書_整理用'!$AD6,"この線より上に行を挿入してください。")=0,データ取込シート_活動計画書_整理用!$AH6,"") | EC6: =IF(COUNTIF(データ取込シート_活動計画書_整理用!$AD$2:'データ取込シート_活動計画書_整理用'!$AD6,"この線より上に行を挿入してください。")=0,IF(データ取込シート_活動計画書_整理用!$AI6="○","true","false"),"") | ED6: =IF(COUNTIF(データ取込シート_活動計画書_整理用!$AD$2:'データ取込シート_活動計画書_整理用'!$AD6,"この線より上に行を挿入してください。")=0,IF(データ取込シート_活動計画書_整理用!$AJ6="○","true","false"),"") | EE6: =IF(COUNTIF(データ取込シート_活動計画書_整理用!$AD$2:'データ取込シート_活動計画書_整理用'!$AD6,"この線より上に行を挿入してください。")=0,IF(データ取込シート_活動計画書_整理用!$AK6="○","true","false"),"") | EF6: =IF(COUNTIF(データ取込シート_活動計画書_整理用!$AD$2:'データ取込シート_活動計画書_整理用'!$AD6,"この線より上に行を挿入してください。")=0,IF(データ取込シート_活動計画書_整理用!$AL6="○","true","false"),"") | EG6: =IF(COUNTIF(データ取込シート_活動計画書_整理用!$AD$2:'データ取込シート_活動計画書_整理用'!$AD6,"この線より上に行を挿入してください。")=0,IF(データ取込シート_活動計画書_整理用!$AM6="○","true","false"),"")
B7: =IF(COUNTIF(データ取込シート_活動計画書_整理用!$B$2:'データ取込シート_活動計画書_整理用'!$B7,"この線より上に行を挿入してください。")=0,データ取込シート_活動計画書_整理用!$B7,"") | C7: =IF(COUNTIF(データ取込シート_活動計画書_整理用!$B$2:'データ取込シート_活動計画書_整理用'!$B7,"この線より上に行を挿入してください。")=0,データ取込シート_活動計画書_整理用!$C7,"") | D7: =IF(COUNTIF(データ取込シート_活動計画書_整理用!$B$2:'データ取込シート_活動計画書_整理用'!$B7,"この線より上に行を挿入してください。")=0,データ取込シート_活動計画書_整理用!$D7,"") | F7: =IF(COUNTIF(データ取込シート_活動計画書_整理用!$F$2:'データ取込シート_活動計画書_整理用'!$F7,"この線より上に行を挿入してください。")=0,データ取込シート_活動計画書_整理用!$F7,"") | G7: =IF(COUNTIF(データ取込シート_活動計画書_整理用!$F$2:'データ取込シート_活動計画書_整理用'!$F7,"この線より上に行を挿入してください。")=0,データ取込シート_活動計画書_整理用!$G7,"") | H7: =IF(COUNTIF(データ取込シート_活動計画書_整理用!$F$2:'データ取込シート_活動計画書_整理用'!$F7,"この線より上に行を挿入してください。")=0,データ取込シート_活動計画書_整理用!$H7,"") | I7: =IF(COUNTIF(データ取込シート_活動計画書_整理用!$J$2:'データ取込シート_活動計画書_整理用'!$J7,"この線より上に行を挿入してください。")=0,データ取込シート_活動計画書_整理用!$J7,"") | J7: =IF(COUNTIF(データ取込シート_活動計画書_整理用!$J$2:'データ取込シート_活動計画書_整理用'!$J7,"この線より上に行を挿入してください。")=0,データ取込シート_活動計画書_整理用!$K7,"") | K7: =IF(COUNTIF(データ取込シート_活動計画書_整理用!$J$2:'データ取込シート_活動計画書_整理用'!$J7,"この線より上に行を挿入してください。")=0,データ取込シート_活動計画書_整理用!$L7,"") | AG7: ６ 鳥獣害防護柵等の保守管理 | AH7: =IF(活動計画書!K70="○","true","false") -> false | AI7: =IF(活動計画書!L70="○","true","false") -> false | AJ7: =IF(活動計画書!M70="○","true","false") -> false | AK7: =IF(活動計画書!N70="○","true","false") -> false | AL7: =IF(活動計画書!O70="○","true","false") -> false | AM7: =IF(活動計画書!P70="○","true","false") -> false | AN7: =IF(活動計画書!Q70="○","true","false") -> false | AO7: =IF(活動計画書!R70="○","true","false") -> false | ... AS7: =IF(活動計画書!V70="○","true","false") -> false | AT7: =IF(活動計画書!K70<>"",活動計画書!K70,"") | AU7: =IF(活動計画書!K70<>"","true","false") -> false | AV7: =IF(活動計画書!M70<>"",活動計画書!M70,"") | BY7: =IF(活動計画書!E111<>"",活動計画書!E111,"") -> 29 機能診断・補修技術等に関する研修 | BZ7: =IF(活動計画書!K111="○","true","false") -> false | CA7: =IF(活動計画書!L111="○","true","false") -> false | CB7: =IF(活動計画書!M111="○","true","false") -> false | CC7: =IF(活動計画書!N111="○","true","false") -> false | CD7: =IF(活動計画書!O111="○","true","false") -> false | CE7: =IF(活動計画書!P111="○","true","false") -> false | CF7: =IF(活動計画書!Q111="○","true","false") -> false | CG7: =IF(活動計画書!R111="○","true","false") -> false | ... CK7: =IF(活動計画書!V111="○","true","false") -> false | CL7: =IF(活動計画書!K111<>"",活動計画書!K111,"") | CM7: =IF(活動計画書!K111<>"","true","false") -> false | CN7: =IF(NOT(CP7=""),"農村環境保全活動","") | CO7: =IF(NOT(CP7=""),"実践活動","") | CP7: =IF(COUNTIF(データ取込シート_活動計画書_整理用!$N$2:'データ取込シート_活動計画書_整理用'!$N7,"この線より上に行を挿入してください。")=0,データ取込シート_活動計画書_整理用!$N7,"") | CQ7: =IF(COUNTIF(データ取込シート_活動計画書_整理用!$N$2:'データ取込シート_活動計画書_整理用'!$N7,"この線より上に行を挿入してください。")=0,データ取込シート_活動計画書_整理用!$O7,"") | CR7: =IF(COUNTIF(データ取込シート_活動計画書_整理用!$N$2:'データ取込シート_活動計画書_整理用'!$N7,"この線より上に行を挿入してください。")=0,IF(データ取込シート_活動計画書_整理用!$P7="○","true","false"),"") | CS7: =IF(COUNTIF(データ取込シート_活動計画書_整理用!$N$2:'データ取込シート_活動計画書_整理用'!$N7,"この線より上に行を挿入してください。")=0,IF(データ取込シート_活動計画書_整理用!$Q7="○","true","false"),"") | CT7: =IF(COUNTIF(データ取込シート_活動計画書_整理用!$N$2:'データ取込シート_活動計画書_整理用'!$N7,"この線より上に行を挿入してください。")=0,IF(データ取込シート_活動計画書_整理用!$R7="○","true","false"),"") | CU7: =IF(COUNTIF(データ取込シート_活動計画書_整理用!$N$2:'データ取込シート_活動計画書_整理用'!$N7,"この線より上に行を挿入してください。")=0,IF(データ取込シート_活動計画書_整理用!$S7="○","true","false"),"") | CV7: =IF(COUNTIF(データ取込シート_活動計画書_整理用!$N$2:'データ取込シート_活動計画書_整理用'!$N7,"この線より上に行を挿入してください。")=0,IF(データ取込シート_活動計画書_整理用!$T7="○","true","false"),"") | CW7: =IF(COUNTIF(データ取込シート_活動計画書_整理用!$N$2:'データ取込シート_活動計画書_整理用'!$N7,"この線より上に行を挿入してください。")=0,IF(データ取込シート_活動計画書_整理用!$U7="○","true","false"),"") | CX7: =IF(COUNTIF(データ取込シート_活動計画書_整理用!$N$2:'データ取込シート_活動計画書_整理用'!$N7,"この線より上に行を挿入してください。")=0,IF(データ取込シート_活動計画書_整理用!$V7="○","true","false"),"") | CY7: =IF(COUNTIF(データ取込シート_活動計画書_整理用!$N$2:'データ取込シート_活動計画書_整理用'!$N7,"この線より上に行を挿入してください。")=0,IF(データ取込シート_活動計画書_整理用!$W7="○","true","false"),"") | CZ7: =IF(COUNTIF(データ取込シート_活動計画書_整理用!$N$2:'データ取込シート_活動計画書_整理用'!$N7,"この線より上に行を挿入してください。")=0,IF(データ取込シート_活動計画書_整理用!$X7="○","true","false"),"") | DA7: =IF(COUNTIF(データ取込シート_活動計画書_整理用!$N$2:'データ取込シート_活動計画書_整理用'!$N7,"この線より上に行を挿入してください。")=0,IF(データ取込シート_活動計画書_整理用!$Y7="○","true","false"),"") | DB7: =IF(COUNTIF(データ取込シート_活動計画書_整理用!$N$2:'データ取込シート_活動計画書_整理用'!$N7,"この線より上に行を挿入してください。")=0,IF(データ取込シート_活動計画書_整理用!$Z7="○","true","false"),"") | DC7: =IF(COUNTIF(データ取込シート_活動計画書_整理用!$N$2:'データ取込シート_活動計画書_整理用'!$N7,"この線より上に行を挿入してください。")=0,IF(データ取込シート_活動計画書_整理用!$AA7="○","true","false"),"") | DD7: =IF(活動計画書!D142<>"",活動計画書!D142,"") -> 57 やすらぎ・福祉及び教育機能の活用 | DE7: =IF(活動計画書!J142="○","true","false") -> false | DF7: =IF(活動計画書!K142="○","true","false") -> false | DG7: =IF(活動計画書!L142="○","true","false") -> false | DH7: =IF(活動計画書!M142="○","true","false") -> false | DI7: =IF(活動計画書!N142="○","true","false") -> false | DJ7: =IF(活動計画書!O142="○","true","false") -> false | DK7: =IF(活動計画書!P142="○","true","false") -> false | DL7: =IF(活動計画書!Q142="○","true","false") -> false | ... DP7: =IF(活動計画書!U142="○","true","false") -> false | DQ7: =IF(活動計画書!V142<>"",活動計画書!V142,"") | DW7: =IF(COUNTIF(データ取込シート_活動計画書_整理用!$AD$2:'データ取込シート_活動計画書_整理用'!$AD7,"この線より上に行を挿入してください。")=0,データ取込シート_活動計画書_整理用!$AC7,"") | DX7: =IF(COUNTIF(データ取込シート_活動計画書_整理用!$AD$2:'データ取込シート_活動計画書_整理用'!$AD7,"この線より上に行を挿入してください。")=0,データ取込シート_活動計画書_整理用!$AD7,"") | DY7: =IF(COUNTIF(データ取込シート_活動計画書_整理用!$AD$2:'データ取込シート_活動計画書_整理用'!$AD7,"この線より上に行を挿入してください。")=0,データ取込シート_活動計画書_整理用!$AE7,"") | DZ7: =IF(COUNTIF(データ取込シート_活動計画書_整理用!$AD$2:'データ取込シート_活動計画書_整理用'!$AD7,"この線より上に行を挿入してください。")=0,データ取込シート_活動計画書_整理用!$AF7,"") | EA7: =IF(COUNTIF(データ取込シート_活動計画書_整理用!$AD$2:'データ取込シート_活動計画書_整理用'!$AD7,"この線より上に行を挿入してください。")=0,データ取込シート_活動計画書_整理用!$AG7,"") | EB7: =IF(COUNTIF(データ取込シート_活動計画書_整理用!$AD$2:'データ取込シート_活動計画書_整理用'!$AD7,"この線より上に行を挿入してください。")=0,データ取込シート_活動計画書_整理用!$AH7,"") | EC7: =IF(COUNTIF(データ取込シート_活動計画書_整理用!$AD$2:'データ取込シート_活動計画書_整理用'!$AD7,"この線より上に行を挿入してください。")=0,IF(データ取込シート_活動計画書_整理用!$AI7="○","true","false"),"") | ED7: =IF(COUNTIF(データ取込シート_活動計画書_整理用!$AD$2:'データ取込シート_活動計画書_整理用'!$AD7,"この線より上に行を挿入してください。")=0,IF(データ取込シート_活動計画書_整理用!$AJ7="○","true","false"),"") | EE7: =IF(COUNTIF(データ取込シート_活動計画書_整理用!$AD$2:'データ取込シート_活動計画書_整理用'!$AD7,"この線より上に行を挿入してください。")=0,IF(データ取込シート_活動計画書_整理用!$AK7="○","true","false"),"") | EF7: =IF(COUNTIF(データ取込シート_活動計画書_整理用!$AD$2:'データ取込シート_活動計画書_整理用'!$AD7,"この線より上に行を挿入してください。")=0,IF(データ取込シート_活動計画書_整理用!$AL7="○","true","false"),"") | EG7: =IF(COUNTIF(データ取込シート_活動計画書_整理用!$AD$2:'データ取込シート_活動計画書_整理用'!$AD7,"この線より上に行を挿入してください。")=0,IF(データ取込シート_活動計画書_整理用!$AM7="○","true","false"),"")
B8: =IF(COUNTIF(データ取込シート_活動計画書_整理用!$B$2:'データ取込シート_活動計画書_整理用'!$B8,"この線より上に行を挿入してください。")=0,データ取込シート_活動計画書_整理用!$B8,"") | C8: =IF(COUNTIF(データ取込シート_活動計画書_整理用!$B$2:'データ取込シート_活動計画書_整理用'!$B8,"この線より上に行を挿入してください。")=0,データ取込シート_活動計画書_整理用!$C8,"") | D8: =IF(COUNTIF(データ取込シート_活動計画書_整理用!$B$2:'データ取込シート_活動計画書_整理用'!$B8,"この線より上に行を挿入してください。")=0,データ取込シート_活動計画書_整理用!$D8,"") | F8: =IF(COUNTIF(データ取込シート_活動計画書_整理用!$F$2:'データ取込シート_活動計画書_整理用'!$F8,"この線より上に行を挿入してください。")=0,データ取込シート_活動計画書_整理用!$F8,"") | G8: =IF(COUNTIF(データ取込シート_活動計画書_整理用!$F$2:'データ取込シート_活動計画書_整理用'!$F8,"この線より上に行を挿入してください。")=0,データ取込シート_活動計画書_整理用!$G8,"") | H8: =IF(COUNTIF(データ取込シート_活動計画書_整理用!$F$2:'データ取込シート_活動計画書_整理用'!$F8,"この線より上に行を挿入してください。")=0,データ取込シート_活動計画書_整理用!$H8,"") | I8: =IF(COUNTIF(データ取込シート_活動計画書_整理用!$J$2:'データ取込シート_活動計画書_整理用'!$J8,"この線より上に行を挿入してください。")=0,データ取込シート_活動計画書_整理用!$J8,"") | J8: =IF(COUNTIF(データ取込シート_活動計画書_整理用!$J$2:'データ取込シート_活動計画書_整理用'!$J8,"この線より上に行を挿入してください。")=0,データ取込シート_活動計画書_整理用!$K8,"") | K8: =IF(COUNTIF(データ取込シート_活動計画書_整理用!$J$2:'データ取込シート_活動計画書_整理用'!$J8,"この線より上に行を挿入してください。")=0,データ取込シート_活動計画書_整理用!$L8,"") | AG8: ７ 水路の草刈り | AH8: =IF(活動計画書!K71="○","true","false") -> false | AI8: =IF(活動計画書!L71="○","true","false") -> false | AJ8: =IF(活動計画書!M71="○","true","false") -> false | AK8: =IF(活動計画書!N71="○","true","false") -> false | AL8: =IF(活動計画書!O71="○","true","false") -> false | AM8: =IF(活動計画書!P71="○","true","false") -> false | AN8: =IF(活動計画書!Q71="○","true","false") -> false | AO8: =IF(活動計画書!R71="○","true","false") -> false | ... AS8: =IF(活動計画書!V71="○","true","false") -> false | AT8: =IF(活動計画書!K71<>"",活動計画書!K71,"") | AU8: =IF(活動計画書!K71<>"","true","false") -> false | BY8: =IF(活動計画書!E112<>"",活動計画書!E112,"") -> 30 農用地の軽微な補修等 | BZ8: =IF(活動計画書!K112="○","true","false") -> false | CA8: =IF(活動計画書!L112="○","true","false") -> false | CB8: =IF(活動計画書!M112="○","true","false") -> false | CC8: =IF(活動計画書!N112="○","true","false") -> false | CD8: =IF(活動計画書!O112="○","true","false") -> false | CE8: =IF(活動計画書!P112="○","true","false") -> false | CF8: =IF(活動計画書!Q112="○","true","false") -> false | CG8: =IF(活動計画書!R112="○","true","false") -> false | ... CK8: =IF(活動計画書!V112="○","true","false") -> false | CL8: =IF(活動計画書!K112<>"",活動計画書!K112,"") | CM8: =IF(活動計画書!K112<>"","true","false") -> false | CN8: =IF(NOT(CP8=""),"農村環境保全活動","") | CO8: =IF(NOT(CP8=""),"実践活動","") | CP8: =IF(COUNTIF(データ取込シート_活動計画書_整理用!$N$2:'データ取込シート_活動計画書_整理用'!$N8,"この線より上に行を挿入してください。")=0,データ取込シート_活動計画書_整理用!$N8,"") | CQ8: =IF(COUNTIF(データ取込シート_活動計画書_整理用!$N$2:'データ取込シート_活動計画書_整理用'!$N8,"この線より上に行を挿入してください。")=0,データ取込シート_活動計画書_整理用!$O8,"") | CR8: =IF(COUNTIF(データ取込シート_活動計画書_整理用!$N$2:'データ取込シート_活動計画書_整理用'!$N8,"この線より上に行を挿入してください。")=0,IF(データ取込シート_活動計画書_整理用!$P8="○","true","false"),"") | CS8: =IF(COUNTIF(データ取込シート_活動計画書_整理用!$N$2:'データ取込シート_活動計画書_整理用'!$N8,"この線より上に行を挿入してください。")=0,IF(データ取込シート_活動計画書_整理用!$Q8="○","true","false"),"") | CT8: =IF(COUNTIF(データ取込シート_活動計画書_整理用!$N$2:'データ取込シート_活動計画書_整理用'!$N8,"この線より上に行を挿入してください。")=0,IF(データ取込シート_活動計画書_整理用!$R8="○","true","false"),"") | CU8: =IF(COUNTIF(データ取込シート_活動計画書_整理用!$N$2:'データ取込シート_活動計画書_整理用'!$N8,"この線より上に行を挿入してください。")=0,IF(データ取込シート_活動計画書_整理用!$S8="○","true","false"),"") | CV8: =IF(COUNTIF(データ取込シート_活動計画書_整理用!$N$2:'データ取込シート_活動計画書_整理用'!$N8,"この線より上に行を挿入してください。")=0,IF(データ取込シート_活動計画書_整理用!$T8="○","true","false"),"") | CW8: =IF(COUNTIF(データ取込シート_活動計画書_整理用!$N$2:'データ取込シート_活動計画書_整理用'!$N8,"この線より上に行を挿入してください。")=0,IF(データ取込シート_活動計画書_整理用!$U8="○","true","false"),"") | CX8: =IF(COUNTIF(データ取込シート_活動計画書_整理用!$N$2:'データ取込シート_活動計画書_整理用'!$N8,"この線より上に行を挿入してください。")=0,IF(データ取込シート_活動計画書_整理用!$V8="○","true","false"),"") | CY8: =IF(COUNTIF(データ取込シート_活動計画書_整理用!$N$2:'データ取込シート_活動計画書_整理用'!$N8,"この線より上に行を挿入してください。")=0,IF(データ取込シート_活動計画書_整理用!$W8="○","true","false"),"") | CZ8: =IF(COUNTIF(データ取込シート_活動計画書_整理用!$N$2:'データ取込シート_活動計画書_整理用'!$N8,"この線より上に行を挿入してください。")=0,IF(データ取込シート_活動計画書_整理用!$X8="○","true","false"),"") | DA8: =IF(COUNTIF(データ取込シート_活動計画書_整理用!$N$2:'データ取込シート_活動計画書_整理用'!$N8,"この線より上に行を挿入してください。")=0,IF(データ取込シート_活動計画書_整理用!$Y8="○","true","false"),"") | DB8: =IF(COUNTIF(データ取込シート_活動計画書_整理用!$N$2:'データ取込シート_活動計画書_整理用'!$N8,"この線より上に行を挿入してください。")=0,IF(データ取込シート_活動計画書_整理用!$Z8="○","true","false"),"") | DC8: =IF(COUNTIF(データ取込シート_活動計画書_整理用!$N$2:'データ取込シート_活動計画書_整理用'!$N8,"この線より上に行を挿入してください。")=0,IF(データ取込シート_活動計画書_整理用!$AA8="○","true","false"),"") | DD8: =IF(活動計画書!D143<>"",活動計画書!D143,"") -> 58 農村文化の伝承を通じた農村コミュニティの強化 | DE8: =IF(活動計画書!J143="○","true","false") -> false | DF8: =IF(活動計画書!K143="○","true","false") -> false | DG8: =IF(活動計画書!L143="○","true","false") -> false | DH8: =IF(活動計画書!M143="○","true","false") -> false | DI8: =IF(活動計画書!N143="○","true","false") -> false | DJ8: =IF(活動計画書!O143="○","true","false") -> false | DK8: =IF(活動計画書!P143="○","true","false") -> false | DL8: =IF(活動計画書!Q143="○","true","false") -> false | ... DP8: =IF(活動計画書!U143="○","true","false") -> false | DQ8: =IF(活動計画書!V143<>"",活動計画書!V143,"") | DW8: =IF(COUNTIF(データ取込シート_活動計画書_整理用!$AD$2:'データ取込シート_活動計画書_整理用'!$AD8,"この線より上に行を挿入してください。")=0,データ取込シート_活動計画書_整理用!$AC8,"") | DX8: =IF(COUNTIF(データ取込シート_活動計画書_整理用!$AD$2:'データ取込シート_活動計画書_整理用'!$AD8,"この線より上に行を挿入してください。")=0,データ取込シート_活動計画書_整理用!$AD8,"") | DY8: =IF(COUNTIF(データ取込シート_活動計画書_整理用!$AD$2:'データ取込シート_活動計画書_整理用'!$AD8,"この線より上に行を挿入してください。")=0,データ取込シート_活動計画書_整理用!$AE8,"") | DZ8: =IF(COUNTIF(データ取込シート_活動計画書_整理用!$AD$2:'データ取込シート_活動計画書_整理用'!$AD8,"この線より上に行を挿入してください。")=0,データ取込シート_活動計画書_整理用!$AF8,"") | EA8: =IF(COUNTIF(データ取込シート_活動計画書_整理用!$AD$2:'データ取込シート_活動計画書_整理用'!$AD8,"この線より上に行を挿入してください。")=0,データ取込シート_活動計画書_整理用!$AG8,"") | EB8: =IF(COUNTIF(データ取込シート_活動計画書_整理用!$AD$2:'データ取込シート_活動計画書_整理用'!$AD8,"この線より上に行を挿入してください。")=0,データ取込シート_活動計画書_整理用!$AH8,"") | EC8: =IF(COUNTIF(データ取込シート_活動計画書_整理用!$AD$2:'データ取込シート_活動計画書_整理用'!$AD8,"この線より上に行を挿入してください。")=0,IF(データ取込シート_活動計画書_整理用!$AI8="○","true","false"),"") | ED8: =IF(COUNTIF(データ取込シート_活動計画書_整理用!$AD$2:'データ取込シート_活動計画書_整理用'!$AD8,"この線より上に行を挿入してください。")=0,IF(データ取込シート_活動計画書_整理用!$AJ8="○","true","false"),"") | EE8: =IF(COUNTIF(データ取込シート_活動計画書_整理用!$AD$2:'データ取込シート_活動計画書_整理用'!$AD8,"この線より上に行を挿入してください。")=0,IF(データ取込シート_活動計画書_整理用!$AK8="○","true","false"),"") | EF8: =IF(COUNTIF(データ取込シート_活動計画書_整理用!$AD$2:'データ取込シート_活動計画書_整理用'!$AD8,"この線より上に行を挿入してください。")=0,IF(データ取込シート_活動計画書_整理用!$AL8="○","true","false"),"") | EG8: =IF(COUNTIF(データ取込シート_活動計画書_整理用!$AD$2:'データ取込シート_活動計画書_整理用'!$AD8,"この線より上に行を挿入してください。")=0,IF(データ取込シート_活動計画書_整理用!$AM8="○","true","false"),"")
B9: =IF(COUNTIF(データ取込シート_活動計画書_整理用!$B$2:'データ取込シート_活動計画書_整理用'!$B9,"この線より上に行を挿入してください。")=0,データ取込シート_活動計画書_整理用!$B9,"") | C9: =IF(COUNTIF(データ取込シート_活動計画書_整理用!$B$2:'データ取込シート_活動計画書_整理用'!$B9,"この線より上に行を挿入してください。")=0,データ取込シート_活動計画書_整理用!$C9,"") | D9: =IF(COUNTIF(データ取込シート_活動計画書_整理用!$B$2:'データ取込シート_活動計画書_整理用'!$B9,"この線より上に行を挿入してください。")=0,データ取込シート_活動計画書_整理用!$D9,"") | F9: =IF(COUNTIF(データ取込シート_活動計画書_整理用!$F$2:'データ取込シート_活動計画書_整理用'!$F9,"この線より上に行を挿入してください。")=0,データ取込シート_活動計画書_整理用!$F9,"") | G9: =IF(COUNTIF(データ取込シート_活動計画書_整理用!$F$2:'データ取込シート_活動計画書_整理用'!$F9,"この線より上に行を挿入してください。")=0,データ取込シート_活動計画書_整理用!$G9,"") | H9: =IF(COUNTIF(データ取込シート_活動計画書_整理用!$F$2:'データ取込シート_活動計画書_整理用'!$F9,"この線より上に行を挿入してください。")=0,データ取込シート_活動計画書_整理用!$H9,"") | I9: =IF(COUNTIF(データ取込シート_活動計画書_整理用!$J$2:'データ取込シート_活動計画書_整理用'!$J9,"この線より上に行を挿入してください。")=0,データ取込シート_活動計画書_整理用!$J9,"") | J9: =IF(COUNTIF(データ取込シート_活動計画書_整理用!$J$2:'データ取込シート_活動計画書_整理用'!$J9,"この線より上に行を挿入してください。")=0,データ取込シート_活動計画書_整理用!$K9,"") | K9: =IF(COUNTIF(データ取込シート_活動計画書_整理用!$J$2:'データ取込シート_活動計画書_整理用'!$J9,"この線より上に行を挿入してください。")=0,データ取込シート_活動計画書_整理用!$L9,"") | AG9: ８ 水路の泥上げ | AH9: =IF(活動計画書!K72="○","true","false") -> false | AI9: =IF(活動計画書!L72="○","true","false") -> false | AJ9: =IF(活動計画書!M72="○","true","false") -> false | AK9: =IF(活動計画書!N72="○","true","false") -> false | AL9: =IF(活動計画書!O72="○","true","false") -> false | AM9: =IF(活動計画書!P72="○","true","false") -> false | AN9: =IF(活動計画書!Q72="○","true","false") -> false | AO9: =IF(活動計画書!R72="○","true","false") -> false | ... AS9: =IF(活動計画書!V72="○","true","false") -> false | AT9: =IF(活動計画書!K72<>"",活動計画書!K72,"") | AU9: =IF(活動計画書!K72<>"","true","false") -> false | BY9: =IF(活動計画書!E113<>"",活動計画書!E113,"") -> 31 水路の軽微な補修等 | BZ9: =IF(活動計画書!K113="○","true","false") -> false | CA9: =IF(活動計画書!L113="○","true","false") -> false | CB9: =IF(活動計画書!M113="○","true","false") -> false | CC9: =IF(活動計画書!N113="○","true","false") -> false | CD9: =IF(活動計画書!O113="○","true","false") -> false | CE9: =IF(活動計画書!P113="○","true","false") -> false | CF9: =IF(活動計画書!Q113="○","true","false") -> false | CG9: =IF(活動計画書!R113="○","true","false") -> false | ... CK9: =IF(活動計画書!V113="○","true","false") -> false | CL9: =IF(活動計画書!K113<>"",活動計画書!K113,"") | CM9: =IF(活動計画書!K113<>"","true","false") -> false | CN9: =IF(NOT(CP9=""),"農村環境保全活動","") | CO9: =IF(NOT(CP9=""),"実践活動","") | CP9: =IF(COUNTIF(データ取込シート_活動計画書_整理用!$N$2:'データ取込シート_活動計画書_整理用'!$N9,"この線より上に行を挿入してください。")=0,データ取込シート_活動計画書_整理用!$N9,"") | CQ9: =IF(COUNTIF(データ取込シート_活動計画書_整理用!$N$2:'データ取込シート_活動計画書_整理用'!$N9,"この線より上に行を挿入してください。")=0,データ取込シート_活動計画書_整理用!$O9,"") | CR9: =IF(COUNTIF(データ取込シート_活動計画書_整理用!$N$2:'データ取込シート_活動計画書_整理用'!$N9,"この線より上に行を挿入してください。")=0,IF(データ取込シート_活動計画書_整理用!$P9="○","true","false"),"") | CS9: =IF(COUNTIF(データ取込シート_活動計画書_整理用!$N$2:'データ取込シート_活動計画書_整理用'!$N9,"この線より上に行を挿入してください。")=0,IF(データ取込シート_活動計画書_整理用!$Q9="○","true","false"),"") | CT9: =IF(COUNTIF(データ取込シート_活動計画書_整理用!$N$2:'データ取込シート_活動計画書_整理用'!$N9,"この線より上に行を挿入してください。")=0,IF(データ取込シート_活動計画書_整理用!$R9="○","true","false"),"") | CU9: =IF(COUNTIF(データ取込シート_活動計画書_整理用!$N$2:'データ取込シート_活動計画書_整理用'!$N9,"この線より上に行を挿入してください。")=0,IF(データ取込シート_活動計画書_整理用!$S9="○","true","false"),"") | CV9: =IF(COUNTIF(データ取込シート_活動計画書_整理用!$N$2:'データ取込シート_活動計画書_整理用'!$N9,"この線より上に行を挿入してください。")=0,IF(データ取込シート_活動計画書_整理用!$T9="○","true","false"),"") | CW9: =IF(COUNTIF(データ取込シート_活動計画書_整理用!$N$2:'データ取込シート_活動計画書_整理用'!$N9,"この線より上に行を挿入してください。")=0,IF(データ取込シート_活動計画書_整理用!$U9="○","true","false"),"") | CX9: =IF(COUNTIF(データ取込シート_活動計画書_整理用!$N$2:'データ取込シート_活動計画書_整理用'!$N9,"この線より上に行を挿入してください。")=0,IF(データ取込シート_活動計画書_整理用!$V9="○","true","false"),"") | CY9: =IF(COUNTIF(データ取込シート_活動計画書_整理用!$N$2:'データ取込シート_活動計画書_整理用'!$N9,"この線より上に行を挿入してください。")=0,IF(データ取込シート_活動計画書_整理用!$W9="○","true","false"),"") | CZ9: =IF(COUNTIF(データ取込シート_活動計画書_整理用!$N$2:'データ取込シート_活動計画書_整理用'!$N9,"この線より上に行を挿入してください。")=0,IF(データ取込シート_活動計画書_整理用!$X9="○","true","false"),"") | DA9: =IF(COUNTIF(データ取込シート_活動計画書_整理用!$N$2:'データ取込シート_活動計画書_整理用'!$N9,"この線より上に行を挿入してください。")=0,IF(データ取込シート_活動計画書_整理用!$Y9="○","true","false"),"") | DB9: =IF(COUNTIF(データ取込シート_活動計画書_整理用!$N$2:'データ取込シート_活動計画書_整理用'!$N9,"この線より上に行を挿入してください。")=0,IF(データ取込シート_活動計画書_整理用!$Z9="○","true","false"),"") | DC9: =IF(COUNTIF(データ取込シート_活動計画書_整理用!$N$2:'データ取込シート_活動計画書_整理用'!$N9,"この線より上に行を挿入してください。")=0,IF(データ取込シート_活動計画書_整理用!$AA9="○","true","false"),"") | DD9: =IF(活動計画書!D144<>"",活動計画書!D144,"") -> 53 鳥獣被害防止対策及び環境改善活動の強化 | DE9: =IF(活動計画書!J144="○","true","false") -> false | DF9: =IF(活動計画書!K144="○","true","false") -> false | DG9: =IF(活動計画書!L144="○","true","false") -> false | DH9: =IF(活動計画書!M144="○","true","false") -> false | DI9: =IF(活動計画書!N144="○","true","false") -> false | DJ9: =IF(活動計画書!O144="○","true","false") -> false | DK9: =IF(活動計画書!P144="○","true","false") -> false | DL9: =IF(活動計画書!Q144="○","true","false") -> false | ... DP9: =IF(活動計画書!U144="○","true","false") -> false | DQ9: =IF(活動計画書!V144<>"",活動計画書!V144,"") | DW9: =IF(COUNTIF(データ取込シート_活動計画書_整理用!$AD$2:'データ取込シート_活動計画書_整理用'!$AD9,"この線より上に行を挿入してください。")=0,データ取込シート_活動計画書_整理用!$AC9,"") | DX9: =IF(COUNTIF(データ取込シート_活動計画書_整理用!$AD$2:'データ取込シート_活動計画書_整理用'!$AD9,"この線より上に行を挿入してください。")=0,データ取込シート_活動計画書_整理用!$AD9,"") | DY9: =IF(COUNTIF(データ取込シート_活動計画書_整理用!$AD$2:'データ取込シート_活動計画書_整理用'!$AD9,"この線より上に行を挿入してください。")=0,データ取込シート_活動計画書_整理用!$AE9,"") | DZ9: =IF(COUNTIF(データ取込シート_活動計画書_整理用!$AD$2:'データ取込シート_活動計画書_整理用'!$AD9,"この線より上に行を挿入してください。")=0,データ取込シート_活動計画書_整理用!$AF9,"") | EA9: =IF(COUNTIF(データ取込シート_活動計画書_整理用!$AD$2:'データ取込シート_活動計画書_整理用'!$AD9,"この線より上に行を挿入してください。")=0,データ取込シート_活動計画書_整理用!$AG9,"") | EB9: =IF(COUNTIF(データ取込シート_活動計画書_整理用!$AD$2:'データ取込シート_活動計画書_整理用'!$AD9,"この線より上に行を挿入してください。")=0,データ取込シート_活動計画書_整理用!$AH9,"") | EC9: =IF(COUNTIF(データ取込シート_活動計画書_整理用!$AD$2:'データ取込シート_活動計画書_整理用'!$AD9,"この線より上に行を挿入してください。")=0,IF(データ取込シート_活動計画書_整理用!$AI9="○","true","false"),"") | ED9: =IF(COUNTIF(データ取込シート_活動計画書_整理用!$AD$2:'データ取込シート_活動計画書_整理用'!$AD9,"この線より上に行を挿入してください。")=0,IF(データ取込シート_活動計画書_整理用!$AJ9="○","true","false"),"") | EE9: =IF(COUNTIF(データ取込シート_活動計画書_整理用!$AD$2:'データ取込シート_活動計画書_整理用'!$AD9,"この線より上に行を挿入してください。")=0,IF(データ取込シート_活動計画書_整理用!$AK9="○","true","false"),"") | EF9: =IF(COUNTIF(データ取込シート_活動計画書_整理用!$AD$2:'データ取込シート_活動計画書_整理用'!$AD9,"この線より上に行を挿入してください。")=0,IF(データ取込シート_活動計画書_整理用!$AL9="○","true","false"),"") | EG9: =IF(COUNTIF(データ取込シート_活動計画書_整理用!$AD$2:'データ取込シート_活動計画書_整理用'!$AD9,"この線より上に行を挿入してください。")=0,IF(データ取込シート_活動計画書_整理用!$AM9="○","true","false"),"")
B10: =IF(COUNTIF(データ取込シート_活動計画書_整理用!$B$2:'データ取込シート_活動計画書_整理用'!$B10,"この線より上に行を挿入してください。")=0,データ取込シート_活動計画書_整理用!$B10,"") | C10: =IF(COUNTIF(データ取込シート_活動計画書_整理用!$B$2:'データ取込シート_活動計画書_整理用'!$B10,"この線より上に行を挿入してください。")=0,データ取込シート_活動計画書_整理用!$C10,"") | D10: =IF(COUNTIF(データ取込シート_活動計画書_整理用!$B$2:'データ取込シート_活動計画書_整理用'!$B10,"この線より上に行を挿入してください。")=0,データ取込シート_活動計画書_整理用!$D10,"") | F10: =IF(COUNTIF(データ取込シート_活動計画書_整理用!$F$2:'データ取込シート_活動計画書_整理用'!$F10,"この線より上に行を挿入してください。")=0,データ取込シート_活動計画書_整理用!$F10,"") | G10: =IF(COUNTIF(データ取込シート_活動計画書_整理用!$F$2:'データ取込シート_活動計画書_整理用'!$F10,"この線より上に行を挿入してください。")=0,データ取込シート_活動計画書_整理用!$G10,"") | H10: =IF(COUNTIF(データ取込シート_活動計画書_整理用!$F$2:'データ取込シート_活動計画書_整理用'!$F10,"この線より上に行を挿入してください。")=0,データ取込シート_活動計画書_整理用!$H10,"") | I10: =IF(COUNTIF(データ取込シート_活動計画書_整理用!$J$2:'データ取込シート_活動計画書_整理用'!$J10,"この線より上に行を挿入してください。")=0,データ取込シート_活動計画書_整理用!$J10,"") | J10: =IF(COUNTIF(データ取込シート_活動計画書_整理用!$J$2:'データ取込シート_活動計画書_整理用'!$J10,"この線より上に行を挿入してください。")=0,データ取込シート_活動計画書_整理用!$K10,"") | K10: =IF(COUNTIF(データ取込シート_活動計画書_整理用!$J$2:'データ取込シート_活動計画書_整理用'!$J10,"この線より上に行を挿入してください。")=0,データ取込シート_活動計画書_整理用!$L10,"") | AG10: ９ 水路附帯施設の保守管理 | AH10: =IF(活動計画書!K73="○","true","false") -> false | AI10: =IF(活動計画書!L73="○","true","false") -> false | AJ10: =IF(活動計画書!M73="○","true","false") -> false | AK10: =IF(活動計画書!N73="○","true","false") -> false | AL10: =IF(活動計画書!O73="○","true","false") -> false | AM10: =IF(活動計画書!P73="○","true","false") -> false | AN10: =IF(活動計画書!Q73="○","true","false") -> false | AO10: =IF(活動計画書!R73="○","true","false") -> false | ... AS10: =IF(活動計画書!V73="○","true","false") -> false | AT10: =IF(活動計画書!K73<>"",活動計画書!K73,"") | AU10: =IF(活動計画書!K73<>"","true","false") -> false | AV10: =IF(活動計画書!M73<>"",活動計画書!M73,"") | BY10: =IF(活動計画書!E114<>"",活動計画書!E114,"") -> 32 農道の軽微な補修等 | BZ10: =IF(活動計画書!K114="○","true","false") -> false | CA10: =IF(活動計画書!L114="○","true","false") -> false | CB10: =IF(活動計画書!M114="○","true","false") -> false | CC10: =IF(活動計画書!N114="○","true","false") -> false | CD10: =IF(活動計画書!O114="○","true","false") -> false | CE10: =IF(活動計画書!P114="○","true","false") -> false | CF10: =IF(活動計画書!Q114="○","true","false") -> false | CG10: =IF(活動計画書!R114="○","true","false") -> false | ... CK10: =IF(活動計画書!V114="○","true","false") -> false | CL10: =IF(活動計画書!K114<>"",活動計画書!K114,"") | CM10: =IF(活動計画書!K114<>"","true","false") -> false | CN10: =IF(NOT(CP10=""),"農村環境保全活動","") | CO10: =IF(NOT(CP10=""),"実践活動","") | CP10: =IF(COUNTIF(データ取込シート_活動計画書_整理用!$N$2:'データ取込シート_活動計画書_整理用'!$N10,"この線より上に行を挿入してください。")=0,データ取込シート_活動計画書_整理用!$N10,"") | CQ10: =IF(COUNTIF(データ取込シート_活動計画書_整理用!$N$2:'データ取込シート_活動計画書_整理用'!$N10,"この線より上に行を挿入してください。")=0,データ取込シート_活動計画書_整理用!$O10,"") | CR10: =IF(COUNTIF(データ取込シート_活動計画書_整理用!$N$2:'データ取込シート_活動計画書_整理用'!$N10,"この線より上に行を挿入してください。")=0,IF(データ取込シート_活動計画書_整理用!$P10="○","true","false"),"") | CS10: =IF(COUNTIF(データ取込シート_活動計画書_整理用!$N$2:'データ取込シート_活動計画書_整理用'!$N10,"この線より上に行を挿入してください。")=0,IF(データ取込シート_活動計画書_整理用!$Q10="○","true","false"),"") | CT10: =IF(COUNTIF(データ取込シート_活動計画書_整理用!$N$2:'データ取込シート_活動計画書_整理用'!$N10,"この線より上に行を挿入してください。")=0,IF(データ取込シート_活動計画書_整理用!$R10="○","true","false"),"") | CU10: =IF(COUNTIF(データ取込シート_活動計画書_整理用!$N$2:'データ取込シート_活動計画書_整理用'!$N10,"この線より上に行を挿入してください。")=0,IF(データ取込シート_活動計画書_整理用!$S10="○","true","false"),"") | CV10: =IF(COUNTIF(データ取込シート_活動計画書_整理用!$N$2:'データ取込シート_活動計画書_整理用'!$N10,"この線より上に行を挿入してください。")=0,IF(データ取込シート_活動計画書_整理用!$T10="○","true","false"),"") | CW10: =IF(COUNTIF(データ取込シート_活動計画書_整理用!$N$2:'データ取込シート_活動計画書_整理用'!$N10,"この線より上に行を挿入してください。")=0,IF(データ取込シート_活動計画書_整理用!$U10="○","true","false"),"") | CX10: =IF(COUNTIF(データ取込シート_活動計画書_整理用!$N$2:'データ取込シート_活動計画書_整理用'!$N10,"この線より上に行を挿入してください。")=0,IF(データ取込シート_活動計画書_整理用!$V10="○","true","false"),"") | CY10: =IF(COUNTIF(データ取込シート_活動計画書_整理用!$N$2:'データ取込シート_活動計画書_整理用'!$N10,"この線より上に行を挿入してください。")=0,IF(データ取込シート_活動計画書_整理用!$W10="○","true","false"),"") | CZ10: =IF(COUNTIF(データ取込シート_活動計画書_整理用!$N$2:'データ取込シート_活動計画書_整理用'!$N10,"この線より上に行を挿入してください。")=0,IF(データ取込シート_活動計画書_整理用!$X10="○","true","false"),"") | DA10: =IF(COUNTIF(データ取込シート_活動計画書_整理用!$N$2:'データ取込シート_活動計画書_整理用'!$N10,"この線より上に行を挿入してください。")=0,IF(データ取込シート_活動計画書_整理用!$Y10="○","true","false"),"") | DB10: =IF(COUNTIF(データ取込シート_活動計画書_整理用!$N$2:'データ取込シート_活動計画書_整理用'!$N10,"この線より上に行を挿入してください。")=0,IF(データ取込シート_活動計画書_整理用!$Z10="○","true","false"),"") | DC10: =IF(COUNTIF(データ取込シート_活動計画書_整理用!$N$2:'データ取込シート_活動計画書_整理用'!$N10,"この線より上に行を挿入してください。")=0,IF(データ取込シート_活動計画書_整理用!$AA10="○","true","false"),"") | DD10: =IF(活動計画書!D145<>"",活動計画書!D145,"") -> 60 広報活動・農的関係人口の拡大 | DE10: =IF(活動計画書!J145="○","true","false") -> false | DF10: =IF(活動計画書!K145="○","true","false") -> false | DG10: =IF(活動計画書!L145="○","true","false") -> false | DH10: =IF(活動計画書!M145="○","true","false") -> false | DI10: =IF(活動計画書!N145="○","true","false") -> false | DJ10: =IF(活動計画書!O145="○","true","false") -> false | DK10: =IF(活動計画書!P145="○","true","false") -> false | DL10: =IF(活動計画書!Q145="○","true","false") -> false | ... DP10: =IF(活動計画書!U145="○","true","false") -> false | DQ10: =IF(活動計画書!V145<>"",活動計画書!V145,"") | DW10: =IF(COUNTIF(データ取込シート_活動計画書_整理用!$AD$2:'データ取込シート_活動計画書_整理用'!$AD10,"この線より上に行を挿入してください。")=0,データ取込シート_活動計画書_整理用!$AC10,"") | DX10: =IF(COUNTIF(データ取込シート_活動計画書_整理用!$AD$2:'データ取込シート_活動計画書_整理用'!$AD10,"この線より上に行を挿入してください。")=0,データ取込シート_活動計画書_整理用!$AD10,"") | DY10: =IF(COUNTIF(データ取込シート_活動計画書_整理用!$AD$2:'データ取込シート_活動計画書_整理用'!$AD10,"この線より上に行を挿入してください。")=0,データ取込シート_活動計画書_整理用!$AE10,"") | DZ10: =IF(COUNTIF(データ取込シート_活動計画書_整理用!$AD$2:'データ取込シート_活動計画書_整理用'!$AD10,"この線より上に行を挿入してください。")=0,データ取込シート_活動計画書_整理用!$AF10,"") | EA10: =IF(COUNTIF(データ取込シート_活動計画書_整理用!$AD$2:'データ取込シート_活動計画書_整理用'!$AD10,"この線より上に行を挿入してください。")=0,データ取込シート_活動計画書_整理用!$AG10,"") | EB10: =IF(COUNTIF(データ取込シート_活動計画書_整理用!$AD$2:'データ取込シート_活動計画書_整理用'!$AD10,"この線より上に行を挿入してください。")=0,データ取込シート_活動計画書_整理用!$AH10,"") | EC10: =IF(COUNTIF(データ取込シート_活動計画書_整理用!$AD$2:'データ取込シート_活動計画書_整理用'!$AD10,"この線より上に行を挿入してください。")=0,IF(データ取込シート_活動計画書_整理用!$AI10="○","true","false"),"") | ED10: =IF(COUNTIF(データ取込シート_活動計画書_整理用!$AD$2:'データ取込シート_活動計画書_整理用'!$AD10,"この線より上に行を挿入してください。")=0,IF(データ取込シート_活動計画書_整理用!$AJ10="○","true","false"),"") | EE10: =IF(COUNTIF(データ取込シート_活動計画書_整理用!$AD$2:'データ取込シート_活動計画書_整理用'!$AD10,"この線より上に行を挿入してください。")=0,IF(データ取込シート_活動計画書_整理用!$AK10="○","true","false"),"") | EF10: =IF(COUNTIF(データ取込シート_活動計画書_整理用!$AD$2:'データ取込シート_活動計画書_整理用'!$AD10,"この線より上に行を挿入してください。")=0,IF(データ取込シート_活動計画書_整理用!$AL10="○","true","false"),"") | EG10: =IF(COUNTIF(データ取込シート_活動計画書_整理用!$AD$2:'データ取込シート_活動計画書_整理用'!$AD10,"この線より上に行を挿入してください。")=0,IF(データ取込シート_活動計画書_整理用!$AM10="○","true","false"),"")
B11: =IF(COUNTIF(データ取込シート_活動計画書_整理用!$B$2:'データ取込シート_活動計画書_整理用'!$B11,"この線より上に行を挿入してください。")=0,データ取込シート_活動計画書_整理用!$B11,"") | C11: =IF(COUNTIF(データ取込シート_活動計画書_整理用!$B$2:'データ取込シート_活動計画書_整理用'!$B11,"この線より上に行を挿入してください。")=0,データ取込シート_活動計画書_整理用!$C11,"") | D11: =IF(COUNTIF(データ取込シート_活動計画書_整理用!$B$2:'データ取込シート_活動計画書_整理用'!$B11,"この線より上に行を挿入してください。")=0,データ取込シート_活動計画書_整理用!$D11,"") | F11: =IF(COUNTIF(データ取込シート_活動計画書_整理用!$F$2:'データ取込シート_活動計画書_整理用'!$F11,"この線より上に行を挿入してください。")=0,データ取込シート_活動計画書_整理用!$F11,"") | G11: =IF(COUNTIF(データ取込シート_活動計画書_整理用!$F$2:'データ取込シート_活動計画書_整理用'!$F11,"この線より上に行を挿入してください。")=0,データ取込シート_活動計画書_整理用!$G11,"") | H11: =IF(COUNTIF(データ取込シート_活動計画書_整理用!$F$2:'データ取込シート_活動計画書_整理用'!$F11,"この線より上に行を挿入してください。")=0,データ取込シート_活動計画書_整理用!$H11,"") | I11: =IF(COUNTIF(データ取込シート_活動計画書_整理用!$J$2:'データ取込シート_活動計画書_整理用'!$J11,"この線より上に行を挿入してください。")=0,データ取込シート_活動計画書_整理用!$J11,"") | J11: =IF(COUNTIF(データ取込シート_活動計画書_整理用!$J$2:'データ取込シート_活動計画書_整理用'!$J11,"この線より上に行を挿入してください。")=0,データ取込シート_活動計画書_整理用!$K11,"") | K11: =IF(COUNTIF(データ取込シート_活動計画書_整理用!$J$2:'データ取込シート_活動計画書_整理用'!$J11,"この線より上に行を挿入してください。")=0,データ取込シート_活動計画書_整理用!$L11,"") | AG11: 10 農道の草刈り | AH11: =IF(活動計画書!K74="○","true","false") -> false | AI11: =IF(活動計画書!L74="○","true","false") -> false | AJ11: =IF(活動計画書!M74="○","true","false") -> false | AK11: =IF(活動計画書!N74="○","true","false") -> false | AL11: =IF(活動計画書!O74="○","true","false") -> false | AM11: =IF(活動計画書!P74="○","true","false") -> false | AN11: =IF(活動計画書!Q74="○","true","false") -> false | AO11: =IF(活動計画書!R74="○","true","false") -> false | ... AS11: =IF(活動計画書!V74="○","true","false") -> false | AT11: =IF(活動計画書!K74<>"",活動計画書!K74,"") | AU11: =IF(活動計画書!K74<>"","true","false") -> false | BY11: =IF(活動計画書!E115<>"",活動計画書!E115,"") -> 33 ため池の軽微な補修等 | BZ11: =IF(活動計画書!K115="○","true","false") -> false | CA11: =IF(活動計画書!L115="○","true","false") -> false | CB11: =IF(活動計画書!M115="○","true","false") -> false | CC11: =IF(活動計画書!N115="○","true","false") -> false | CD11: =IF(活動計画書!O115="○","true","false") -> false | CE11: =IF(活動計画書!P115="○","true","false") -> false | CF11: =IF(活動計画書!Q115="○","true","false") -> false | CG11: =IF(活動計画書!R115="○","true","false") -> false | ... CK11: =IF(活動計画書!V115="○","true","false") -> false | CL11: =IF(活動計画書!K115<>"",活動計画書!K115,"") | CM11: =IF(活動計画書!K115<>"","true","false") -> false | CN11: =IF(NOT(CP11=""),"農村環境保全活動","") | CO11: =IF(NOT(CP11=""),"実践活動","") | CP11: =IF(COUNTIF(データ取込シート_活動計画書_整理用!$N$2:'データ取込シート_活動計画書_整理用'!$N11,"この線より上に行を挿入してください。")=0,データ取込シート_活動計画書_整理用!$N11,"") | CQ11: =IF(COUNTIF(データ取込シート_活動計画書_整理用!$N$2:'データ取込シート_活動計画書_整理用'!$N11,"この線より上に行を挿入してください。")=0,データ取込シート_活動計画書_整理用!$O11,"") | CR11: =IF(COUNTIF(データ取込シート_活動計画書_整理用!$N$2:'データ取込シート_活動計画書_整理用'!$N11,"この線より上に行を挿入してください。")=0,IF(データ取込シート_活動計画書_整理用!$P11="○","true","false"),"") | CS11: =IF(COUNTIF(データ取込シート_活動計画書_整理用!$N$2:'データ取込シート_活動計画書_整理用'!$N11,"この線より上に行を挿入してください。")=0,IF(データ取込シート_活動計画書_整理用!$Q11="○","true","false"),"") | CT11: =IF(COUNTIF(データ取込シート_活動計画書_整理用!$N$2:'データ取込シート_活動計画書_整理用'!$N11,"この線より上に行を挿入してください。")=0,IF(データ取込シート_活動計画書_整理用!$R11="○","true","false"),"") | CU11: =IF(COUNTIF(データ取込シート_活動計画書_整理用!$N$2:'データ取込シート_活動計画書_整理用'!$N11,"この線より上に行を挿入してください。")=0,IF(データ取込シート_活動計画書_整理用!$S11="○","true","false"),"") | CV11: =IF(COUNTIF(データ取込シート_活動計画書_整理用!$N$2:'データ取込シート_活動計画書_整理用'!$N11,"この線より上に行を挿入してください。")=0,IF(データ取込シート_活動計画書_整理用!$T11="○","true","false"),"") | CW11: =IF(COUNTIF(データ取込シート_活動計画書_整理用!$N$2:'データ取込シート_活動計画書_整理用'!$N11,"この線より上に行を挿入してください。")=0,IF(データ取込シート_活動計画書_整理用!$U11="○","true","false"),"") | CX11: =IF(COUNTIF(データ取込シート_活動計画書_整理用!$N$2:'データ取込シート_活動計画書_整理用'!$N11,"この線より上に行を挿入してください。")=0,IF(データ取込シート_活動計画書_整理用!$V11="○","true","false"),"") | CY11: =IF(COUNTIF(データ取込シート_活動計画書_整理用!$N$2:'データ取込シート_活動計画書_整理用'!$N11,"この線より上に行を挿入してください。")=0,IF(データ取込シート_活動計画書_整理用!$W11="○","true","false"),"") | CZ11: =IF(COUNTIF(データ取込シート_活動計画書_整理用!$N$2:'データ取込シート_活動計画書_整理用'!$N11,"この線より上に行を挿入してください。")=0,IF(データ取込シート_活動計画書_整理用!$X11="○","true","false"),"") | DA11: =IF(COUNTIF(データ取込シート_活動計画書_整理用!$N$2:'データ取込シート_活動計画書_整理用'!$N11,"この線より上に行を挿入してください。")=0,IF(データ取込シート_活動計画書_整理用!$Y11="○","true","false"),"") | DB11: =IF(COUNTIF(データ取込シート_活動計画書_整理用!$N$2:'データ取込シート_活動計画書_整理用'!$N11,"この線より上に行を挿入してください。")=0,IF(データ取込シート_活動計画書_整理用!$Z11="○","true","false"),"") | DC11: =IF(COUNTIF(データ取込シート_活動計画書_整理用!$N$2:'データ取込シート_活動計画書_整理用'!$N11,"この線より上に行を挿入してください。")=0,IF(データ取込シート_活動計画書_整理用!$AA11="○","true","false"),"") | DW11: =IF(COUNTIF(データ取込シート_活動計画書_整理用!$AD$2:'データ取込シート_活動計画書_整理用'!$AD11,"この線より上に行を挿入してください。")=0,データ取込シート_活動計画書_整理用!$AC11,"") | DX11: =IF(COUNTIF(データ取込シート_活動計画書_整理用!$AD$2:'データ取込シート_活動計画書_整理用'!$AD11,"この線より上に行を挿入してください。")=0,データ取込シート_活動計画書_整理用!$AD11,"") | DY11: =IF(COUNTIF(データ取込シート_活動計画書_整理用!$AD$2:'データ取込シート_活動計画書_整理用'!$AD11,"この線より上に行を挿入してください。")=0,データ取込シート_活動計画書_整理用!$AE11,"") | DZ11: =IF(COUNTIF(データ取込シート_活動計画書_整理用!$AD$2:'データ取込シート_活動計画書_整理用'!$AD11,"この線より上に行を挿入してください。")=0,データ取込シート_活動計画書_整理用!$AF11,"") | EA11: =IF(COUNTIF(データ取込シート_活動計画書_整理用!$AD$2:'データ取込シート_活動計画書_整理用'!$AD11,"この線より上に行を挿入してください。")=0,データ取込シート_活動計画書_整理用!$AG11,"") | EB11: =IF(COUNTIF(データ取込シート_活動計画書_整理用!$AD$2:'データ取込シート_活動計画書_整理用'!$AD11,"この線より上に行を挿入してください。")=0,データ取込シート_活動計画書_整理用!$AH11,"") | EC11: =IF(COUNTIF(データ取込シート_活動計画書_整理用!$AD$2:'データ取込シート_活動計画書_整理用'!$AD11,"この線より上に行を挿入してください。")=0,IF(データ取込シート_活動計画書_整理用!$AI11="○","true","false"),"") | ED11: =IF(COUNTIF(データ取込シート_活動計画書_整理用!$AD$2:'データ取込シート_活動計画書_整理用'!$AD11,"この線より上に行を挿入してください。")=0,IF(データ取込シート_活動計画書_整理用!$AJ11="○","true","false"),"") | EE11: =IF(COUNTIF(データ取込シート_活動計画書_整理用!$AD$2:'データ取込シート_活動計画書_整理用'!$AD11,"この線より上に行を挿入してください。")=0,IF(データ取込シート_活動計画書_整理用!$AK11="○","true","false"),"") | EF11: =IF(COUNTIF(データ取込シート_活動計画書_整理用!$AD$2:'データ取込シート_活動計画書_整理用'!$AD11,"この線より上に行を挿入してください。")=0,IF(データ取込シート_活動計画書_整理用!$AL11="○","true","false"),"") | EG11: =IF(COUNTIF(データ取込シート_活動計画書_整理用!$AD$2:'データ取込シート_活動計画書_整理用'!$AD11,"この線より上に行を挿入してください。")=0,IF(データ取込シート_活動計画書_整理用!$AM11="○","true","false"),"")
B12: =IF(COUNTIF(データ取込シート_活動計画書_整理用!$B$2:'データ取込シート_活動計画書_整理用'!$B12,"この線より上に行を挿入してください。")=0,データ取込シート_活動計画書_整理用!$B12,"") | C12: =IF(COUNTIF(データ取込シート_活動計画書_整理用!$B$2:'データ取込シート_活動計画書_整理用'!$B12,"この線より上に行を挿入してください。")=0,データ取込シート_活動計画書_整理用!$C12,"") | D12: =IF(COUNTIF(データ取込シート_活動計画書_整理用!$B$2:'データ取込シート_活動計画書_整理用'!$B12,"この線より上に行を挿入してください。")=0,データ取込シート_活動計画書_整理用!$D12,"") | F12: =IF(COUNTIF(データ取込シート_活動計画書_整理用!$F$2:'データ取込シート_活動計画書_整理用'!$F12,"この線より上に行を挿入してください。")=0,データ取込シート_活動計画書_整理用!$F12,"") | G12: =IF(COUNTIF(データ取込シート_活動計画書_整理用!$F$2:'データ取込シート_活動計画書_整理用'!$F12,"この線より上に行を挿入してください。")=0,データ取込シート_活動計画書_整理用!$G12,"") | H12: =IF(COUNTIF(データ取込シート_活動計画書_整理用!$F$2:'データ取込シート_活動計画書_整理用'!$F12,"この線より上に行を挿入してください。")=0,データ取込シート_活動計画書_整理用!$H12,"") | I12: =IF(COUNTIF(データ取込シート_活動計画書_整理用!$J$2:'データ取込シート_活動計画書_整理用'!$J12,"この線より上に行を挿入してください。")=0,データ取込シート_活動計画書_整理用!$J12,"") | J12: =IF(COUNTIF(データ取込シート_活動計画書_整理用!$J$2:'データ取込シート_活動計画書_整理用'!$J12,"この線より上に行を挿入してください。")=0,データ取込シート_活動計画書_整理用!$K12,"") | K12: =IF(COUNTIF(データ取込シート_活動計画書_整理用!$J$2:'データ取込シート_活動計画書_整理用'!$J12,"この線より上に行を挿入してください。")=0,データ取込シート_活動計画書_整理用!$L12,"") | AG12: 11 農道側溝の泥上げ | AH12: =IF(活動計画書!K75="○","true","false") -> false | AI12: =IF(活動計画書!L75="○","true","false") -> false | AJ12: =IF(活動計画書!M75="○","true","false") -> false | AK12: =IF(活動計画書!N75="○","true","false") -> false | AL12: =IF(活動計画書!O75="○","true","false") -> false | AM12: =IF(活動計画書!P75="○","true","false") -> false | AN12: =IF(活動計画書!Q75="○","true","false") -> false | AO12: =IF(活動計画書!R75="○","true","false") -> false | ... AS12: =IF(活動計画書!V75="○","true","false") -> false | AT12: =IF(活動計画書!K75<>"",活動計画書!K75,"") | AU12: =IF(活動計画書!K75<>"","true","false") -> false | AV12: =IF(活動計画書!M75<>"",活動計画書!M75,"") | BY12: =IF(活動計画書!E116<>"",活動計画書!E116,"") -> 34 生物多様性保全計画の策定 | BZ12: =IF(活動計画書!K116="○","true","false") -> false | CA12: =IF(活動計画書!L116="○","true","false") -> false | CB12: =IF(活動計画書!M116="○","true","false") -> false | CC12: =IF(活動計画書!N116="○","true","false") -> false | CD12: =IF(活動計画書!O116="○","true","false") -> false | CE12: =IF(活動計画書!P116="○","true","false") -> false | CF12: =IF(活動計画書!Q116="○","true","false") -> false | CG12: =IF(活動計画書!R116="○","true","false") -> false | ... CK12: =IF(活動計画書!V116="○","true","false") -> false | CL12: =IF(活動計画書!K116<>"",活動計画書!K116,"") | CM12: =IF(活動計画書!K116<>"","true","false") -> false | CN12: =IF(NOT(CP12=""),"農村環境保全活動","") | CO12: =IF(NOT(CP12=""),"実践活動","") | CP12: =IF(COUNTIF(データ取込シート_活動計画書_整理用!$N$2:'データ取込シート_活動計画書_整理用'!$N12,"この線より上に行を挿入してください。")=0,データ取込シート_活動計画書_整理用!$N12,"") | CQ12: =IF(COUNTIF(データ取込シート_活動計画書_整理用!$N$2:'データ取込シート_活動計画書_整理用'!$N12,"この線より上に行を挿入してください。")=0,データ取込シート_活動計画書_整理用!$O12,"") | CR12: =IF(COUNTIF(データ取込シート_活動計画書_整理用!$N$2:'データ取込シート_活動計画書_整理用'!$N12,"この線より上に行を挿入してください。")=0,IF(データ取込シート_活動計画書_整理用!$P12="○","true","false"),"") | CS12: =IF(COUNTIF(データ取込シート_活動計画書_整理用!$N$2:'データ取込シート_活動計画書_整理用'!$N12,"この線より上に行を挿入してください。")=0,IF(データ取込シート_活動計画書_整理用!$Q12="○","true","false"),"") | CT12: =IF(COUNTIF(データ取込シート_活動計画書_整理用!$N$2:'データ取込シート_活動計画書_整理用'!$N12,"この線より上に行を挿入してください。")=0,IF(データ取込シート_活動計画書_整理用!$R12="○","true","false"),"") | CU12: =IF(COUNTIF(データ取込シート_活動計画書_整理用!$N$2:'データ取込シート_活動計画書_整理用'!$N12,"この線より上に行を挿入してください。")=0,IF(データ取込シート_活動計画書_整理用!$S12="○","true","false"),"") | CV12: =IF(COUNTIF(データ取込シート_活動計画書_整理用!$N$2:'データ取込シート_活動計画書_整理用'!$N12,"この線より上に行を挿入してください。")=0,IF(データ取込シート_活動計画書_整理用!$T12="○","true","false"),"") | CW12: =IF(COUNTIF(データ取込シート_活動計画書_整理用!$N$2:'データ取込シート_活動計画書_整理用'!$N12,"この線より上に行を挿入してください。")=0,IF(データ取込シート_活動計画書_整理用!$U12="○","true","false"),"") | CX12: =IF(COUNTIF(データ取込シート_活動計画書_整理用!$N$2:'データ取込シート_活動計画書_整理用'!$N12,"この線より上に行を挿入してください。")=0,IF(データ取込シート_活動計画書_整理用!$V12="○","true","false"),"") | CY12: =IF(COUNTIF(データ取込シート_活動計画書_整理用!$N$2:'データ取込シート_活動計画書_整理用'!$N12,"この線より上に行を挿入してください。")=0,IF(データ取込シート_活動計画書_整理用!$W12="○","true","false"),"") | CZ12: =IF(COUNTIF(データ取込シート_活動計画書_整理用!$N$2:'データ取込シート_活動計画書_整理用'!$N12,"この線より上に行を挿入してください。")=0,IF(データ取込シート_活動計画書_整理用!$X12="○","true","false"),"") | DA12: =IF(COUNTIF(データ取込シート_活動計画書_整理用!$N$2:'データ取込シート_活動計画書_整理用'!$N12,"この線より上に行を挿入してください。")=0,IF(データ取込シート_活動計画書_整理用!$Y12="○","true","false"),"") | DB12: =IF(COUNTIF(データ取込シート_活動計画書_整理用!$N$2:'データ取込シート_活動計画書_整理用'!$N12,"この線より上に行を挿入してください。")=0,IF(データ取込シート_活動計画書_整理用!$Z12="○","true","false"),"") | DC12: =IF(COUNTIF(データ取込シート_活動計画書_整理用!$N$2:'データ取込シート_活動計画書_整理用'!$N12,"この線より上に行を挿入してください。")=0,IF(データ取込シート_活動計画書_整理用!$AA12="○","true","false"),"") | DW12: =IF(COUNTIF(データ取込シート_活動計画書_整理用!$AD$2:'データ取込シート_活動計画書_整理用'!$AD12,"この線より上に行を挿入してください。")=0,データ取込シート_活動計画書_整理用!$AC12,"") | DX12: =IF(COUNTIF(データ取込シート_活動計画書_整理用!$AD$2:'データ取込シート_活動計画書_整理用'!$AD12,"この線より上に行を挿入してください。")=0,データ取込シート_活動計画書_整理用!$AD12,"") | DY12: =IF(COUNTIF(データ取込シート_活動計画書_整理用!$AD$2:'データ取込シート_活動計画書_整理用'!$AD12,"この線より上に行を挿入してください。")=0,データ取込シート_活動計画書_整理用!$AE12,"") | DZ12: =IF(COUNTIF(データ取込シート_活動計画書_整理用!$AD$2:'データ取込シート_活動計画書_整理用'!$AD12,"この線より上に行を挿入してください。")=0,データ取込シート_活動計画書_整理用!$AF12,"") | EA12: =IF(COUNTIF(データ取込シート_活動計画書_整理用!$AD$2:'データ取込シート_活動計画書_整理用'!$AD12,"この線より上に行を挿入してください。")=0,データ取込シート_活動計画書_整理用!$AG12,"") | EB12: =IF(COUNTIF(データ取込シート_活動計画書_整理用!$AD$2:'データ取込シート_活動計画書_整理用'!$AD12,"この線より上に行を挿入してください。")=0,データ取込シート_活動計画書_整理用!$AH12,"") | EC12: =IF(COUNTIF(データ取込シート_活動計画書_整理用!$AD$2:'データ取込シート_活動計画書_整理用'!$AD12,"この線より上に行を挿入してください。")=0,IF(データ取込シート_活動計画書_整理用!$AI12="○","true","false"),"") | ED12: =IF(COUNTIF(データ取込シート_活動計画書_整理用!$AD$2:'データ取込シート_活動計画書_整理用'!$AD12,"この線より上に行を挿入してください。")=0,IF(データ取込シート_活動計画書_整理用!$AJ12="○","true","false"),"") | EE12: =IF(COUNTIF(データ取込シート_活動計画書_整理用!$AD$2:'データ取込シート_活動計画書_整理用'!$AD12,"この線より上に行を挿入してください。")=0,IF(データ取込シート_活動計画書_整理用!$AK12="○","true","false"),"") | EF12: =IF(COUNTIF(データ取込シート_活動計画書_整理用!$AD$2:'データ取込シート_活動計画書_整理用'!$AD12,"この線より上に行を挿入してください。")=0,IF(データ取込シート_活動計画書_整理用!$AL12="○","true","false"),"") | EG12: =IF(COUNTIF(データ取込シート_活動計画書_整理用!$AD$2:'データ取込シート_活動計画書_整理用'!$AD12,"この線より上に行を挿入してください。")=0,IF(データ取込シート_活動計画書_整理用!$AM12="○","true","false"),"")
B13: =IF(COUNTIF(データ取込シート_活動計画書_整理用!$B$2:'データ取込シート_活動計画書_整理用'!$B13,"この線より上に行を挿入してください。")=0,データ取込シート_活動計画書_整理用!$B13,"") | C13: =IF(COUNTIF(データ取込シート_活動計画書_整理用!$B$2:'データ取込シート_活動計画書_整理用'!$B13,"この線より上に行を挿入してください。")=0,データ取込シート_活動計画書_整理用!$C13,"") | D13: =IF(COUNTIF(データ取込シート_活動計画書_整理用!$B$2:'データ取込シート_活動計画書_整理用'!$B13,"この線より上に行を挿入してください。")=0,データ取込シート_活動計画書_整理用!$D13,"") | F13: =IF(COUNTIF(データ取込シート_活動計画書_整理用!$F$2:'データ取込シート_活動計画書_整理用'!$F13,"この線より上に行を挿入してください。")=0,データ取込シート_活動計画書_整理用!$F13,"") | G13: =IF(COUNTIF(データ取込シート_活動計画書_整理用!$F$2:'データ取込シート_活動計画書_整理用'!$F13,"この線より上に行を挿入してください。")=0,データ取込シート_活動計画書_整理用!$G13,"") | H13: =IF(COUNTIF(データ取込シート_活動計画書_整理用!$F$2:'データ取込シート_活動計画書_整理用'!$F13,"この線より上に行を挿入してください。")=0,データ取込シート_活動計画書_整理用!$H13,"") | I13: =IF(COUNTIF(データ取込シート_活動計画書_整理用!$J$2:'データ取込シート_活動計画書_整理用'!$J13,"この線より上に行を挿入してください。")=0,データ取込シート_活動計画書_整理用!$J13,"") | J13: =IF(COUNTIF(データ取込シート_活動計画書_整理用!$J$2:'データ取込シート_活動計画書_整理用'!$J13,"この線より上に行を挿入してください。")=0,データ取込シート_活動計画書_整理用!$K13,"") | K13: =IF(COUNTIF(データ取込シート_活動計画書_整理用!$J$2:'データ取込シート_活動計画書_整理用'!$J13,"この線より上に行を挿入してください。")=0,データ取込シート_活動計画書_整理用!$L13,"") | AG13: 12 路面の維持 | AH13: =IF(活動計画書!K76="○","true","false") -> false | AI13: =IF(活動計画書!L76="○","true","false") -> false | AJ13: =IF(活動計画書!M76="○","true","false") -> false | AK13: =IF(活動計画書!N76="○","true","false") -> false | AL13: =IF(活動計画書!O76="○","true","false") -> false | AM13: =IF(活動計画書!P76="○","true","false") -> false | AN13: =IF(活動計画書!Q76="○","true","false") -> false | AO13: =IF(活動計画書!R76="○","true","false") -> false | ... AS13: =IF(活動計画書!V76="○","true","false") -> false | AT13: =IF(活動計画書!K76<>"",活動計画書!K76,"") | AU13: =IF(活動計画書!K76<>"","true","false") -> false | AV13: =IF(活動計画書!M76<>"",活動計画書!M76,"") | BY13: =IF(活動計画書!E117<>"",活動計画書!E117,"") -> 35 水質保全計画、農地保全計画の策定 | BZ13: =IF(活動計画書!K117="○","true","false") -> false | CA13: =IF(活動計画書!L117="○","true","false") -> false | CB13: =IF(活動計画書!M117="○","true","false") -> false | CC13: =IF(活動計画書!N117="○","true","false") -> false | CD13: =IF(活動計画書!O117="○","true","false") -> false | CE13: =IF(活動計画書!P117="○","true","false") -> false | CF13: =IF(活動計画書!Q117="○","true","false") -> false | CG13: =IF(活動計画書!R117="○","true","false") -> false | ... CK13: =IF(活動計画書!V117="○","true","false") -> false | CL13: =IF(活動計画書!K117<>"",活動計画書!K117,"") | CM13: =IF(活動計画書!K117<>"","true","false") -> false | CN13: =IF(NOT(CP13=""),"農村環境保全活動","") | CO13: =IF(NOT(CP13=""),"実践活動","") | CP13: =IF(COUNTIF(データ取込シート_活動計画書_整理用!$N$2:'データ取込シート_活動計画書_整理用'!$N13,"この線より上に行を挿入してください。")=0,データ取込シート_活動計画書_整理用!$N13,"") | CQ13: =IF(COUNTIF(データ取込シート_活動計画書_整理用!$N$2:'データ取込シート_活動計画書_整理用'!$N13,"この線より上に行を挿入してください。")=0,データ取込シート_活動計画書_整理用!$O13,"") | CR13: =IF(COUNTIF(データ取込シート_活動計画書_整理用!$N$2:'データ取込シート_活動計画書_整理用'!$N13,"この線より上に行を挿入してください。")=0,IF(データ取込シート_活動計画書_整理用!$P13="○","true","false"),"") | CS13: =IF(COUNTIF(データ取込シート_活動計画書_整理用!$N$2:'データ取込シート_活動計画書_整理用'!$N13,"この線より上に行を挿入してください。")=0,IF(データ取込シート_活動計画書_整理用!$Q13="○","true","false"),"") | CT13: =IF(COUNTIF(データ取込シート_活動計画書_整理用!$N$2:'データ取込シート_活動計画書_整理用'!$N13,"この線より上に行を挿入してください。")=0,IF(データ取込シート_活動計画書_整理用!$R13="○","true","false"),"") | CU13: =IF(COUNTIF(データ取込シート_活動計画書_整理用!$N$2:'データ取込シート_活動計画書_整理用'!$N13,"この線より上に行を挿入してください。")=0,IF(データ取込シート_活動計画書_整理用!$S13="○","true","false"),"") | CV13: =IF(COUNTIF(データ取込シート_活動計画書_整理用!$N$2:'データ取込シート_活動計画書_整理用'!$N13,"この線より上に行を挿入してください。")=0,IF(データ取込シート_活動計画書_整理用!$T13="○","true","false"),"") | CW13: =IF(COUNTIF(データ取込シート_活動計画書_整理用!$N$2:'データ取込シート_活動計画書_整理用'!$N13,"この線より上に行を挿入してください。")=0,IF(データ取込シート_活動計画書_整理用!$U13="○","true","false"),"") | CX13: =IF(COUNTIF(データ取込シート_活動計画書_整理用!$N$2:'データ取込シート_活動計画書_整理用'!$N13,"この線より上に行を挿入してください。")=0,IF(データ取込シート_活動計画書_整理用!$V13="○","true","false"),"") | CY13: =IF(COUNTIF(データ取込シート_活動計画書_整理用!$N$2:'データ取込シート_活動計画書_整理用'!$N13,"この線より上に行を挿入してください。")=0,IF(データ取込シート_活動計画書_整理用!$W13="○","true","false"),"") | CZ13: =IF(COUNTIF(データ取込シート_活動計画書_整理用!$N$2:'データ取込シート_活動計画書_整理用'!$N13,"この線より上に行を挿入してください。")=0,IF(データ取込シート_活動計画書_整理用!$X13="○","true","false"),"") | DA13: =IF(COUNTIF(データ取込シート_活動計画書_整理用!$N$2:'データ取込シート_活動計画書_整理用'!$N13,"この線より上に行を挿入してください。")=0,IF(データ取込シート_活動計画書_整理用!$Y13="○","true","false"),"") | DB13: =IF(COUNTIF(データ取込シート_活動計画書_整理用!$N$2:'データ取込シート_活動計画書_整理用'!$N13,"この線より上に行を挿入してください。")=0,IF(データ取込シート_活動計画書_整理用!$Z13="○","true","false"),"") | DC13: =IF(COUNTIF(データ取込シート_活動計画書_整理用!$N$2:'データ取込シート_活動計画書_整理用'!$N13,"この線より上に行を挿入してください。")=0,IF(データ取込シート_活動計画書_整理用!$AA13="○","true","false"),"") | DW13: =IF(COUNTIF(データ取込シート_活動計画書_整理用!$AD$2:'データ取込シート_活動計画書_整理用'!$AD13,"この線より上に行を挿入してください。")=0,データ取込シート_活動計画書_整理用!$AC13,"") | DX13: =IF(COUNTIF(データ取込シート_活動計画書_整理用!$AD$2:'データ取込シート_活動計画書_整理用'!$AD13,"この線より上に行を挿入してください。")=0,データ取込シート_活動計画書_整理用!$AD13,"") | DY13: =IF(COUNTIF(データ取込シート_活動計画書_整理用!$AD$2:'データ取込シート_活動計画書_整理用'!$AD13,"この線より上に行を挿入してください。")=0,データ取込シート_活動計画書_整理用!$AE13,"") | DZ13: =IF(COUNTIF(データ取込シート_活動計画書_整理用!$AD$2:'データ取込シート_活動計画書_整理用'!$AD13,"この線より上に行を挿入してください。")=0,データ取込シート_活動計画書_整理用!$AF13,"") | EA13: =IF(COUNTIF(データ取込シート_活動計画書_整理用!$AD$2:'データ取込シート_活動計画書_整理用'!$AD13,"この線より上に行を挿入してください。")=0,データ取込シート_活動計画書_整理用!$AG13,"") | EB13: =IF(COUNTIF(データ取込シート_活動計画書_整理用!$AD$2:'データ取込シート_活動計画書_整理用'!$AD13,"この線より上に行を挿入してください。")=0,データ取込シート_活動計画書_整理用!$AH13,"") | EC13: =IF(COUNTIF(データ取込シート_活動計画書_整理用!$AD$2:'データ取込シート_活動計画書_整理用'!$AD13,"この線より上に行を挿入してください。")=0,IF(データ取込シート_活動計画書_整理用!$AI13="○","true","false"),"") | ED13: =IF(COUNTIF(データ取込シート_活動計画書_整理用!$AD$2:'データ取込シート_活動計画書_整理用'!$AD13,"この線より上に行を挿入してください。")=0,IF(データ取込シート_活動計画書_整理用!$AJ13="○","true","false"),"") | EE13: =IF(COUNTIF(データ取込シート_活動計画書_整理用!$AD$2:'データ取込シート_活動計画書_整理用'!$AD13,"この線より上に行を挿入してください。")=0,IF(データ取込シート_活動計画書_整理用!$AK13="○","true","false"),"") | EF13: =IF(COUNTIF(データ取込シート_活動計画書_整理用!$AD$2:'データ取込シート_活動計画書_整理用'!$AD13,"この線より上に行を挿入してください。")=0,IF(データ取込シート_活動計画書_整理用!$AL13="○","true","false"),"") | EG13: =IF(COUNTIF(データ取込シート_活動計画書_整理用!$AD$2:'データ取込シート_活動計画書_整理用'!$AD13,"この線より上に行を挿入してください。")=0,IF(データ取込シート_活動計画書_整理用!$AM13="○","true","false"),"")
B14: =IF(COUNTIF(データ取込シート_活動計画書_整理用!$B$2:'データ取込シート_活動計画書_整理用'!$B14,"この線より上に行を挿入してください。")=0,データ取込シート_活動計画書_整理用!$B14,"") | C14: =IF(COUNTIF(データ取込シート_活動計画書_整理用!$B$2:'データ取込シート_活動計画書_整理用'!$B14,"この線より上に行を挿入してください。")=0,データ取込シート_活動計画書_整理用!$C14,"") | D14: =IF(COUNTIF(データ取込シート_活動計画書_整理用!$B$2:'データ取込シート_活動計画書_整理用'!$B14,"この線より上に行を挿入してください。")=0,データ取込シート_活動計画書_整理用!$D14,"") | F14: =IF(COUNTIF(データ取込シート_活動計画書_整理用!$F$2:'データ取込シート_活動計画書_整理用'!$F14,"この線より上に行を挿入してください。")=0,データ取込シート_活動計画書_整理用!$F14,"") | G14: =IF(COUNTIF(データ取込シート_活動計画書_整理用!$F$2:'データ取込シート_活動計画書_整理用'!$F14,"この線より上に行を挿入してください。")=0,データ取込シート_活動計画書_整理用!$G14,"") | H14: =IF(COUNTIF(データ取込シート_活動計画書_整理用!$F$2:'データ取込シート_活動計画書_整理用'!$F14,"この線より上に行を挿入してください。")=0,データ取込シート_活動計画書_整理用!$H14,"") | I14: =IF(COUNTIF(データ取込シート_活動計画書_整理用!$J$2:'データ取込シート_活動計画書_整理用'!$J14,"この線より上に行を挿入してください。")=0,データ取込シート_活動計画書_整理用!$J14,"") | J14: =IF(COUNTIF(データ取込シート_活動計画書_整理用!$J$2:'データ取込シート_活動計画書_整理用'!$J14,"この線より上に行を挿入してください。")=0,データ取込シート_活動計画書_整理用!$K14,"") | K14: =IF(COUNTIF(データ取込シート_活動計画書_整理用!$J$2:'データ取込シート_活動計画書_整理用'!$J14,"この線より上に行を挿入してください。")=0,データ取込シート_活動計画書_整理用!$L14,"") | AG14: 13 ため池の草刈り | AH14: =IF(活動計画書!K77="○","true","false") -> false | AI14: =IF(活動計画書!L77="○","true","false") -> false | AJ14: =IF(活動計画書!M77="○","true","false") -> false | AK14: =IF(活動計画書!N77="○","true","false") -> false | AL14: =IF(活動計画書!O77="○","true","false") -> false | AM14: =IF(活動計画書!P77="○","true","false") -> false | AN14: =IF(活動計画書!Q77="○","true","false") -> false | AO14: =IF(活動計画書!R77="○","true","false") -> false | ... AS14: =IF(活動計画書!V77="○","true","false") -> false | AT14: =IF(活動計画書!K77<>"",活動計画書!K77,"") | AU14: =IF(活動計画書!K77<>"","true","false") -> false | BY14: =IF(活動計画書!E118<>"",活動計画書!E118,"") -> 36 景観形成計画、生活環境保全計画の策定 | BZ14: =IF(活動計画書!K118="○","true","false") -> false | CA14: =IF(活動計画書!L118="○","true","false") -> false | CB14: =IF(活動計画書!M118="○","true","false") -> false | CC14: =IF(活動計画書!N118="○","true","false") -> false | CD14: =IF(活動計画書!O118="○","true","false") -> false | CE14: =IF(活動計画書!P118="○","true","false") -> false | CF14: =IF(活動計画書!Q118="○","true","false") -> false | CG14: =IF(活動計画書!R118="○","true","false") -> false | ... CK14: =IF(活動計画書!V118="○","true","false") -> false | CL14: =IF(活動計画書!K118<>"",活動計画書!K118,"") | CM14: =IF(活動計画書!K118<>"","true","false") -> false | CN14: =IF(NOT(CP14=""),"農村環境保全活動","") | CO14: =IF(NOT(CP14=""),"実践活動","") | CP14: =IF(COUNTIF(データ取込シート_活動計画書_整理用!$N$2:'データ取込シート_活動計画書_整理用'!$N14,"この線より上に行を挿入してください。")=0,データ取込シート_活動計画書_整理用!$N14,"") | CQ14: =IF(COUNTIF(データ取込シート_活動計画書_整理用!$N$2:'データ取込シート_活動計画書_整理用'!$N14,"この線より上に行を挿入してください。")=0,データ取込シート_活動計画書_整理用!$O14,"") | CR14: =IF(COUNTIF(データ取込シート_活動計画書_整理用!$N$2:'データ取込シート_活動計画書_整理用'!$N14,"この線より上に行を挿入してください。")=0,IF(データ取込シート_活動計画書_整理用!$P14="○","true","false"),"") | CS14: =IF(COUNTIF(データ取込シート_活動計画書_整理用!$N$2:'データ取込シート_活動計画書_整理用'!$N14,"この線より上に行を挿入してください。")=0,IF(データ取込シート_活動計画書_整理用!$Q14="○","true","false"),"") | CT14: =IF(COUNTIF(データ取込シート_活動計画書_整理用!$N$2:'データ取込シート_活動計画書_整理用'!$N14,"この線より上に行を挿入してください。")=0,IF(データ取込シート_活動計画書_整理用!$R14="○","true","false"),"") | CU14: =IF(COUNTIF(データ取込シート_活動計画書_整理用!$N$2:'データ取込シート_活動計画書_整理用'!$N14,"この線より上に行を挿入してください。")=0,IF(データ取込シート_活動計画書_整理用!$S14="○","true","false"),"") | CV14: =IF(COUNTIF(データ取込シート_活動計画書_整理用!$N$2:'データ取込シート_活動計画書_整理用'!$N14,"この線より上に行を挿入してください。")=0,IF(データ取込シート_活動計画書_整理用!$T14="○","true","false"),"") | CW14: =IF(COUNTIF(データ取込シート_活動計画書_整理用!$N$2:'データ取込シート_活動計画書_整理用'!$N14,"この線より上に行を挿入してください。")=0,IF(データ取込シート_活動計画書_整理用!$U14="○","true","false"),"") | CX14: =IF(COUNTIF(データ取込シート_活動計画書_整理用!$N$2:'データ取込シート_活動計画書_整理用'!$N14,"この線より上に行を挿入してください。")=0,IF(データ取込シート_活動計画書_整理用!$V14="○","true","false"),"") | CY14: =IF(COUNTIF(データ取込シート_活動計画書_整理用!$N$2:'データ取込シート_活動計画書_整理用'!$N14,"この線より上に行を挿入してください。")=0,IF(データ取込シート_活動計画書_整理用!$W14="○","true","false"),"") | CZ14: =IF(COUNTIF(データ取込シート_活動計画書_整理用!$N$2:'データ取込シート_活動計画書_整理用'!$N14,"この線より上に行を挿入してください。")=0,IF(データ取込シート_活動計画書_整理用!$X14="○","true","false"),"") | DA14: =IF(COUNTIF(データ取込シート_活動計画書_整理用!$N$2:'データ取込シート_活動計画書_整理用'!$N14,"この線より上に行を挿入してください。")=0,IF(データ取込シート_活動計画書_整理用!$Y14="○","true","false"),"") | DB14: =IF(COUNTIF(データ取込シート_活動計画書_整理用!$N$2:'データ取込シート_活動計画書_整理用'!$N14,"この線より上に行を挿入してください。")=0,IF(データ取込シート_活動計画書_整理用!$Z14="○","true","false"),"") | DC14: =IF(COUNTIF(データ取込シート_活動計画書_整理用!$N$2:'データ取込シート_活動計画書_整理用'!$N14,"この線より上に行を挿入してください。")=0,IF(データ取込シート_活動計画書_整理用!$AA14="○","true","false"),"") | DW14: =IF(COUNTIF(データ取込シート_活動計画書_整理用!$AD$2:'データ取込シート_活動計画書_整理用'!$AD14,"この線より上に行を挿入してください。")=0,データ取込シート_活動計画書_整理用!$AC14,"") | DX14: =IF(COUNTIF(データ取込シート_活動計画書_整理用!$AD$2:'データ取込シート_活動計画書_整理用'!$AD14,"この線より上に行を挿入してください。")=0,データ取込シート_活動計画書_整理用!$AD14,"") | DY14: =IF(COUNTIF(データ取込シート_活動計画書_整理用!$AD$2:'データ取込シート_活動計画書_整理用'!$AD14,"この線より上に行を挿入してください。")=0,データ取込シート_活動計画書_整理用!$AE14,"") | DZ14: =IF(COUNTIF(データ取込シート_活動計画書_整理用!$AD$2:'データ取込シート_活動計画書_整理用'!$AD14,"この線より上に行を挿入してください。")=0,データ取込シート_活動計画書_整理用!$AF14,"") | EA14: =IF(COUNTIF(データ取込シート_活動計画書_整理用!$AD$2:'データ取込シート_活動計画書_整理用'!$AD14,"この線より上に行を挿入してください。")=0,データ取込シート_活動計画書_整理用!$AG14,"") | EB14: =IF(COUNTIF(データ取込シート_活動計画書_整理用!$AD$2:'データ取込シート_活動計画書_整理用'!$AD14,"この線より上に行を挿入してください。")=0,データ取込シート_活動計画書_整理用!$AH14,"") | EC14: =IF(COUNTIF(データ取込シート_活動計画書_整理用!$AD$2:'データ取込シート_活動計画書_整理用'!$AD14,"この線より上に行を挿入してください。")=0,IF(データ取込シート_活動計画書_整理用!$AI14="○","true","false"),"") | ED14: =IF(COUNTIF(データ取込シート_活動計画書_整理用!$AD$2:'データ取込シート_活動計画書_整理用'!$AD14,"この線より上に行を挿入してください。")=0,IF(データ取込シート_活動計画書_整理用!$AJ14="○","true","false"),"") | EE14: =IF(COUNTIF(データ取込シート_活動計画書_整理用!$AD$2:'データ取込シート_活動計画書_整理用'!$AD14,"この線より上に行を挿入してください。")=0,IF(データ取込シート_活動計画書_整理用!$AK14="○","true","false"),"") | EF14: =IF(COUNTIF(データ取込シート_活動計画書_整理用!$AD$2:'データ取込シート_活動計画書_整理用'!$AD14,"この線より上に行を挿入してください。")=0,IF(データ取込シート_活動計画書_整理用!$AL14="○","true","false"),"") | EG14: =IF(COUNTIF(データ取込シート_活動計画書_整理用!$AD$2:'データ取込シート_活動計画書_整理用'!$AD14,"この線より上に行を挿入してください。")=0,IF(データ取込シート_活動計画書_整理用!$AM14="○","true","false"),"")
B15: =IF(COUNTIF(データ取込シート_活動計画書_整理用!$B$2:'データ取込シート_活動計画書_整理用'!$B15,"この線より上に行を挿入してください。")=0,データ取込シート_活動計画書_整理用!$B15,"") | C15: =IF(COUNTIF(データ取込シート_活動計画書_整理用!$B$2:'データ取込シート_活動計画書_整理用'!$B15,"この線より上に行を挿入してください。")=0,データ取込シート_活動計画書_整理用!$C15,"") | D15: =IF(COUNTIF(データ取込シート_活動計画書_整理用!$B$2:'データ取込シート_活動計画書_整理用'!$B15,"この線より上に行を挿入してください。")=0,データ取込シート_活動計画書_整理用!$D15,"") | F15: =IF(COUNTIF(データ取込シート_活動計画書_整理用!$F$2:'データ取込シート_活動計画書_整理用'!$F15,"この線より上に行を挿入してください。")=0,データ取込シート_活動計画書_整理用!$F15,"") | G15: =IF(COUNTIF(データ取込シート_活動計画書_整理用!$F$2:'データ取込シート_活動計画書_整理用'!$F15,"この線より上に行を挿入してください。")=0,データ取込シート_活動計画書_整理用!$G15,"") | H15: =IF(COUNTIF(データ取込シート_活動計画書_整理用!$F$2:'データ取込シート_活動計画書_整理用'!$F15,"この線より上に行を挿入してください。")=0,データ取込シート_活動計画書_整理用!$H15,"") | I15: =IF(COUNTIF(データ取込シート_活動計画書_整理用!$J$2:'データ取込シート_活動計画書_整理用'!$J15,"この線より上に行を挿入してください。")=0,データ取込シート_活動計画書_整理用!$J15,"") | J15: =IF(COUNTIF(データ取込シート_活動計画書_整理用!$J$2:'データ取込シート_活動計画書_整理用'!$J15,"この線より上に行を挿入してください。")=0,データ取込シート_活動計画書_整理用!$K15,"") | K15: =IF(COUNTIF(データ取込シート_活動計画書_整理用!$J$2:'データ取込シート_活動計画書_整理用'!$J15,"この線より上に行を挿入してください。")=0,データ取込シート_活動計画書_整理用!$L15,"") | AG15: 14 ため池の泥上げ | AH15: =IF(活動計画書!K78="○","true","false") -> false | AI15: =IF(活動計画書!L78="○","true","false") -> false | AJ15: =IF(活動計画書!M78="○","true","false") -> false | AK15: =IF(活動計画書!N78="○","true","false") -> false | AL15: =IF(活動計画書!O78="○","true","false") -> false | AM15: =IF(活動計画書!P78="○","true","false") -> false | AN15: =IF(活動計画書!Q78="○","true","false") -> false | AO15: =IF(活動計画書!R78="○","true","false") -> false | ... AS15: =IF(活動計画書!V78="○","true","false") -> false | AT15: =IF(活動計画書!K78<>"",活動計画書!K78,"") | AU15: =IF(活動計画書!K78<>"","true","false") -> false | AV15: =IF(活動計画書!M78<>"",活動計画書!M78,"") | BY15: =IF(活動計画書!E119<>"",活動計画書!E119,"") -> 37 水田貯留機能増進計画、地下水かん養活動計画の策定 | BZ15: =IF(活動計画書!K119="○","true","false") -> false | CA15: =IF(活動計画書!L119="○","true","false") -> false | CB15: =IF(活動計画書!M119="○","true","false") -> false | CC15: =IF(活動計画書!N119="○","true","false") -> false | CD15: =IF(活動計画書!O119="○","true","false") -> false | CE15: =IF(活動計画書!P119="○","true","false") -> false | CF15: =IF(活動計画書!Q119="○","true","false") -> false | CG15: =IF(活動計画書!R119="○","true","false") -> false | ... CK15: =IF(活動計画書!V119="○","true","false") -> false | CL15: =IF(活動計画書!K119<>"",活動計画書!K119,"") | CM15: =IF(活動計画書!K119<>"","true","false") -> false | CN15: =IF(NOT(CP15=""),"農村環境保全活動","") | CO15: =IF(NOT(CP15=""),"実践活動","") | CP15: =IF(COUNTIF(データ取込シート_活動計画書_整理用!$N$2:'データ取込シート_活動計画書_整理用'!$N15,"この線より上に行を挿入してください。")=0,データ取込シート_活動計画書_整理用!$N15,"") | CQ15: =IF(COUNTIF(データ取込シート_活動計画書_整理用!$N$2:'データ取込シート_活動計画書_整理用'!$N15,"この線より上に行を挿入してください。")=0,データ取込シート_活動計画書_整理用!$O15,"") | CR15: =IF(COUNTIF(データ取込シート_活動計画書_整理用!$N$2:'データ取込シート_活動計画書_整理用'!$N15,"この線より上に行を挿入してください。")=0,IF(データ取込シート_活動計画書_整理用!$P15="○","true","false"),"") | CS15: =IF(COUNTIF(データ取込シート_活動計画書_整理用!$N$2:'データ取込シート_活動計画書_整理用'!$N15,"この線より上に行を挿入してください。")=0,IF(データ取込シート_活動計画書_整理用!$Q15="○","true","false"),"") | CT15: =IF(COUNTIF(データ取込シート_活動計画書_整理用!$N$2:'データ取込シート_活動計画書_整理用'!$N15,"この線より上に行を挿入してください。")=0,IF(データ取込シート_活動計画書_整理用!$R15="○","true","false"),"") | CU15: =IF(COUNTIF(データ取込シート_活動計画書_整理用!$N$2:'データ取込シート_活動計画書_整理用'!$N15,"この線より上に行を挿入してください。")=0,IF(データ取込シート_活動計画書_整理用!$S15="○","true","false"),"") | CV15: =IF(COUNTIF(データ取込シート_活動計画書_整理用!$N$2:'データ取込シート_活動計画書_整理用'!$N15,"この線より上に行を挿入してください。")=0,IF(データ取込シート_活動計画書_整理用!$T15="○","true","false"),"") | CW15: =IF(COUNTIF(データ取込シート_活動計画書_整理用!$N$2:'データ取込シート_活動計画書_整理用'!$N15,"この線より上に行を挿入してください。")=0,IF(データ取込シート_活動計画書_整理用!$U15="○","true","false"),"") | CX15: =IF(COUNTIF(データ取込シート_活動計画書_整理用!$N$2:'データ取込シート_活動計画書_整理用'!$N15,"この線より上に行を挿入してください。")=0,IF(データ取込シート_活動計画書_整理用!$V15="○","true","false"),"") | CY15: =IF(COUNTIF(データ取込シート_活動計画書_整理用!$N$2:'データ取込シート_活動計画書_整理用'!$N15,"この線より上に行を挿入してください。")=0,IF(データ取込シート_活動計画書_整理用!$W15="○","true","false"),"") | CZ15: =IF(COUNTIF(データ取込シート_活動計画書_整理用!$N$2:'データ取込シート_活動計画書_整理用'!$N15,"この線より上に行を挿入してください。")=0,IF(データ取込シート_活動計画書_整理用!$X15="○","true","false"),"") | DA15: =IF(COUNTIF(データ取込シート_活動計画書_整理用!$N$2:'データ取込シート_活動計画書_整理用'!$N15,"この線より上に行を挿入してください。")=0,IF(データ取込シート_活動計画書_整理用!$Y15="○","true","false"),"") | DB15: =IF(COUNTIF(データ取込シート_活動計画書_整理用!$N$2:'データ取込シート_活動計画書_整理用'!$N15,"この線より上に行を挿入してください。")=0,IF(データ取込シート_活動計画書_整理用!$Z15="○","true","false"),"") | DC15: =IF(COUNTIF(データ取込シート_活動計画書_整理用!$N$2:'データ取込シート_活動計画書_整理用'!$N15,"この線より上に行を挿入してください。")=0,IF(データ取込シート_活動計画書_整理用!$AA15="○","true","false"),"") | DW15: =IF(COUNTIF(データ取込シート_活動計画書_整理用!$AD$2:'データ取込シート_活動計画書_整理用'!$AD15,"この線より上に行を挿入してください。")=0,データ取込シート_活動計画書_整理用!$AC15,"") | DX15: =IF(COUNTIF(データ取込シート_活動計画書_整理用!$AD$2:'データ取込シート_活動計画書_整理用'!$AD15,"この線より上に行を挿入してください。")=0,データ取込シート_活動計画書_整理用!$AD15,"") | DY15: =IF(COUNTIF(データ取込シート_活動計画書_整理用!$AD$2:'データ取込シート_活動計画書_整理用'!$AD15,"この線より上に行を挿入してください。")=0,データ取込シート_活動計画書_整理用!$AE15,"") | DZ15: =IF(COUNTIF(データ取込シート_活動計画書_整理用!$AD$2:'データ取込シート_活動計画書_整理用'!$AD15,"この線より上に行を挿入してください。")=0,データ取込シート_活動計画書_整理用!$AF15,"") | EA15: =IF(COUNTIF(データ取込シート_活動計画書_整理用!$AD$2:'データ取込シート_活動計画書_整理用'!$AD15,"この線より上に行を挿入してください。")=0,データ取込シート_活動計画書_整理用!$AG15,"") | EB15: =IF(COUNTIF(データ取込シート_活動計画書_整理用!$AD$2:'データ取込シート_活動計画書_整理用'!$AD15,"この線より上に行を挿入してください。")=0,データ取込シート_活動計画書_整理用!$AH15,"") | EC15: =IF(COUNTIF(データ取込シート_活動計画書_整理用!$AD$2:'データ取込シート_活動計画書_整理用'!$AD15,"この線より上に行を挿入してください。")=0,IF(データ取込シート_活動計画書_整理用!$AI15="○","true","false"),"") | ED15: =IF(COUNTIF(データ取込シート_活動計画書_整理用!$AD$2:'データ取込シート_活動計画書_整理用'!$AD15,"この線より上に行を挿入してください。")=0,IF(データ取込シート_活動計画書_整理用!$AJ15="○","true","false"),"") | EE15: =IF(COUNTIF(データ取込シート_活動計画書_整理用!$AD$2:'データ取込シート_活動計画書_整理用'!$AD15,"この線より上に行を挿入してください。")=0,IF(データ取込シート_活動計画書_整理用!$AK15="○","true","false"),"") | EF15: =IF(COUNTIF(データ取込シート_活動計画書_整理用!$AD$2:'データ取込シート_活動計画書_整理用'!$AD15,"この線より上に行を挿入してください。")=0,IF(データ取込シート_活動計画書_整理用!$AL15="○","true","false"),"") | EG15: =IF(COUNTIF(データ取込シート_活動計画書_整理用!$AD$2:'データ取込シート_活動計画書_整理用'!$AD15,"この線より上に行を挿入してください。")=0,IF(データ取込シート_活動計画書_整理用!$AM15="○","true","false"),"")
B16: =IF(COUNTIF(データ取込シート_活動計画書_整理用!$B$2:'データ取込シート_活動計画書_整理用'!$B16,"この線より上に行を挿入してください。")=0,データ取込シート_活動計画書_整理用!$B16,"") | C16: =IF(COUNTIF(データ取込シート_活動計画書_整理用!$B$2:'データ取込シート_活動計画書_整理用'!$B16,"この線より上に行を挿入してください。")=0,データ取込シート_活動計画書_整理用!$C16,"") | D16: =IF(COUNTIF(データ取込シート_活動計画書_整理用!$B$2:'データ取込シート_活動計画書_整理用'!$B16,"この線より上に行を挿入してください。")=0,データ取込シート_活動計画書_整理用!$D16,"") | F16: =IF(COUNTIF(データ取込シート_活動計画書_整理用!$F$2:'データ取込シート_活動計画書_整理用'!$F16,"この線より上に行を挿入してください。")=0,データ取込シート_活動計画書_整理用!$F16,"") | G16: =IF(COUNTIF(データ取込シート_活動計画書_整理用!$F$2:'データ取込シート_活動計画書_整理用'!$F16,"この線より上に行を挿入してください。")=0,データ取込シート_活動計画書_整理用!$G16,"") | H16: =IF(COUNTIF(データ取込シート_活動計画書_整理用!$F$2:'データ取込シート_活動計画書_整理用'!$F16,"この線より上に行を挿入してください。")=0,データ取込シート_活動計画書_整理用!$H16,"") | I16: =IF(COUNTIF(データ取込シート_活動計画書_整理用!$J$2:'データ取込シート_活動計画書_整理用'!$J16,"この線より上に行を挿入してください。")=0,データ取込シート_活動計画書_整理用!$J16,"") | J16: =IF(COUNTIF(データ取込シート_活動計画書_整理用!$J$2:'データ取込シート_活動計画書_整理用'!$J16,"この線より上に行を挿入してください。")=0,データ取込シート_活動計画書_整理用!$K16,"") | K16: =IF(COUNTIF(データ取込シート_活動計画書_整理用!$J$2:'データ取込シート_活動計画書_整理用'!$J16,"この線より上に行を挿入してください。")=0,データ取込シート_活動計画書_整理用!$L16,"") | AG16: 15 ため池附帯施設の保守管理 | AH16: =IF(活動計画書!K79="○","true","false") -> false | AI16: =IF(活動計画書!L79="○","true","false") -> false | AJ16: =IF(活動計画書!M79="○","true","false") -> false | AK16: =IF(活動計画書!N79="○","true","false") -> false | AL16: =IF(活動計画書!O79="○","true","false") -> false | AM16: =IF(活動計画書!P79="○","true","false") -> false | AN16: =IF(活動計画書!Q79="○","true","false") -> false | AO16: =IF(活動計画書!R79="○","true","false") -> false | ... AS16: =IF(活動計画書!V79="○","true","false") -> false | AT16: =IF(活動計画書!K79<>"",活動計画書!K79,"") | AU16: =IF(活動計画書!K79<>"","true","false") -> false | AV16: =IF(活動計画書!M79<>"",活動計画書!M79,"") | BY16: =IF(活動計画書!E120<>"",活動計画書!E120,"") -> 38 資源循環計画の策定 | BZ16: =IF(活動計画書!K120="○","true","false") -> false | CA16: =IF(活動計画書!L120="○","true","false") -> false | CB16: =IF(活動計画書!M120="○","true","false") -> false | CC16: =IF(活動計画書!N120="○","true","false") -> false | CD16: =IF(活動計画書!O120="○","true","false") -> false | CE16: =IF(活動計画書!P120="○","true","false") -> false | CF16: =IF(活動計画書!Q120="○","true","false") -> false | CG16: =IF(活動計画書!R120="○","true","false") -> false | ... CK16: =IF(活動計画書!V120="○","true","false") -> false | CL16: =IF(活動計画書!K120<>"",活動計画書!K120,"") | CM16: =IF(活動計画書!K120<>"","true","false") -> false | CN16: =IF(NOT(CP16=""),"農村環境保全活動","") | CO16: =IF(NOT(CP16=""),"実践活動","") | CP16: =IF(COUNTIF(データ取込シート_活動計画書_整理用!$N$2:'データ取込シート_活動計画書_整理用'!$N16,"この線より上に行を挿入してください。")=0,データ取込シート_活動計画書_整理用!$N16,"") | CQ16: =IF(COUNTIF(データ取込シート_活動計画書_整理用!$N$2:'データ取込シート_活動計画書_整理用'!$N16,"この線より上に行を挿入してください。")=0,データ取込シート_活動計画書_整理用!$O16,"") | CR16: =IF(COUNTIF(データ取込シート_活動計画書_整理用!$N$2:'データ取込シート_活動計画書_整理用'!$N16,"この線より上に行を挿入してください。")=0,IF(データ取込シート_活動計画書_整理用!$P16="○","true","false"),"") | CS16: =IF(COUNTIF(データ取込シート_活動計画書_整理用!$N$2:'データ取込シート_活動計画書_整理用'!$N16,"この線より上に行を挿入してください。")=0,IF(データ取込シート_活動計画書_整理用!$Q16="○","true","false"),"") | CT16: =IF(COUNTIF(データ取込シート_活動計画書_整理用!$N$2:'データ取込シート_活動計画書_整理用'!$N16,"この線より上に行を挿入してください。")=0,IF(データ取込シート_活動計画書_整理用!$R16="○","true","false"),"") | CU16: =IF(COUNTIF(データ取込シート_活動計画書_整理用!$N$2:'データ取込シート_活動計画書_整理用'!$N16,"この線より上に行を挿入してください。")=0,IF(データ取込シート_活動計画書_整理用!$S16="○","true","false"),"") | CV16: =IF(COUNTIF(データ取込シート_活動計画書_整理用!$N$2:'データ取込シート_活動計画書_整理用'!$N16,"この線より上に行を挿入してください。")=0,IF(データ取込シート_活動計画書_整理用!$T16="○","true","false"),"") | CW16: =IF(COUNTIF(データ取込シート_活動計画書_整理用!$N$2:'データ取込シート_活動計画書_整理用'!$N16,"この線より上に行を挿入してください。")=0,IF(データ取込シート_活動計画書_整理用!$U16="○","true","false"),"") | CX16: =IF(COUNTIF(データ取込シート_活動計画書_整理用!$N$2:'データ取込シート_活動計画書_整理用'!$N16,"この線より上に行を挿入してください。")=0,IF(データ取込シート_活動計画書_整理用!$V16="○","true","false"),"") | CY16: =IF(COUNTIF(データ取込シート_活動計画書_整理用!$N$2:'データ取込シート_活動計画書_整理用'!$N16,"この線より上に行を挿入してください。")=0,IF(データ取込シート_活動計画書_整理用!$W16="○","true","false"),"") | CZ16: =IF(COUNTIF(データ取込シート_活動計画書_整理用!$N$2:'データ取込シート_活動計画書_整理用'!$N16,"この線より上に行を挿入してください。")=0,IF(データ取込シート_活動計画書_整理用!$X16="○","true","false"),"") | DA16: =IF(COUNTIF(データ取込シート_活動計画書_整理用!$N$2:'データ取込シート_活動計画書_整理用'!$N16,"この線より上に行を挿入してください。")=0,IF(データ取込シート_活動計画書_整理用!$Y16="○","true","false"),"") | DB16: =IF(COUNTIF(データ取込シート_活動計画書_整理用!$N$2:'データ取込シート_活動計画書_整理用'!$N16,"この線より上に行を挿入してください。")=0,IF(データ取込シート_活動計画書_整理用!$Z16="○","true","false"),"") | DC16: =IF(COUNTIF(データ取込シート_活動計画書_整理用!$N$2:'データ取込シート_活動計画書_整理用'!$N16,"この線より上に行を挿入してください。")=0,IF(データ取込シート_活動計画書_整理用!$AA16="○","true","false"),"") | DW16: =IF(COUNTIF(データ取込シート_活動計画書_整理用!$AD$2:'データ取込シート_活動計画書_整理用'!$AD16,"この線より上に行を挿入してください。")=0,データ取込シート_活動計画書_整理用!$AC16,"") | DX16: =IF(COUNTIF(データ取込シート_活動計画書_整理用!$AD$2:'データ取込シート_活動計画書_整理用'!$AD16,"この線より上に行を挿入してください。")=0,データ取込シート_活動計画書_整理用!$AD16,"") | DY16: =IF(COUNTIF(データ取込シート_活動計画書_整理用!$AD$2:'データ取込シート_活動計画書_整理用'!$AD16,"この線より上に行を挿入してください。")=0,データ取込シート_活動計画書_整理用!$AE16,"") | DZ16: =IF(COUNTIF(データ取込シート_活動計画書_整理用!$AD$2:'データ取込シート_活動計画書_整理用'!$AD16,"この線より上に行を挿入してください。")=0,データ取込シート_活動計画書_整理用!$AF16,"") | EA16: =IF(COUNTIF(データ取込シート_活動計画書_整理用!$AD$2:'データ取込シート_活動計画書_整理用'!$AD16,"この線より上に行を挿入してください。")=0,データ取込シート_活動計画書_整理用!$AG16,"") | EB16: =IF(COUNTIF(データ取込シート_活動計画書_整理用!$AD$2:'データ取込シート_活動計画書_整理用'!$AD16,"この線より上に行を挿入してください。")=0,データ取込シート_活動計画書_整理用!$AH16,"") | EC16: =IF(COUNTIF(データ取込シート_活動計画書_整理用!$AD$2:'データ取込シート_活動計画書_整理用'!$AD16,"この線より上に行を挿入してください。")=0,IF(データ取込シート_活動計画書_整理用!$AI16="○","true","false"),"") | ED16: =IF(COUNTIF(データ取込シート_活動計画書_整理用!$AD$2:'データ取込シート_活動計画書_整理用'!$AD16,"この線より上に行を挿入してください。")=0,IF(データ取込シート_活動計画書_整理用!$AJ16="○","true","false"),"") | EE16: =IF(COUNTIF(データ取込シート_活動計画書_整理用!$AD$2:'データ取込シート_活動計画書_整理用'!$AD16,"この線より上に行を挿入してください。")=0,IF(データ取込シート_活動計画書_整理用!$AK16="○","true","false"),"") | EF16: =IF(COUNTIF(データ取込シート_活動計画書_整理用!$AD$2:'データ取込シート_活動計画書_整理用'!$AD16,"この線より上に行を挿入してください。")=0,IF(データ取込シート_活動計画書_整理用!$AL16="○","true","false"),"") | EG16: =IF(COUNTIF(データ取込シート_活動計画書_整理用!$AD$2:'データ取込シート_活動計画書_整理用'!$AD16,"この線より上に行を挿入してください。")=0,IF(データ取込シート_活動計画書_整理用!$AM16="○","true","false"),"")
B17: =IF(COUNTIF(データ取込シート_活動計画書_整理用!$B$2:'データ取込シート_活動計画書_整理用'!$B17,"この線より上に行を挿入してください。")=0,データ取込シート_活動計画書_整理用!$B17,"") | C17: =IF(COUNTIF(データ取込シート_活動計画書_整理用!$B$2:'データ取込シート_活動計画書_整理用'!$B17,"この線より上に行を挿入してください。")=0,データ取込シート_活動計画書_整理用!$C17,"") | D17: =IF(COUNTIF(データ取込シート_活動計画書_整理用!$B$2:'データ取込シート_活動計画書_整理用'!$B17,"この線より上に行を挿入してください。")=0,データ取込シート_活動計画書_整理用!$D17,"") | F17: =IF(COUNTIF(データ取込シート_活動計画書_整理用!$F$2:'データ取込シート_活動計画書_整理用'!$F17,"この線より上に行を挿入してください。")=0,データ取込シート_活動計画書_整理用!$F17,"") | G17: =IF(COUNTIF(データ取込シート_活動計画書_整理用!$F$2:'データ取込シート_活動計画書_整理用'!$F17,"この線より上に行を挿入してください。")=0,データ取込シート_活動計画書_整理用!$G17,"") | H17: =IF(COUNTIF(データ取込シート_活動計画書_整理用!$F$2:'データ取込シート_活動計画書_整理用'!$F17,"この線より上に行を挿入してください。")=0,データ取込シート_活動計画書_整理用!$H17,"") | I17: =IF(COUNTIF(データ取込シート_活動計画書_整理用!$J$2:'データ取込シート_活動計画書_整理用'!$J17,"この線より上に行を挿入してください。")=0,データ取込シート_活動計画書_整理用!$J17,"") | J17: =IF(COUNTIF(データ取込シート_活動計画書_整理用!$J$2:'データ取込シート_活動計画書_整理用'!$J17,"この線より上に行を挿入してください。")=0,データ取込シート_活動計画書_整理用!$K17,"") | K17: =IF(COUNTIF(データ取込シート_活動計画書_整理用!$J$2:'データ取込シート_活動計画書_整理用'!$J17,"この線より上に行を挿入してください。")=0,データ取込シート_活動計画書_整理用!$L17,"") | AG17: 16 異常気象時の対応 | AH17: =IF(活動計画書!K80="○","true","false") -> false | AI17: =IF(活動計画書!L80="○","true","false") -> false | AJ17: =IF(活動計画書!M80="○","true","false") -> false | AK17: =IF(活動計画書!N80="○","true","false") -> false | AL17: =IF(活動計画書!O80="○","true","false") -> false | AM17: =IF(活動計画書!P80="○","true","false") -> false | AN17: =IF(活動計画書!Q80="○","true","false") -> false | AO17: =IF(活動計画書!R80="○","true","false") -> false | ... AS17: =IF(活動計画書!V80="○","true","false") -> false | AT17: =IF(活動計画書!K80<>"",活動計画書!K80,"") | AU17: =IF(活動計画書!K80<>"","true","false") -> false | AV17: =IF(活動計画書!M80<>"",活動計画書!M80,"") | BY17: =IF(活動計画書!E132<>"",活動計画書!E132,"") -> 51 啓発・普及活動 | BZ17: =IF(活動計画書!K132="○","true","false") -> false | CA17: =IF(活動計画書!L132="○","true","false") -> false | CB17: =IF(活動計画書!M132="○","true","false") -> false | CC17: =IF(活動計画書!N132="○","true","false") -> false | CD17: =IF(活動計画書!O132="○","true","false") -> false | CE17: =IF(活動計画書!P132="○","true","false") -> false | CF17: =IF(活動計画書!Q132="○","true","false") -> false | CG17: =IF(活動計画書!R132="○","true","false") -> false | ... CK17: =IF(活動計画書!V132="○","true","false") -> false | CL17: =IF(活動計画書!K132<>"",活動計画書!K132,"") | CM17: =IF(活動計画書!K132<>"","true","false") -> false | CN17: =IF(NOT(CP17=""),"農村環境保全活動","") | CO17: =IF(NOT(CP17=""),"実践活動","") | CP17: =IF(COUNTIF(データ取込シート_活動計画書_整理用!$N$2:'データ取込シート_活動計画書_整理用'!$N17,"この線より上に行を挿入してください。")=0,データ取込シート_活動計画書_整理用!$N17,"") | CQ17: =IF(COUNTIF(データ取込シート_活動計画書_整理用!$N$2:'データ取込シート_活動計画書_整理用'!$N17,"この線より上に行を挿入してください。")=0,データ取込シート_活動計画書_整理用!$O17,"") | CR17: =IF(COUNTIF(データ取込シート_活動計画書_整理用!$N$2:'データ取込シート_活動計画書_整理用'!$N17,"この線より上に行を挿入してください。")=0,IF(データ取込シート_活動計画書_整理用!$P17="○","true","false"),"") | CS17: =IF(COUNTIF(データ取込シート_活動計画書_整理用!$N$2:'データ取込シート_活動計画書_整理用'!$N17,"この線より上に行を挿入してください。")=0,IF(データ取込シート_活動計画書_整理用!$Q17="○","true","false"),"") | CT17: =IF(COUNTIF(データ取込シート_活動計画書_整理用!$N$2:'データ取込シート_活動計画書_整理用'!$N17,"この線より上に行を挿入してください。")=0,IF(データ取込シート_活動計画書_整理用!$R17="○","true","false"),"") | CU17: =IF(COUNTIF(データ取込シート_活動計画書_整理用!$N$2:'データ取込シート_活動計画書_整理用'!$N17,"この線より上に行を挿入してください。")=0,IF(データ取込シート_活動計画書_整理用!$S17="○","true","false"),"") | CV17: =IF(COUNTIF(データ取込シート_活動計画書_整理用!$N$2:'データ取込シート_活動計画書_整理用'!$N17,"この線より上に行を挿入してください。")=0,IF(データ取込シート_活動計画書_整理用!$T17="○","true","false"),"") | CW17: =IF(COUNTIF(データ取込シート_活動計画書_整理用!$N$2:'データ取込シート_活動計画書_整理用'!$N17,"この線より上に行を挿入してください。")=0,IF(データ取込シート_活動計画書_整理用!$U17="○","true","false"),"") | CX17: =IF(COUNTIF(データ取込シート_活動計画書_整理用!$N$2:'データ取込シート_活動計画書_整理用'!$N17,"この線より上に行を挿入してください。")=0,IF(データ取込シート_活動計画書_整理用!$V17="○","true","false"),"") | CY17: =IF(COUNTIF(データ取込シート_活動計画書_整理用!$N$2:'データ取込シート_活動計画書_整理用'!$N17,"この線より上に行を挿入してください。")=0,IF(データ取込シート_活動計画書_整理用!$W17="○","true","false"),"") | CZ17: =IF(COUNTIF(データ取込シート_活動計画書_整理用!$N$2:'データ取込シート_活動計画書_整理用'!$N17,"この線より上に行を挿入してください。")=0,IF(データ取込シート_活動計画書_整理用!$X17="○","true","false"),"") | DA17: =IF(COUNTIF(データ取込シート_活動計画書_整理用!$N$2:'データ取込シート_活動計画書_整理用'!$N17,"この線より上に行を挿入してください。")=0,IF(データ取込シート_活動計画書_整理用!$Y17="○","true","false"),"") | DB17: =IF(COUNTIF(データ取込シート_活動計画書_整理用!$N$2:'データ取込シート_活動計画書_整理用'!$N17,"この線より上に行を挿入してください。")=0,IF(データ取込シート_活動計画書_整理用!$Z17="○","true","false"),"") | DC17: =IF(COUNTIF(データ取込シート_活動計画書_整理用!$N$2:'データ取込シート_活動計画書_整理用'!$N17,"この線より上に行を挿入してください。")=0,IF(データ取込シート_活動計画書_整理用!$AA17="○","true","false"),"") | DW17: =IF(COUNTIF(データ取込シート_活動計画書_整理用!$AD$2:'データ取込シート_活動計画書_整理用'!$AD17,"この線より上に行を挿入してください。")=0,データ取込シート_活動計画書_整理用!$AC17,"") | DX17: =IF(COUNTIF(データ取込シート_活動計画書_整理用!$AD$2:'データ取込シート_活動計画書_整理用'!$AD17,"この線より上に行を挿入してください。")=0,データ取込シート_活動計画書_整理用!$AD17,"") | DY17: =IF(COUNTIF(データ取込シート_活動計画書_整理用!$AD$2:'データ取込シート_活動計画書_整理用'!$AD17,"この線より上に行を挿入してください。")=0,データ取込シート_活動計画書_整理用!$AE17,"") | DZ17: =IF(COUNTIF(データ取込シート_活動計画書_整理用!$AD$2:'データ取込シート_活動計画書_整理用'!$AD17,"この線より上に行を挿入してください。")=0,データ取込シート_活動計画書_整理用!$AF17,"") | EA17: =IF(COUNTIF(データ取込シート_活動計画書_整理用!$AD$2:'データ取込シート_活動計画書_整理用'!$AD17,"この線より上に行を挿入してください。")=0,データ取込シート_活動計画書_整理用!$AG17,"") | EB17: =IF(COUNTIF(データ取込シート_活動計画書_整理用!$AD$2:'データ取込シート_活動計画書_整理用'!$AD17,"この線より上に行を挿入してください。")=0,データ取込シート_活動計画書_整理用!$AH17,"") | EC17: =IF(COUNTIF(データ取込シート_活動計画書_整理用!$AD$2:'データ取込シート_活動計画書_整理用'!$AD17,"この線より上に行を挿入してください。")=0,IF(データ取込シート_活動計画書_整理用!$AI17="○","true","false"),"") | ED17: =IF(COUNTIF(データ取込シート_活動計画書_整理用!$AD$2:'データ取込シート_活動計画書_整理用'!$AD17,"この線より上に行を挿入してください。")=0,IF(データ取込シート_活動計画書_整理用!$AJ17="○","true","false"),"") | EE17: =IF(COUNTIF(データ取込シート_活動計画書_整理用!$AD$2:'データ取込シート_活動計画書_整理用'!$AD17,"この線より上に行を挿入してください。")=0,IF(データ取込シート_活動計画書_整理用!$AK17="○","true","false"),"") | EF17: =IF(COUNTIF(データ取込シート_活動計画書_整理用!$AD$2:'データ取込シート_活動計画書_整理用'!$AD17,"この線より上に行を挿入してください。")=0,IF(データ取込シート_活動計画書_整理用!$AL17="○","true","false"),"") | EG17: =IF(COUNTIF(データ取込シート_活動計画書_整理用!$AD$2:'データ取込シート_活動計画書_整理用'!$AD17,"この線より上に行を挿入してください。")=0,IF(データ取込シート_活動計画書_整理用!$AM17="○","true","false"),"")
B18: =IF(COUNTIF(データ取込シート_活動計画書_整理用!$B$2:'データ取込シート_活動計画書_整理用'!$B18,"この線より上に行を挿入してください。")=0,データ取込シート_活動計画書_整理用!$B18,"") | C18: =IF(COUNTIF(データ取込シート_活動計画書_整理用!$B$2:'データ取込シート_活動計画書_整理用'!$B18,"この線より上に行を挿入してください。")=0,データ取込シート_活動計画書_整理用!$C18,"") | D18: =IF(COUNTIF(データ取込シート_活動計画書_整理用!$B$2:'データ取込シート_活動計画書_整理用'!$B18,"この線より上に行を挿入してください。")=0,データ取込シート_活動計画書_整理用!$D18,"") | F18: =IF(COUNTIF(データ取込シート_活動計画書_整理用!$F$2:'データ取込シート_活動計画書_整理用'!$F18,"この線より上に行を挿入してください。")=0,データ取込シート_活動計画書_整理用!$F18,"") | G18: =IF(COUNTIF(データ取込シート_活動計画書_整理用!$F$2:'データ取込シート_活動計画書_整理用'!$F18,"この線より上に行を挿入してください。")=0,データ取込シート_活動計画書_整理用!$G18,"") | H18: =IF(COUNTIF(データ取込シート_活動計画書_整理用!$F$2:'データ取込シート_活動計画書_整理用'!$F18,"この線より上に行を挿入してください。")=0,データ取込シート_活動計画書_整理用!$H18,"") | I18: =IF(COUNTIF(データ取込シート_活動計画書_整理用!$J$2:'データ取込シート_活動計画書_整理用'!$J18,"この線より上に行を挿入してください。")=0,データ取込シート_活動計画書_整理用!$J18,"") | J18: =IF(COUNTIF(データ取込シート_活動計画書_整理用!$J$2:'データ取込シート_活動計画書_整理用'!$J18,"この線より上に行を挿入してください。")=0,データ取込シート_活動計画書_整理用!$K18,"") | K18: =IF(COUNTIF(データ取込シート_活動計画書_整理用!$J$2:'データ取込シート_活動計画書_整理用'!$J18,"この線より上に行を挿入してください。")=0,データ取込シート_活動計画書_整理用!$L18,"") | AG18: 17 | AH18: =IF(活動計画書!K81="○","true","false") -> false | AI18: =IF(活動計画書!L81="○","true","false") -> false | AJ18: =IF(活動計画書!M81="○","true","false") -> false | AK18: =IF(活動計画書!N81="○","true","false") -> false | AL18: =IF(活動計画書!O81="○","true","false") -> false | AM18: =IF(活動計画書!P81="○","true","false") -> false | AN18: =IF(活動計画書!Q81="○","true","false") -> false | AO18: =IF(活動計画書!R81="○","true","false") -> false | ... AS18: =IF(活動計画書!V81="○","true","false") -> false | AT18: =IF(活動計画書!K81<>"",活動計画書!K81,"") | AU18: =IF(活動計画書!K81<>"","true","false") -> false | CN18: =IF(NOT(CP18=""),"農村環境保全活動","") | CO18: =IF(NOT(CP18=""),"実践活動","") | CP18: =IF(COUNTIF(データ取込シート_活動計画書_整理用!$N$2:'データ取込シート_活動計画書_整理用'!$N18,"この線より上に行を挿入してください。")=0,データ取込シート_活動計画書_整理用!$N18,"") | CQ18: =IF(COUNTIF(データ取込シート_活動計画書_整理用!$N$2:'データ取込シート_活動計画書_整理用'!$N18,"この線より上に行を挿入してください。")=0,データ取込シート_活動計画書_整理用!$O18,"") | CR18: =IF(COUNTIF(データ取込シート_活動計画書_整理用!$N$2:'データ取込シート_活動計画書_整理用'!$N18,"この線より上に行を挿入してください。")=0,IF(データ取込シート_活動計画書_整理用!$P18="○","true","false"),"") | CS18: =IF(COUNTIF(データ取込シート_活動計画書_整理用!$N$2:'データ取込シート_活動計画書_整理用'!$N18,"この線より上に行を挿入してください。")=0,IF(データ取込シート_活動計画書_整理用!$Q18="○","true","false"),"") | CT18: =IF(COUNTIF(データ取込シート_活動計画書_整理用!$N$2:'データ取込シート_活動計画書_整理用'!$N18,"この線より上に行を挿入してください。")=0,IF(データ取込シート_活動計画書_整理用!$R18="○","true","false"),"") | CU18: =IF(COUNTIF(データ取込シート_活動計画書_整理用!$N$2:'データ取込シート_活動計画書_整理用'!$N18,"この線より上に行を挿入してください。")=0,IF(データ取込シート_活動計画書_整理用!$S18="○","true","false"),"") | CV18: =IF(COUNTIF(データ取込シート_活動計画書_整理用!$N$2:'データ取込シート_活動計画書_整理用'!$N18,"この線より上に行を挿入してください。")=0,IF(データ取込シート_活動計画書_整理用!$T18="○","true","false"),"") | CW18: =IF(COUNTIF(データ取込シート_活動計画書_整理用!$N$2:'データ取込シート_活動計画書_整理用'!$N18,"この線より上に行を挿入してください。")=0,IF(データ取込シート_活動計画書_整理用!$U18="○","true","false"),"") | CX18: =IF(COUNTIF(データ取込シート_活動計画書_整理用!$N$2:'データ取込シート_活動計画書_整理用'!$N18,"この線より上に行を挿入してください。")=0,IF(データ取込シート_活動計画書_整理用!$V18="○","true","false"),"") | CY18: =IF(COUNTIF(データ取込シート_活動計画書_整理用!$N$2:'データ取込シート_活動計画書_整理用'!$N18,"この線より上に行を挿入してください。")=0,IF(データ取込シート_活動計画書_整理用!$W18="○","true","false"),"") | CZ18: =IF(COUNTIF(データ取込シート_活動計画書_整理用!$N$2:'データ取込シート_活動計画書_整理用'!$N18,"この線より上に行を挿入してください。")=0,IF(データ取込シート_活動計画書_整理用!$X18="○","true","false"),"") | DA18: =IF(COUNTIF(データ取込シート_活動計画書_整理用!$N$2:'データ取込シート_活動計画書_整理用'!$N18,"この線より上に行を挿入してください。")=0,IF(データ取込シート_活動計画書_整理用!$Y18="○","true","false"),"") | DB18: =IF(COUNTIF(データ取込シート_活動計画書_整理用!$N$2:'データ取込シート_活動計画書_整理用'!$N18,"この線より上に行を挿入してください。")=0,IF(データ取込シート_活動計画書_整理用!$Z18="○","true","false"),"") | DC18: =IF(COUNTIF(データ取込シート_活動計画書_整理用!$N$2:'データ取込シート_活動計画書_整理用'!$N18,"この線より上に行を挿入してください。")=0,IF(データ取込シート_活動計画書_整理用!$AA18="○","true","false"),"") | DW18: =IF(COUNTIF(データ取込シート_活動計画書_整理用!$AD$2:'データ取込シート_活動計画書_整理用'!$AD18,"この線より上に行を挿入してください。")=0,データ取込シート_活動計画書_整理用!$AC18,"") | DX18: =IF(COUNTIF(データ取込シート_活動計画書_整理用!$AD$2:'データ取込シート_活動計画書_整理用'!$AD18,"この線より上に行を挿入してください。")=0,データ取込シート_活動計画書_整理用!$AD18,"") | DY18: =IF(COUNTIF(データ取込シート_活動計画書_整理用!$AD$2:'データ取込シート_活動計画書_整理用'!$AD18,"この線より上に行を挿入してください。")=0,データ取込シート_活動計画書_整理用!$AE18,"") | DZ18: =IF(COUNTIF(データ取込シート_活動計画書_整理用!$AD$2:'データ取込シート_活動計画書_整理用'!$AD18,"この線より上に行を挿入してください。")=0,データ取込シート_活動計画書_整理用!$AF18,"") | EA18: =IF(COUNTIF(データ取込シート_活動計画書_整理用!$AD$2:'データ取込シート_活動計画書_整理用'!$AD18,"この線より上に行を挿入してください。")=0,データ取込シート_活動計画書_整理用!$AG18,"") | EB18: =IF(COUNTIF(データ取込シート_活動計画書_整理用!$AD$2:'データ取込シート_活動計画書_整理用'!$AD18,"この線より上に行を挿入してください。")=0,データ取込シート_活動計画書_整理用!$AH18,"") | EC18: =IF(COUNTIF(データ取込シート_活動計画書_整理用!$AD$2:'データ取込シート_活動計画書_整理用'!$AD18,"この線より上に行を挿入してください。")=0,IF(データ取込シート_活動計画書_整理用!$AI18="○","true","false"),"") | ED18: =IF(COUNTIF(データ取込シート_活動計画書_整理用!$AD$2:'データ取込シート_活動計画書_整理用'!$AD18,"この線より上に行を挿入してください。")=0,IF(データ取込シート_活動計画書_整理用!$AJ18="○","true","false"),"") | EE18: =IF(COUNTIF(データ取込シート_活動計画書_整理用!$AD$2:'データ取込シート_活動計画書_整理用'!$AD18,"この線より上に行を挿入してください。")=0,IF(データ取込シート_活動計画書_整理用!$AK18="○","true","false"),"") | EF18: =IF(COUNTIF(データ取込シート_活動計画書_整理用!$AD$2:'データ取込シート_活動計画書_整理用'!$AD18,"この線より上に行を挿入してください。")=0,IF(データ取込シート_活動計画書_整理用!$AL18="○","true","false"),"") | EG18: =IF(COUNTIF(データ取込シート_活動計画書_整理用!$AD$2:'データ取込シート_活動計画書_整理用'!$AD18,"この線より上に行を挿入してください。")=0,IF(データ取込シート_活動計画書_整理用!$AM18="○","true","false"),"")
B19: =IF(COUNTIF(データ取込シート_活動計画書_整理用!$B$2:'データ取込シート_活動計画書_整理用'!$B19,"この線より上に行を挿入してください。")=0,データ取込シート_活動計画書_整理用!$B19,"") | C19: =IF(COUNTIF(データ取込シート_活動計画書_整理用!$B$2:'データ取込シート_活動計画書_整理用'!$B19,"この線より上に行を挿入してください。")=0,データ取込シート_活動計画書_整理用!$C19,"") | D19: =IF(COUNTIF(データ取込シート_活動計画書_整理用!$B$2:'データ取込シート_活動計画書_整理用'!$B19,"この線より上に行を挿入してください。")=0,データ取込シート_活動計画書_整理用!$D19,"") | F19: =IF(COUNTIF(データ取込シート_活動計画書_整理用!$F$2:'データ取込シート_活動計画書_整理用'!$F19,"この線より上に行を挿入してください。")=0,データ取込シート_活動計画書_整理用!$F19,"") | G19: =IF(COUNTIF(データ取込シート_活動計画書_整理用!$F$2:'データ取込シート_活動計画書_整理用'!$F19,"この線より上に行を挿入してください。")=0,データ取込シート_活動計画書_整理用!$G19,"") | H19: =IF(COUNTIF(データ取込シート_活動計画書_整理用!$F$2:'データ取込シート_活動計画書_整理用'!$F19,"この線より上に行を挿入してください。")=0,データ取込シート_活動計画書_整理用!$H19,"") | I19: =IF(COUNTIF(データ取込シート_活動計画書_整理用!$J$2:'データ取込シート_活動計画書_整理用'!$J19,"この線より上に行を挿入してください。")=0,データ取込シート_活動計画書_整理用!$J19,"") | J19: =IF(COUNTIF(データ取込シート_活動計画書_整理用!$J$2:'データ取込シート_活動計画書_整理用'!$J19,"この線より上に行を挿入してください。")=0,データ取込シート_活動計画書_整理用!$K19,"") | K19: =IF(COUNTIF(データ取込シート_活動計画書_整理用!$J$2:'データ取込シート_活動計画書_整理用'!$J19,"この線より上に行を挿入してください。")=0,データ取込シート_活動計画書_整理用!$L19,"") | CN19: =IF(NOT(CP19=""),"農村環境保全活動","") | CO19: =IF(NOT(CP19=""),"実践活動","") | CP19: =IF(COUNTIF(データ取込シート_活動計画書_整理用!$N$2:'データ取込シート_活動計画書_整理用'!$N19,"この線より上に行を挿入してください。")=0,データ取込シート_活動計画書_整理用!$N19,"") | CQ19: =IF(COUNTIF(データ取込シート_活動計画書_整理用!$N$2:'データ取込シート_活動計画書_整理用'!$N19,"この線より上に行を挿入してください。")=0,データ取込シート_活動計画書_整理用!$O19,"") | CR19: =IF(COUNTIF(データ取込シート_活動計画書_整理用!$N$2:'データ取込シート_活動計画書_整理用'!$N19,"この線より上に行を挿入してください。")=0,IF(データ取込シート_活動計画書_整理用!$P19="○","true","false"),"") | CS19: =IF(COUNTIF(データ取込シート_活動計画書_整理用!$N$2:'データ取込シート_活動計画書_整理用'!$N19,"この線より上に行を挿入してください。")=0,IF(データ取込シート_活動計画書_整理用!$Q19="○","true","false"),"") | CT19: =IF(COUNTIF(データ取込シート_活動計画書_整理用!$N$2:'データ取込シート_活動計画書_整理用'!$N19,"この線より上に行を挿入してください。")=0,IF(データ取込シート_活動計画書_整理用!$R19="○","true","false"),"") | CU19: =IF(COUNTIF(データ取込シート_活動計画書_整理用!$N$2:'データ取込シート_活動計画書_整理用'!$N19,"この線より上に行を挿入してください。")=0,IF(データ取込シート_活動計画書_整理用!$S19="○","true","false"),"") | CV19: =IF(COUNTIF(データ取込シート_活動計画書_整理用!$N$2:'データ取込シート_活動計画書_整理用'!$N19,"この線より上に行を挿入してください。")=0,IF(データ取込シート_活動計画書_整理用!$T19="○","true","false"),"") | CW19: =IF(COUNTIF(データ取込シート_活動計画書_整理用!$N$2:'データ取込シート_活動計画書_整理用'!$N19,"この線より上に行を挿入してください。")=0,IF(データ取込シート_活動計画書_整理用!$U19="○","true","false"),"") | CX19: =IF(COUNTIF(データ取込シート_活動計画書_整理用!$N$2:'データ取込シート_活動計画書_整理用'!$N19,"この線より上に行を挿入してください。")=0,IF(データ取込シート_活動計画書_整理用!$V19="○","true","false"),"") | CY19: =IF(COUNTIF(データ取込シート_活動計画書_整理用!$N$2:'データ取込シート_活動計画書_整理用'!$N19,"この線より上に行を挿入してください。")=0,IF(データ取込シート_活動計画書_整理用!$W19="○","true","false"),"") | CZ19: =IF(COUNTIF(データ取込シート_活動計画書_整理用!$N$2:'データ取込シート_活動計画書_整理用'!$N19,"この線より上に行を挿入してください。")=0,IF(データ取込シート_活動計画書_整理用!$X19="○","true","false"),"") | DA19: =IF(COUNTIF(データ取込シート_活動計画書_整理用!$N$2:'データ取込シート_活動計画書_整理用'!$N19,"この線より上に行を挿入してください。")=0,IF(データ取込シート_活動計画書_整理用!$Y19="○","true","false"),"") | DB19: =IF(COUNTIF(データ取込シート_活動計画書_整理用!$N$2:'データ取込シート_活動計画書_整理用'!$N19,"この線より上に行を挿入してください。")=0,IF(データ取込シート_活動計画書_整理用!$Z19="○","true","false"),"") | DC19: =IF(COUNTIF(データ取込シート_活動計画書_整理用!$N$2:'データ取込シート_活動計画書_整理用'!$N19,"この線より上に行を挿入してください。")=0,IF(データ取込シート_活動計画書_整理用!$AA19="○","true","false"),"") | DW19: =IF(COUNTIF(データ取込シート_活動計画書_整理用!$AD$2:'データ取込シート_活動計画書_整理用'!$AD19,"この線より上に行を挿入してください。")=0,データ取込シート_活動計画書_整理用!$AC19,"") | DX19: =IF(COUNTIF(データ取込シート_活動計画書_整理用!$AD$2:'データ取込シート_活動計画書_整理用'!$AD19,"この線より上に行を挿入してください。")=0,データ取込シート_活動計画書_整理用!$AD19,"") | DY19: =IF(COUNTIF(データ取込シート_活動計画書_整理用!$AD$2:'データ取込シート_活動計画書_整理用'!$AD19,"この線より上に行を挿入してください。")=0,データ取込シート_活動計画書_整理用!$AE19,"") | DZ19: =IF(COUNTIF(データ取込シート_活動計画書_整理用!$AD$2:'データ取込シート_活動計画書_整理用'!$AD19,"この線より上に行を挿入してください。")=0,データ取込シート_活動計画書_整理用!$AF19,"") | EA19: =IF(COUNTIF(データ取込シート_活動計画書_整理用!$AD$2:'データ取込シート_活動計画書_整理用'!$AD19,"この線より上に行を挿入してください。")=0,データ取込シート_活動計画書_整理用!$AG19,"") | EB19: =IF(COUNTIF(データ取込シート_活動計画書_整理用!$AD$2:'データ取込シート_活動計画書_整理用'!$AD19,"この線より上に行を挿入してください。")=0,データ取込シート_活動計画書_整理用!$AH19,"") | EC19: =IF(COUNTIF(データ取込シート_活動計画書_整理用!$AD$2:'データ取込シート_活動計画書_整理用'!$AD19,"この線より上に行を挿入してください。")=0,IF(データ取込シート_活動計画書_整理用!$AI19="○","true","false"),"") | ED19: =IF(COUNTIF(データ取込シート_活動計画書_整理用!$AD$2:'データ取込シート_活動計画書_整理用'!$AD19,"この線より上に行を挿入してください。")=0,IF(データ取込シート_活動計画書_整理用!$AJ19="○","true","false"),"") | EE19: =IF(COUNTIF(データ取込シート_活動計画書_整理用!$AD$2:'データ取込シート_活動計画書_整理用'!$AD19,"この線より上に行を挿入してください。")=0,IF(データ取込シート_活動計画書_整理用!$AK19="○","true","false"),"") | EF19: =IF(COUNTIF(データ取込シート_活動計画書_整理用!$AD$2:'データ取込シート_活動計画書_整理用'!$AD19,"この線より上に行を挿入してください。")=0,IF(データ取込シート_活動計画書_整理用!$AL19="○","true","false"),"") | EG19: =IF(COUNTIF(データ取込シート_活動計画書_整理用!$AD$2:'データ取込シート_活動計画書_整理用'!$AD19,"この線より上に行を挿入してください。")=0,IF(データ取込シート_活動計画書_整理用!$AM19="○","true","false"),"")
B20: =IF(COUNTIF(データ取込シート_活動計画書_整理用!$B$2:'データ取込シート_活動計画書_整理用'!$B20,"この線より上に行を挿入してください。")=0,データ取込シート_活動計画書_整理用!$B20,"") | C20: =IF(COUNTIF(データ取込シート_活動計画書_整理用!$B$2:'データ取込シート_活動計画書_整理用'!$B20,"この線より上に行を挿入してください。")=0,データ取込シート_活動計画書_整理用!$C20,"") | D20: =IF(COUNTIF(データ取込シート_活動計画書_整理用!$B$2:'データ取込シート_活動計画書_整理用'!$B20,"この線より上に行を挿入してください。")=0,データ取込シート_活動計画書_整理用!$D20,"") | F20: =IF(COUNTIF(データ取込シート_活動計画書_整理用!$F$2:'データ取込シート_活動計画書_整理用'!$F20,"この線より上に行を挿入してください。")=0,データ取込シート_活動計画書_整理用!$F20,"") | G20: =IF(COUNTIF(データ取込シート_活動計画書_整理用!$F$2:'データ取込シート_活動計画書_整理用'!$F20,"この線より上に行を挿入してください。")=0,データ取込シート_活動計画書_整理用!$G20,"") | H20: =IF(COUNTIF(データ取込シート_活動計画書_整理用!$F$2:'データ取込シート_活動計画書_整理用'!$F20,"この線より上に行を挿入してください。")=0,データ取込シート_活動計画書_整理用!$H20,"") | I20: =IF(COUNTIF(データ取込シート_活動計画書_整理用!$J$2:'データ取込シート_活動計画書_整理用'!$J20,"この線より上に行を挿入してください。")=0,データ取込シート_活動計画書_整理用!$J20,"") | J20: =IF(COUNTIF(データ取込シート_活動計画書_整理用!$J$2:'データ取込シート_活動計画書_整理用'!$J20,"この線より上に行を挿入してください。")=0,データ取込シート_活動計画書_整理用!$K20,"") | K20: =IF(COUNTIF(データ取込シート_活動計画書_整理用!$J$2:'データ取込シート_活動計画書_整理用'!$J20,"この線より上に行を挿入してください。")=0,データ取込シート_活動計画書_整理用!$L20,"") | CN20: =IF(NOT(CP20=""),"農村環境保全活動","") | CO20: =IF(NOT(CP20=""),"実践活動","") | CP20: =IF(COUNTIF(データ取込シート_活動計画書_整理用!$N$2:'データ取込シート_活動計画書_整理用'!$N20,"この線より上に行を挿入してください。")=0,データ取込シート_活動計画書_整理用!$N20,"") | CQ20: =IF(COUNTIF(データ取込シート_活動計画書_整理用!$N$2:'データ取込シート_活動計画書_整理用'!$N20,"この線より上に行を挿入してください。")=0,データ取込シート_活動計画書_整理用!$O20,"") | CR20: =IF(COUNTIF(データ取込シート_活動計画書_整理用!$N$2:'データ取込シート_活動計画書_整理用'!$N20,"この線より上に行を挿入してください。")=0,IF(データ取込シート_活動計画書_整理用!$P20="○","true","false"),"") | CS20: =IF(COUNTIF(データ取込シート_活動計画書_整理用!$N$2:'データ取込シート_活動計画書_整理用'!$N20,"この線より上に行を挿入してください。")=0,IF(データ取込シート_活動計画書_整理用!$Q20="○","true","false"),"") | CT20: =IF(COUNTIF(データ取込シート_活動計画書_整理用!$N$2:'データ取込シート_活動計画書_整理用'!$N20,"この線より上に行を挿入してください。")=0,IF(データ取込シート_活動計画書_整理用!$R20="○","true","false"),"") | CU20: =IF(COUNTIF(データ取込シート_活動計画書_整理用!$N$2:'データ取込シート_活動計画書_整理用'!$N20,"この線より上に行を挿入してください。")=0,IF(データ取込シート_活動計画書_整理用!$S20="○","true","false"),"") | CV20: =IF(COUNTIF(データ取込シート_活動計画書_整理用!$N$2:'データ取込シート_活動計画書_整理用'!$N20,"この線より上に行を挿入してください。")=0,IF(データ取込シート_活動計画書_整理用!$T20="○","true","false"),"") | CW20: =IF(COUNTIF(データ取込シート_活動計画書_整理用!$N$2:'データ取込シート_活動計画書_整理用'!$N20,"この線より上に行を挿入してください。")=0,IF(データ取込シート_活動計画書_整理用!$U20="○","true","false"),"") | CX20: =IF(COUNTIF(データ取込シート_活動計画書_整理用!$N$2:'データ取込シート_活動計画書_整理用'!$N20,"この線より上に行を挿入してください。")=0,IF(データ取込シート_活動計画書_整理用!$V20="○","true","false"),"") | CY20: =IF(COUNTIF(データ取込シート_活動計画書_整理用!$N$2:'データ取込シート_活動計画書_整理用'!$N20,"この線より上に行を挿入してください。")=0,IF(データ取込シート_活動計画書_整理用!$W20="○","true","false"),"") | CZ20: =IF(COUNTIF(データ取込シート_活動計画書_整理用!$N$2:'データ取込シート_活動計画書_整理用'!$N20,"この線より上に行を挿入してください。")=0,IF(データ取込シート_活動計画書_整理用!$X20="○","true","false"),"") | DA20: =IF(COUNTIF(データ取込シート_活動計画書_整理用!$N$2:'データ取込シート_活動計画書_整理用'!$N20,"この線より上に行を挿入してください。")=0,IF(データ取込シート_活動計画書_整理用!$Y20="○","true","false"),"") | DB20: =IF(COUNTIF(データ取込シート_活動計画書_整理用!$N$2:'データ取込シート_活動計画書_整理用'!$N20,"この線より上に行を挿入してください。")=0,IF(データ取込シート_活動計画書_整理用!$Z20="○","true","false"),"") | DC20: =IF(COUNTIF(データ取込シート_活動計画書_整理用!$N$2:'データ取込シート_活動計画書_整理用'!$N20,"この線より上に行を挿入してください。")=0,IF(データ取込シート_活動計画書_整理用!$AA20="○","true","false"),"") | DW20: =IF(COUNTIF(データ取込シート_活動計画書_整理用!$AD$2:'データ取込シート_活動計画書_整理用'!$AD20,"この線より上に行を挿入してください。")=0,データ取込シート_活動計画書_整理用!$AC20,"") | DX20: =IF(COUNTIF(データ取込シート_活動計画書_整理用!$AD$2:'データ取込シート_活動計画書_整理用'!$AD20,"この線より上に行を挿入してください。")=0,データ取込シート_活動計画書_整理用!$AD20,"") | DY20: =IF(COUNTIF(データ取込シート_活動計画書_整理用!$AD$2:'データ取込シート_活動計画書_整理用'!$AD20,"この線より上に行を挿入してください。")=0,データ取込シート_活動計画書_整理用!$AE20,"") | DZ20: =IF(COUNTIF(データ取込シート_活動計画書_整理用!$AD$2:'データ取込シート_活動計画書_整理用'!$AD20,"この線より上に行を挿入してください。")=0,データ取込シート_活動計画書_整理用!$AF20,"") | EA20: =IF(COUNTIF(データ取込シート_活動計画書_整理用!$AD$2:'データ取込シート_活動計画書_整理用'!$AD20,"この線より上に行を挿入してください。")=0,データ取込シート_活動計画書_整理用!$AG20,"") | EB20: =IF(COUNTIF(データ取込シート_活動計画書_整理用!$AD$2:'データ取込シート_活動計画書_整理用'!$AD20,"この線より上に行を挿入してください。")=0,データ取込シート_活動計画書_整理用!$AH20,"") | EC20: =IF(COUNTIF(データ取込シート_活動計画書_整理用!$AD$2:'データ取込シート_活動計画書_整理用'!$AD20,"この線より上に行を挿入してください。")=0,IF(データ取込シート_活動計画書_整理用!$AI20="○","true","false"),"") | ED20: =IF(COUNTIF(データ取込シート_活動計画書_整理用!$AD$2:'データ取込シート_活動計画書_整理用'!$AD20,"この線より上に行を挿入してください。")=0,IF(データ取込シート_活動計画書_整理用!$AJ20="○","true","false"),"") | EE20: =IF(COUNTIF(データ取込シート_活動計画書_整理用!$AD$2:'データ取込シート_活動計画書_整理用'!$AD20,"この線より上に行を挿入してください。")=0,IF(データ取込シート_活動計画書_整理用!$AK20="○","true","false"),"") | EF20: =IF(COUNTIF(データ取込シート_活動計画書_整理用!$AD$2:'データ取込シート_活動計画書_整理用'!$AD20,"この線より上に行を挿入してください。")=0,IF(データ取込シート_活動計画書_整理用!$AL20="○","true","false"),"") | EG20: =IF(COUNTIF(データ取込シート_活動計画書_整理用!$AD$2:'データ取込シート_活動計画書_整理用'!$AD20,"この線より上に行を挿入してください。")=0,IF(データ取込シート_活動計画書_整理用!$AM20="○","true","false"),"")
B21: =IF(COUNTIF(データ取込シート_活動計画書_整理用!$B$2:'データ取込シート_活動計画書_整理用'!$B21,"この線より上に行を挿入してください。")=0,データ取込シート_活動計画書_整理用!$B21,"") | C21: =IF(COUNTIF(データ取込シート_活動計画書_整理用!$B$2:'データ取込シート_活動計画書_整理用'!$B21,"この線より上に行を挿入してください。")=0,データ取込シート_活動計画書_整理用!$C21,"") | D21: =IF(COUNTIF(データ取込シート_活動計画書_整理用!$B$2:'データ取込シート_活動計画書_整理用'!$B21,"この線より上に行を挿入してください。")=0,データ取込シート_活動計画書_整理用!$D21,"") | F21: =IF(COUNTIF(データ取込シート_活動計画書_整理用!$F$2:'データ取込シート_活動計画書_整理用'!$F21,"この線より上に行を挿入してください。")=0,データ取込シート_活動計画書_整理用!$F21,"") | G21: =IF(COUNTIF(データ取込シート_活動計画書_整理用!$F$2:'データ取込シート_活動計画書_整理用'!$F21,"この線より上に行を挿入してください。")=0,データ取込シート_活動計画書_整理用!$G21,"") | H21: =IF(COUNTIF(データ取込シート_活動計画書_整理用!$F$2:'データ取込シート_活動計画書_整理用'!$F21,"この線より上に行を挿入してください。")=0,データ取込シート_活動計画書_整理用!$H21,"") | I21: =IF(COUNTIF(データ取込シート_活動計画書_整理用!$J$2:'データ取込シート_活動計画書_整理用'!$J21,"この線より上に行を挿入してください。")=0,データ取込シート_活動計画書_整理用!$J21,"") | J21: =IF(COUNTIF(データ取込シート_活動計画書_整理用!$J$2:'データ取込シート_活動計画書_整理用'!$J21,"この線より上に行を挿入してください。")=0,データ取込シート_活動計画書_整理用!$K21,"") | K21: =IF(COUNTIF(データ取込シート_活動計画書_整理用!$J$2:'データ取込シート_活動計画書_整理用'!$J21,"この線より上に行を挿入してください。")=0,データ取込シート_活動計画書_整理用!$L21,"") | CN21: =IF(NOT(CP21=""),"農村環境保全活動","") | CO21: =IF(NOT(CP21=""),"実践活動","") | CP21: =IF(COUNTIF(データ取込シート_活動計画書_整理用!$N$2:'データ取込シート_活動計画書_整理用'!$N21,"この線より上に行を挿入してください。")=0,データ取込シート_活動計画書_整理用!$N21,"") | CQ21: =IF(COUNTIF(データ取込シート_活動計画書_整理用!$N$2:'データ取込シート_活動計画書_整理用'!$N21,"この線より上に行を挿入してください。")=0,データ取込シート_活動計画書_整理用!$O21,"") | CR21: =IF(COUNTIF(データ取込シート_活動計画書_整理用!$N$2:'データ取込シート_活動計画書_整理用'!$N21,"この線より上に行を挿入してください。")=0,IF(データ取込シート_活動計画書_整理用!$P21="○","true","false"),"") | CS21: =IF(COUNTIF(データ取込シート_活動計画書_整理用!$N$2:'データ取込シート_活動計画書_整理用'!$N21,"この線より上に行を挿入してください。")=0,IF(データ取込シート_活動計画書_整理用!$Q21="○","true","false"),"") | CT21: =IF(COUNTIF(データ取込シート_活動計画書_整理用!$N$2:'データ取込シート_活動計画書_整理用'!$N21,"この線より上に行を挿入してください。")=0,IF(データ取込シート_活動計画書_整理用!$R21="○","true","false"),"") | CU21: =IF(COUNTIF(データ取込シート_活動計画書_整理用!$N$2:'データ取込シート_活動計画書_整理用'!$N21,"この線より上に行を挿入してください。")=0,IF(データ取込シート_活動計画書_整理用!$S21="○","true","false"),"") | CV21: =IF(COUNTIF(データ取込シート_活動計画書_整理用!$N$2:'データ取込シート_活動計画書_整理用'!$N21,"この線より上に行を挿入してください。")=0,IF(データ取込シート_活動計画書_整理用!$T21="○","true","false"),"") | CW21: =IF(COUNTIF(データ取込シート_活動計画書_整理用!$N$2:'データ取込シート_活動計画書_整理用'!$N21,"この線より上に行を挿入してください。")=0,IF(データ取込シート_活動計画書_整理用!$U21="○","true","false"),"") | CX21: =IF(COUNTIF(データ取込シート_活動計画書_整理用!$N$2:'データ取込シート_活動計画書_整理用'!$N21,"この線より上に行を挿入してください。")=0,IF(データ取込シート_活動計画書_整理用!$V21="○","true","false"),"") | CY21: =IF(COUNTIF(データ取込シート_活動計画書_整理用!$N$2:'データ取込シート_活動計画書_整理用'!$N21,"この線より上に行を挿入してください。")=0,IF(データ取込シート_活動計画書_整理用!$W21="○","true","false"),"") | CZ21: =IF(COUNTIF(データ取込シート_活動計画書_整理用!$N$2:'データ取込シート_活動計画書_整理用'!$N21,"この線より上に行を挿入してください。")=0,IF(データ取込シート_活動計画書_整理用!$X21="○","true","false"),"") | DA21: =IF(COUNTIF(データ取込シート_活動計画書_整理用!$N$2:'データ取込シート_活動計画書_整理用'!$N21,"この線より上に行を挿入してください。")=0,IF(データ取込シート_活動計画書_整理用!$Y21="○","true","false"),"") | DB21: =IF(COUNTIF(データ取込シート_活動計画書_整理用!$N$2:'データ取込シート_活動計画書_整理用'!$N21,"この線より上に行を挿入してください。")=0,IF(データ取込シート_活動計画書_整理用!$Z21="○","true","false"),"") | DC21: =IF(COUNTIF(データ取込シート_活動計画書_整理用!$N$2:'データ取込シート_活動計画書_整理用'!$N21,"この線より上に行を挿入してください。")=0,IF(データ取込シート_活動計画書_整理用!$AA21="○","true","false"),"") | DW21: =IF(COUNTIF(データ取込シート_活動計画書_整理用!$AD$2:'データ取込シート_活動計画書_整理用'!$AD21,"この線より上に行を挿入してください。")=0,データ取込シート_活動計画書_整理用!$AC21,"") | DX21: =IF(COUNTIF(データ取込シート_活動計画書_整理用!$AD$2:'データ取込シート_活動計画書_整理用'!$AD21,"この線より上に行を挿入してください。")=0,データ取込シート_活動計画書_整理用!$AD21,"") | DY21: =IF(COUNTIF(データ取込シート_活動計画書_整理用!$AD$2:'データ取込シート_活動計画書_整理用'!$AD21,"この線より上に行を挿入してください。")=0,データ取込シート_活動計画書_整理用!$AE21,"") | DZ21: =IF(COUNTIF(データ取込シート_活動計画書_整理用!$AD$2:'データ取込シート_活動計画書_整理用'!$AD21,"この線より上に行を挿入してください。")=0,データ取込シート_活動計画書_整理用!$AF21,"") | EA21: =IF(COUNTIF(データ取込シート_活動計画書_整理用!$AD$2:'データ取込シート_活動計画書_整理用'!$AD21,"この線より上に行を挿入してください。")=0,データ取込シート_活動計画書_整理用!$AG21,"") | EB21: =IF(COUNTIF(データ取込シート_活動計画書_整理用!$AD$2:'データ取込シート_活動計画書_整理用'!$AD21,"この線より上に行を挿入してください。")=0,データ取込シート_活動計画書_整理用!$AH21,"") | EC21: =IF(COUNTIF(データ取込シート_活動計画書_整理用!$AD$2:'データ取込シート_活動計画書_整理用'!$AD21,"この線より上に行を挿入してください。")=0,IF(データ取込シート_活動計画書_整理用!$AI21="○","true","false"),"") | ED21: =IF(COUNTIF(データ取込シート_活動計画書_整理用!$AD$2:'データ取込シート_活動計画書_整理用'!$AD21,"この線より上に行を挿入してください。")=0,IF(データ取込シート_活動計画書_整理用!$AJ21="○","true","false"),"") | EE21: =IF(COUNTIF(データ取込シート_活動計画書_整理用!$AD$2:'データ取込シート_活動計画書_整理用'!$AD21,"この線より上に行を挿入してください。")=0,IF(データ取込シート_活動計画書_整理用!$AK21="○","true","false"),"") | EF21: =IF(COUNTIF(データ取込シート_活動計画書_整理用!$AD$2:'データ取込シート_活動計画書_整理用'!$AD21,"この線より上に行を挿入してください。")=0,IF(データ取込シート_活動計画書_整理用!$AL21="○","true","false"),"") | EG21: =IF(COUNTIF(データ取込シート_活動計画書_整理用!$AD$2:'データ取込シート_活動計画書_整理用'!$AD21,"この線より上に行を挿入してください。")=0,IF(データ取込シート_活動計画書_整理用!$AM21="○","true","false"),"")
B22: =IF(COUNTIF(データ取込シート_活動計画書_整理用!$B$2:'データ取込シート_活動計画書_整理用'!$B22,"この線より上に行を挿入してください。")=0,データ取込シート_活動計画書_整理用!$B22,"") | C22: =IF(COUNTIF(データ取込シート_活動計画書_整理用!$B$2:'データ取込シート_活動計画書_整理用'!$B22,"この線より上に行を挿入してください。")=0,データ取込シート_活動計画書_整理用!$C22,"") | D22: =IF(COUNTIF(データ取込シート_活動計画書_整理用!$B$2:'データ取込シート_活動計画書_整理用'!$B22,"この線より上に行を挿入してください。")=0,データ取込シート_活動計画書_整理用!$D22,"") | F22: =IF(COUNTIF(データ取込シート_活動計画書_整理用!$F$2:'データ取込シート_活動計画書_整理用'!$F22,"この線より上に行を挿入してください。")=0,データ取込シート_活動計画書_整理用!$F22,"") | G22: =IF(COUNTIF(データ取込シート_活動計画書_整理用!$F$2:'データ取込シート_活動計画書_整理用'!$F22,"この線より上に行を挿入してください。")=0,データ取込シート_活動計画書_整理用!$G22,"") | H22: =IF(COUNTIF(データ取込シート_活動計画書_整理用!$F$2:'データ取込シート_活動計画書_整理用'!$F22,"この線より上に行を挿入してください。")=0,データ取込シート_活動計画書_整理用!$H22,"") | I22: =IF(COUNTIF(データ取込シート_活動計画書_整理用!$J$2:'データ取込シート_活動計画書_整理用'!$J22,"この線より上に行を挿入してください。")=0,データ取込シート_活動計画書_整理用!$J22,"") | J22: =IF(COUNTIF(データ取込シート_活動計画書_整理用!$J$2:'データ取込シート_活動計画書_整理用'!$J22,"この線より上に行を挿入してください。")=0,データ取込シート_活動計画書_整理用!$K22,"") | K22: =IF(COUNTIF(データ取込シート_活動計画書_整理用!$J$2:'データ取込シート_活動計画書_整理用'!$J22,"この線より上に行を挿入してください。")=0,データ取込シート_活動計画書_整理用!$L22,"") | CN22: =IF(NOT(CP22=""),"農村環境保全活動","") | CO22: =IF(NOT(CP22=""),"実践活動","") | CP22: =IF(COUNTIF(データ取込シート_活動計画書_整理用!$N$2:'データ取込シート_活動計画書_整理用'!$N22,"この線より上に行を挿入してください。")=0,データ取込シート_活動計画書_整理用!$N22,"") | CQ22: =IF(COUNTIF(データ取込シート_活動計画書_整理用!$N$2:'データ取込シート_活動計画書_整理用'!$N22,"この線より上に行を挿入してください。")=0,データ取込シート_活動計画書_整理用!$O22,"") | CR22: =IF(COUNTIF(データ取込シート_活動計画書_整理用!$N$2:'データ取込シート_活動計画書_整理用'!$N22,"この線より上に行を挿入してください。")=0,IF(データ取込シート_活動計画書_整理用!$P22="○","true","false"),"") | CS22: =IF(COUNTIF(データ取込シート_活動計画書_整理用!$N$2:'データ取込シート_活動計画書_整理用'!$N22,"この線より上に行を挿入してください。")=0,IF(データ取込シート_活動計画書_整理用!$Q22="○","true","false"),"") | CT22: =IF(COUNTIF(データ取込シート_活動計画書_整理用!$N$2:'データ取込シート_活動計画書_整理用'!$N22,"この線より上に行を挿入してください。")=0,IF(データ取込シート_活動計画書_整理用!$R22="○","true","false"),"") | CU22: =IF(COUNTIF(データ取込シート_活動計画書_整理用!$N$2:'データ取込シート_活動計画書_整理用'!$N22,"この線より上に行を挿入してください。")=0,IF(データ取込シート_活動計画書_整理用!$S22="○","true","false"),"") | CV22: =IF(COUNTIF(データ取込シート_活動計画書_整理用!$N$2:'データ取込シート_活動計画書_整理用'!$N22,"この線より上に行を挿入してください。")=0,IF(データ取込シート_活動計画書_整理用!$T22="○","true","false"),"") | CW22: =IF(COUNTIF(データ取込シート_活動計画書_整理用!$N$2:'データ取込シート_活動計画書_整理用'!$N22,"この線より上に行を挿入してください。")=0,IF(データ取込シート_活動計画書_整理用!$U22="○","true","false"),"") | CX22: =IF(COUNTIF(データ取込シート_活動計画書_整理用!$N$2:'データ取込シート_活動計画書_整理用'!$N22,"この線より上に行を挿入してください。")=0,IF(データ取込シート_活動計画書_整理用!$V22="○","true","false"),"") | CY22: =IF(COUNTIF(データ取込シート_活動計画書_整理用!$N$2:'データ取込シート_活動計画書_整理用'!$N22,"この線より上に行を挿入してください。")=0,IF(データ取込シート_活動計画書_整理用!$W22="○","true","false"),"") | CZ22: =IF(COUNTIF(データ取込シート_活動計画書_整理用!$N$2:'データ取込シート_活動計画書_整理用'!$N22,"この線より上に行を挿入してください。")=0,IF(データ取込シート_活動計画書_整理用!$X22="○","true","false"),"") | DA22: =IF(COUNTIF(データ取込シート_活動計画書_整理用!$N$2:'データ取込シート_活動計画書_整理用'!$N22,"この線より上に行を挿入してください。")=0,IF(データ取込シート_活動計画書_整理用!$Y22="○","true","false"),"") | DB22: =IF(COUNTIF(データ取込シート_活動計画書_整理用!$N$2:'データ取込シート_活動計画書_整理用'!$N22,"この線より上に行を挿入してください。")=0,IF(データ取込シート_活動計画書_整理用!$Z22="○","true","false"),"") | DC22: =IF(COUNTIF(データ取込シート_活動計画書_整理用!$N$2:'データ取込シート_活動計画書_整理用'!$N22,"この線より上に行を挿入してください。")=0,IF(データ取込シート_活動計画書_整理用!$AA22="○","true","false"),"") | DW22: =IF(COUNTIF(データ取込シート_活動計画書_整理用!$AD$2:'データ取込シート_活動計画書_整理用'!$AD22,"この線より上に行を挿入してください。")=0,データ取込シート_活動計画書_整理用!$AC22,"") | DX22: =IF(COUNTIF(データ取込シート_活動計画書_整理用!$AD$2:'データ取込シート_活動計画書_整理用'!$AD22,"この線より上に行を挿入してください。")=0,データ取込シート_活動計画書_整理用!$AD22,"") | DY22: =IF(COUNTIF(データ取込シート_活動計画書_整理用!$AD$2:'データ取込シート_活動計画書_整理用'!$AD22,"この線より上に行を挿入してください。")=0,データ取込シート_活動計画書_整理用!$AE22,"") | DZ22: =IF(COUNTIF(データ取込シート_活動計画書_整理用!$AD$2:'データ取込シート_活動計画書_整理用'!$AD22,"この線より上に行を挿入してください。")=0,データ取込シート_活動計画書_整理用!$AF22,"") | EA22: =IF(COUNTIF(データ取込シート_活動計画書_整理用!$AD$2:'データ取込シート_活動計画書_整理用'!$AD22,"この線より上に行を挿入してください。")=0,データ取込シート_活動計画書_整理用!$AG22,"") | EB22: =IF(COUNTIF(データ取込シート_活動計画書_整理用!$AD$2:'データ取込シート_活動計画書_整理用'!$AD22,"この線より上に行を挿入してください。")=0,データ取込シート_活動計画書_整理用!$AH22,"") | EC22: =IF(COUNTIF(データ取込シート_活動計画書_整理用!$AD$2:'データ取込シート_活動計画書_整理用'!$AD22,"この線より上に行を挿入してください。")=0,IF(データ取込シート_活動計画書_整理用!$AI22="○","true","false"),"") | ED22: =IF(COUNTIF(データ取込シート_活動計画書_整理用!$AD$2:'データ取込シート_活動計画書_整理用'!$AD22,"この線より上に行を挿入してください。")=0,IF(データ取込シート_活動計画書_整理用!$AJ22="○","true","false"),"") | EE22: =IF(COUNTIF(データ取込シート_活動計画書_整理用!$AD$2:'データ取込シート_活動計画書_整理用'!$AD22,"この線より上に行を挿入してください。")=0,IF(データ取込シート_活動計画書_整理用!$AK22="○","true","false"),"") | EF22: =IF(COUNTIF(データ取込シート_活動計画書_整理用!$AD$2:'データ取込シート_活動計画書_整理用'!$AD22,"この線より上に行を挿入してください。")=0,IF(データ取込シート_活動計画書_整理用!$AL22="○","true","false"),"") | EG22: =IF(COUNTIF(データ取込シート_活動計画書_整理用!$AD$2:'データ取込シート_活動計画書_整理用'!$AD22,"この線より上に行を挿入してください。")=0,IF(データ取込シート_活動計画書_整理用!$AM22="○","true","false"),"")
B23: =IF(COUNTIF(データ取込シート_活動計画書_整理用!$B$2:'データ取込シート_活動計画書_整理用'!$B23,"この線より上に行を挿入してください。")=0,データ取込シート_活動計画書_整理用!$B23,"") | C23: =IF(COUNTIF(データ取込シート_活動計画書_整理用!$B$2:'データ取込シート_活動計画書_整理用'!$B23,"この線より上に行を挿入してください。")=0,データ取込シート_活動計画書_整理用!$C23,"") | D23: =IF(COUNTIF(データ取込シート_活動計画書_整理用!$B$2:'データ取込シート_活動計画書_整理用'!$B23,"この線より上に行を挿入してください。")=0,データ取込シート_活動計画書_整理用!$D23,"") | F23: =IF(COUNTIF(データ取込シート_活動計画書_整理用!$F$2:'データ取込シート_活動計画書_整理用'!$F23,"この線より上に行を挿入してください。")=0,データ取込シート_活動計画書_整理用!$F23,"") | G23: =IF(COUNTIF(データ取込シート_活動計画書_整理用!$F$2:'データ取込シート_活動計画書_整理用'!$F23,"この線より上に行を挿入してください。")=0,データ取込シート_活動計画書_整理用!$G23,"") | H23: =IF(COUNTIF(データ取込シート_活動計画書_整理用!$F$2:'データ取込シート_活動計画書_整理用'!$F23,"この線より上に行を挿入してください。")=0,データ取込シート_活動計画書_整理用!$H23,"") | I23: =IF(COUNTIF(データ取込シート_活動計画書_整理用!$J$2:'データ取込シート_活動計画書_整理用'!$J23,"この線より上に行を挿入してください。")=0,データ取込シート_活動計画書_整理用!$J23,"") | J23: =IF(COUNTIF(データ取込シート_活動計画書_整理用!$J$2:'データ取込シート_活動計画書_整理用'!$J23,"この線より上に行を挿入してください。")=0,データ取込シート_活動計画書_整理用!$K23,"") | K23: =IF(COUNTIF(データ取込シート_活動計画書_整理用!$J$2:'データ取込シート_活動計画書_整理用'!$J23,"この線より上に行を挿入してください。")=0,データ取込シート_活動計画書_整理用!$L23,"") | CN23: =IF(NOT(CP23=""),"農村環境保全活動","") | CO23: =IF(NOT(CP23=""),"実践活動","") | CP23: =IF(COUNTIF(データ取込シート_活動計画書_整理用!$N$2:'データ取込シート_活動計画書_整理用'!$N23,"この線より上に行を挿入してください。")=0,データ取込シート_活動計画書_整理用!$N23,"") | CQ23: =IF(COUNTIF(データ取込シート_活動計画書_整理用!$N$2:'データ取込シート_活動計画書_整理用'!$N23,"この線より上に行を挿入してください。")=0,データ取込シート_活動計画書_整理用!$O23,"") | CR23: =IF(COUNTIF(データ取込シート_活動計画書_整理用!$N$2:'データ取込シート_活動計画書_整理用'!$N23,"この線より上に行を挿入してください。")=0,IF(データ取込シート_活動計画書_整理用!$P23="○","true","false"),"") | CS23: =IF(COUNTIF(データ取込シート_活動計画書_整理用!$N$2:'データ取込シート_活動計画書_整理用'!$N23,"この線より上に行を挿入してください。")=0,IF(データ取込シート_活動計画書_整理用!$Q23="○","true","false"),"") | CT23: =IF(COUNTIF(データ取込シート_活動計画書_整理用!$N$2:'データ取込シート_活動計画書_整理用'!$N23,"この線より上に行を挿入してください。")=0,IF(データ取込シート_活動計画書_整理用!$R23="○","true","false"),"") | CU23: =IF(COUNTIF(データ取込シート_活動計画書_整理用!$N$2:'データ取込シート_活動計画書_整理用'!$N23,"この線より上に行を挿入してください。")=0,IF(データ取込シート_活動計画書_整理用!$S23="○","true","false"),"") | CV23: =IF(COUNTIF(データ取込シート_活動計画書_整理用!$N$2:'データ取込シート_活動計画書_整理用'!$N23,"この線より上に行を挿入してください。")=0,IF(データ取込シート_活動計画書_整理用!$T23="○","true","false"),"") | CW23: =IF(COUNTIF(データ取込シート_活動計画書_整理用!$N$2:'データ取込シート_活動計画書_整理用'!$N23,"この線より上に行を挿入してください。")=0,IF(データ取込シート_活動計画書_整理用!$U23="○","true","false"),"") | CX23: =IF(COUNTIF(データ取込シート_活動計画書_整理用!$N$2:'データ取込シート_活動計画書_整理用'!$N23,"この線より上に行を挿入してください。")=0,IF(データ取込シート_活動計画書_整理用!$V23="○","true","false"),"") | CY23: =IF(COUNTIF(データ取込シート_活動計画書_整理用!$N$2:'データ取込シート_活動計画書_整理用'!$N23,"この線より上に行を挿入してください。")=0,IF(データ取込シート_活動計画書_整理用!$W23="○","true","false"),"") | CZ23: =IF(COUNTIF(データ取込シート_活動計画書_整理用!$N$2:'データ取込シート_活動計画書_整理用'!$N23,"この線より上に行を挿入してください。")=0,IF(データ取込シート_活動計画書_整理用!$X23="○","true","false"),"") | DA23: =IF(COUNTIF(データ取込シート_活動計画書_整理用!$N$2:'データ取込シート_活動計画書_整理用'!$N23,"この線より上に行を挿入してください。")=0,IF(データ取込シート_活動計画書_整理用!$Y23="○","true","false"),"") | DB23: =IF(COUNTIF(データ取込シート_活動計画書_整理用!$N$2:'データ取込シート_活動計画書_整理用'!$N23,"この線より上に行を挿入してください。")=0,IF(データ取込シート_活動計画書_整理用!$Z23="○","true","false"),"") | DC23: =IF(COUNTIF(データ取込シート_活動計画書_整理用!$N$2:'データ取込シート_活動計画書_整理用'!$N23,"この線より上に行を挿入してください。")=0,IF(データ取込シート_活動計画書_整理用!$AA23="○","true","false"),"") | DW23: =IF(COUNTIF(データ取込シート_活動計画書_整理用!$AD$2:'データ取込シート_活動計画書_整理用'!$AD23,"この線より上に行を挿入してください。")=0,データ取込シート_活動計画書_整理用!$AC23,"") | DX23: =IF(COUNTIF(データ取込シート_活動計画書_整理用!$AD$2:'データ取込シート_活動計画書_整理用'!$AD23,"この線より上に行を挿入してください。")=0,データ取込シート_活動計画書_整理用!$AD23,"") | DY23: =IF(COUNTIF(データ取込シート_活動計画書_整理用!$AD$2:'データ取込シート_活動計画書_整理用'!$AD23,"この線より上に行を挿入してください。")=0,データ取込シート_活動計画書_整理用!$AE23,"") | DZ23: =IF(COUNTIF(データ取込シート_活動計画書_整理用!$AD$2:'データ取込シート_活動計画書_整理用'!$AD23,"この線より上に行を挿入してください。")=0,データ取込シート_活動計画書_整理用!$AF23,"") | EA23: =IF(COUNTIF(データ取込シート_活動計画書_整理用!$AD$2:'データ取込シート_活動計画書_整理用'!$AD23,"この線より上に行を挿入してください。")=0,データ取込シート_活動計画書_整理用!$AG23,"") | EB23: =IF(COUNTIF(データ取込シート_活動計画書_整理用!$AD$2:'データ取込シート_活動計画書_整理用'!$AD23,"この線より上に行を挿入してください。")=0,データ取込シート_活動計画書_整理用!$AH23,"") | EC23: =IF(COUNTIF(データ取込シート_活動計画書_整理用!$AD$2:'データ取込シート_活動計画書_整理用'!$AD23,"この線より上に行を挿入してください。")=0,IF(データ取込シート_活動計画書_整理用!$AI23="○","true","false"),"") | ED23: =IF(COUNTIF(データ取込シート_活動計画書_整理用!$AD$2:'データ取込シート_活動計画書_整理用'!$AD23,"この線より上に行を挿入してください。")=0,IF(データ取込シート_活動計画書_整理用!$AJ23="○","true","false"),"") | EE23: =IF(COUNTIF(データ取込シート_活動計画書_整理用!$AD$2:'データ取込シート_活動計画書_整理用'!$AD23,"この線より上に行を挿入してください。")=0,IF(データ取込シート_活動計画書_整理用!$AK23="○","true","false"),"") | EF23: =IF(COUNTIF(データ取込シート_活動計画書_整理用!$AD$2:'データ取込シート_活動計画書_整理用'!$AD23,"この線より上に行を挿入してください。")=0,IF(データ取込シート_活動計画書_整理用!$AL23="○","true","false"),"") | EG23: =IF(COUNTIF(データ取込シート_活動計画書_整理用!$AD$2:'データ取込シート_活動計画書_整理用'!$AD23,"この線より上に行を挿入してください。")=0,IF(データ取込シート_活動計画書_整理用!$AM23="○","true","false"),"")
B24: =IF(COUNTIF(データ取込シート_活動計画書_整理用!$B$2:'データ取込シート_活動計画書_整理用'!$B24,"この線より上に行を挿入してください。")=0,データ取込シート_活動計画書_整理用!$B24,"") | C24: =IF(COUNTIF(データ取込シート_活動計画書_整理用!$B$2:'データ取込シート_活動計画書_整理用'!$B24,"この線より上に行を挿入してください。")=0,データ取込シート_活動計画書_整理用!$C24,"") | D24: =IF(COUNTIF(データ取込シート_活動計画書_整理用!$B$2:'データ取込シート_活動計画書_整理用'!$B24,"この線より上に行を挿入してください。")=0,データ取込シート_活動計画書_整理用!$D24,"") | F24: =IF(COUNTIF(データ取込シート_活動計画書_整理用!$F$2:'データ取込シート_活動計画書_整理用'!$F24,"この線より上に行を挿入してください。")=0,データ取込シート_活動計画書_整理用!$F24,"") | G24: =IF(COUNTIF(データ取込シート_活動計画書_整理用!$F$2:'データ取込シート_活動計画書_整理用'!$F24,"この線より上に行を挿入してください。")=0,データ取込シート_活動計画書_整理用!$G24,"") | H24: =IF(COUNTIF(データ取込シート_活動計画書_整理用!$F$2:'データ取込シート_活動計画書_整理用'!$F24,"この線より上に行を挿入してください。")=0,データ取込シート_活動計画書_整理用!$H24,"") | I24: =IF(COUNTIF(データ取込シート_活動計画書_整理用!$J$2:'データ取込シート_活動計画書_整理用'!$J24,"この線より上に行を挿入してください。")=0,データ取込シート_活動計画書_整理用!$J24,"") | J24: =IF(COUNTIF(データ取込シート_活動計画書_整理用!$J$2:'データ取込シート_活動計画書_整理用'!$J24,"この線より上に行を挿入してください。")=0,データ取込シート_活動計画書_整理用!$K24,"") | K24: =IF(COUNTIF(データ取込シート_活動計画書_整理用!$J$2:'データ取込シート_活動計画書_整理用'!$J24,"この線より上に行を挿入してください。")=0,データ取込シート_活動計画書_整理用!$L24,"") | CN24: =IF(NOT(CP24=""),"農村環境保全活動","") | CO24: =IF(NOT(CP24=""),"実践活動","") | CP24: =IF(COUNTIF(データ取込シート_活動計画書_整理用!$N$2:'データ取込シート_活動計画書_整理用'!$N24,"この線より上に行を挿入してください。")=0,データ取込シート_活動計画書_整理用!$N24,"") | CQ24: =IF(COUNTIF(データ取込シート_活動計画書_整理用!$N$2:'データ取込シート_活動計画書_整理用'!$N24,"この線より上に行を挿入してください。")=0,データ取込シート_活動計画書_整理用!$O24,"") | CR24: =IF(COUNTIF(データ取込シート_活動計画書_整理用!$N$2:'データ取込シート_活動計画書_整理用'!$N24,"この線より上に行を挿入してください。")=0,IF(データ取込シート_活動計画書_整理用!$P24="○","true","false"),"") | CS24: =IF(COUNTIF(データ取込シート_活動計画書_整理用!$N$2:'データ取込シート_活動計画書_整理用'!$N24,"この線より上に行を挿入してください。")=0,IF(データ取込シート_活動計画書_整理用!$Q24="○","true","false"),"") | CT24: =IF(COUNTIF(データ取込シート_活動計画書_整理用!$N$2:'データ取込シート_活動計画書_整理用'!$N24,"この線より上に行を挿入してください。")=0,IF(データ取込シート_活動計画書_整理用!$R24="○","true","false"),"") | CU24: =IF(COUNTIF(データ取込シート_活動計画書_整理用!$N$2:'データ取込シート_活動計画書_整理用'!$N24,"この線より上に行を挿入してください。")=0,IF(データ取込シート_活動計画書_整理用!$S24="○","true","false"),"") | CV24: =IF(COUNTIF(データ取込シート_活動計画書_整理用!$N$2:'データ取込シート_活動計画書_整理用'!$N24,"この線より上に行を挿入してください。")=0,IF(データ取込シート_活動計画書_整理用!$T24="○","true","false"),"") | CW24: =IF(COUNTIF(データ取込シート_活動計画書_整理用!$N$2:'データ取込シート_活動計画書_整理用'!$N24,"この線より上に行を挿入してください。")=0,IF(データ取込シート_活動計画書_整理用!$U24="○","true","false"),"") | CX24: =IF(COUNTIF(データ取込シート_活動計画書_整理用!$N$2:'データ取込シート_活動計画書_整理用'!$N24,"この線より上に行を挿入してください。")=0,IF(データ取込シート_活動計画書_整理用!$V24="○","true","false"),"") | CY24: =IF(COUNTIF(データ取込シート_活動計画書_整理用!$N$2:'データ取込シート_活動計画書_整理用'!$N24,"この線より上に行を挿入してください。")=0,IF(データ取込シート_活動計画書_整理用!$W24="○","true","false"),"") | CZ24: =IF(COUNTIF(データ取込シート_活動計画書_整理用!$N$2:'データ取込シート_活動計画書_整理用'!$N24,"この線より上に行を挿入してください。")=0,IF(データ取込シート_活動計画書_整理用!$X24="○","true","false"),"") | DA24: =IF(COUNTIF(データ取込シート_活動計画書_整理用!$N$2:'データ取込シート_活動計画書_整理用'!$N24,"この線より上に行を挿入してください。")=0,IF(データ取込シート_活動計画書_整理用!$Y24="○","true","false"),"") | DB24: =IF(COUNTIF(データ取込シート_活動計画書_整理用!$N$2:'データ取込シート_活動計画書_整理用'!$N24,"この線より上に行を挿入してください。")=0,IF(データ取込シート_活動計画書_整理用!$Z24="○","true","false"),"") | DC24: =IF(COUNTIF(データ取込シート_活動計画書_整理用!$N$2:'データ取込シート_活動計画書_整理用'!$N24,"この線より上に行を挿入してください。")=0,IF(データ取込シート_活動計画書_整理用!$AA24="○","true","false"),"") | DW24: =IF(COUNTIF(データ取込シート_活動計画書_整理用!$AD$2:'データ取込シート_活動計画書_整理用'!$AD24,"この線より上に行を挿入してください。")=0,データ取込シート_活動計画書_整理用!$AC24,"") | DX24: =IF(COUNTIF(データ取込シート_活動計画書_整理用!$AD$2:'データ取込シート_活動計画書_整理用'!$AD24,"この線より上に行を挿入してください。")=0,データ取込シート_活動計画書_整理用!$AD24,"") | DY24: =IF(COUNTIF(データ取込シート_活動計画書_整理用!$AD$2:'データ取込シート_活動計画書_整理用'!$AD24,"この線より上に行を挿入してください。")=0,データ取込シート_活動計画書_整理用!$AE24,"") | DZ24: =IF(COUNTIF(データ取込シート_活動計画書_整理用!$AD$2:'データ取込シート_活動計画書_整理用'!$AD24,"この線より上に行を挿入してください。")=0,データ取込シート_活動計画書_整理用!$AF24,"") | EA24: =IF(COUNTIF(データ取込シート_活動計画書_整理用!$AD$2:'データ取込シート_活動計画書_整理用'!$AD24,"この線より上に行を挿入してください。")=0,データ取込シート_活動計画書_整理用!$AG24,"") | EB24: =IF(COUNTIF(データ取込シート_活動計画書_整理用!$AD$2:'データ取込シート_活動計画書_整理用'!$AD24,"この線より上に行を挿入してください。")=0,データ取込シート_活動計画書_整理用!$AH24,"") | EC24: =IF(COUNTIF(データ取込シート_活動計画書_整理用!$AD$2:'データ取込シート_活動計画書_整理用'!$AD24,"この線より上に行を挿入してください。")=0,IF(データ取込シート_活動計画書_整理用!$AI24="○","true","false"),"") | ED24: =IF(COUNTIF(データ取込シート_活動計画書_整理用!$AD$2:'データ取込シート_活動計画書_整理用'!$AD24,"この線より上に行を挿入してください。")=0,IF(データ取込シート_活動計画書_整理用!$AJ24="○","true","false"),"") | EE24: =IF(COUNTIF(データ取込シート_活動計画書_整理用!$AD$2:'データ取込シート_活動計画書_整理用'!$AD24,"この線より上に行を挿入してください。")=0,IF(データ取込シート_活動計画書_整理用!$AK24="○","true","false"),"") | EF24: =IF(COUNTIF(データ取込シート_活動計画書_整理用!$AD$2:'データ取込シート_活動計画書_整理用'!$AD24,"この線より上に行を挿入してください。")=0,IF(データ取込シート_活動計画書_整理用!$AL24="○","true","false"),"") | EG24: =IF(COUNTIF(データ取込シート_活動計画書_整理用!$AD$2:'データ取込シート_活動計画書_整理用'!$AD24,"この線より上に行を挿入してください。")=0,IF(データ取込シート_活動計画書_整理用!$AM24="○","true","false"),"")
